 Dungeon Crawl Stone Soup version 0.30-a0-168-g0b976cbdc4 (webtiles) character file.

Game seed: 10129363918709948047

819686 qw the Bringer of Light (level 27, -1/199 HPs)
             Began as a Gargoyle Fighter on Sept 29, 2022.
             Was the Champion of the Shining One.
             Killed from afar by Lom Lobon (59 damage)
             ... with a great icy blast
             ... in Pandemonium.
             The game lasted 00:47:28 (70572 turns).

qw the Bringer of Light (Gargoyle Fighter)         Turns: 70572, Time: 00:47:29

Health: -1/199     AC: 77    Str: 32    XL:     27
Magic:  2/32       EV: 11    Int:  7    God:    the Shining One [******]
Gold:   7029       SH: 31    Dex:  9    Spells: 26/26 levels left

rFire   + + .      SeeInvis .    m - +9 broad axe (holy)
rCold   + . .      Faith    .    f - +1 tower shield {AC+3}
rNeg    + + +      Spirit   .    x - +7 plate armour "Ojenlo" {Fly rC+ Will+ Regen+}
rPois   inf        Reflect  +    t - +2 helmet
rElec   +          Harm     .    g - +4 dragonskin cloak
rCorr   +          Rampage  .    A - +0 pair of gloves "Zown" {*Slow Regen+ rCorr}
Will    ++++.                    p - +2 pair of boots
Stlth   ..........               c - amulet of reflection
HPRegen 2.03/turn                v - ring of Quphas {rF+ AC+4}
MPRegen 0.23/turn                w - ring of Balance {rPois Will+ AC+4}

@: mighty, frozen, flying, hasted, glowing, very quick
A: sickness immunity, AC +20, big wings, negative energy resistance 1,
electricity resistance, torment resistance 1, petrification resistance, hooves
1, large bone plates 1, dopey 1, fire resistance 1, low MP 2, screaming 1, weak
1, MP-powered wands
}: 7/15 runes: barnacled, silver, golden, demonic, fiery, dark, gossamer
a: Renounce Religion, Divine Shield, Cleansing Flame, Summon Divine Warrior


You were in Pandemonium.
You worshipped the Shining One.
The Shining One was exalted by your worship.
You visited 11 branches of the dungeon, and saw 50 of its levels.
You visited Pandemonium 1 time, and saw 14 of its levels.
You also visited: Wizlab and Desolation.

You collected 14477 gold pieces.
You spent 7448 gold pieces at shops.


Innate Abilities, Weirdness & Mutations

You are immune to sickness and miasma.
Your stone body is resilient. (AC +20)
You are immune to poison.
Your large and strong wings let you fly.
You resist negative energy. (rN+)
You are resistant to electric shocks. (rElec)
You are resistant to unholy torment.
You are immune to petrification.
You have large cloven feet.
You are partially covered in large bone plates. (SH +4)
You are dopey. (Int -2)
Your flesh is heat resistant. (rF+)
Your magical capacity is very low. (-20% MP)
You occasionally shout uncontrollably at your foes.
You are weak. (Str -2)
You expend magic power (3 MP) to strengthen your wands.


   Skills:
 O Level 27 Fighting
 - Level 7.6 Short Blades
 - Level 18.0 Axes
 + Level 16.3 Throwing
 O Level 27 Armour
 - Level 9.0 Dodging
 - Level 23.1 Shields
 O Level 27 Invocations


You had 26 spell levels left.
You didn't know any spells.
Your spell library was empty.

Inventory:

Hand Weapons
 k - the +4 broad axe "Keshamugh" {speed, rC++ rN+++ Str+2}
   (Okawaru gifted it to you on level 4 of the Shoals)

   Attacks with this weapon are significantly faster.
   Str:       It affects your strength (+2).
   rC:        It greatly protects you from cold.
   rN:        It renders you almost immune to negative energy.
 m - a +9 broad axe of holy wrath (weapon)
Missiles
 u - 50 boomerangs
 I - 4 silver boomerangs
 J - 5 silver javelins (quivered)
Armour
 a - +0 acid dragon scales
 f - a +1 tower shield of protection (worn)
 g - the +4 dragonskin cloak (worn)
   (You took it off Tiamat on level 3 of the Realm of Zot)

   It grants the wearer a chance to resist fire, cold, poison, electricity,
   acid, and negative energy.
 p - a +2 pair of boots (worn)
 t - a +2 helmet (worn)
 x - the +7 plate armour "Ojenlo" (worn) {Fly rC+ Will+ Regen+}
   (You acquired it on level 1 of the Lair of Beasts)

   rC:        It protects you from cold.
   Fly:       It grants you flight.
   Regen:     It increases your rate of health regeneration.
   Will:      It increases your willpower.
 y - a +1 pair of gloves of strength
 A - the +0 pair of gloves "Zown" (worn) {*Slow Regen+ rCorr}
   (Okawaru gifted it to you on level 4 of the Lair of Beasts)

   Regen:     It increases your rate of health regeneration.
   rCorr:     It protects you from acid and corrosion.
   *Slow:     It may slow you when you take damage.
 E - the +3 ring mail of Responsibility {rCorr Slay+3}
   (You found it in Pandemonium)

   Slay:      It affects your accuracy & damage with ranged weapons and melee
   (+3).
   rCorr:     It protects you from acid and corrosion.
 G - the +15 Maxwell's patent armour {-Cast -Tele rElec Will+ rCorr}
   (Okawaru gifted it to you in a wizard's laboratory)

   rElec:     It insulates you from electricity.
   -Cast:     It prevents spellcasting.
   -Tele:     It prevents most forms of teleportation.
   rCorr:     It protects you from acid and corrosion.
   Will:      It increases your willpower.
Jewellery
 c - an amulet of reflection (around neck)
 v - the ring of Quphas (left hand) {rF+ AC+4}
   (You found it in the Desolation of Salt)

   [ring of protection]

   AC:        It affects your AC (+4).
   rF:        It protects you from fire.
 w - the ring of Balance (right hand) {rPois Will+ AC+4}
   (You found it on level 3 of the Depths)

   [ring of protection]

   AC:        It affects your AC (+4).
   rPois:     It protects you from poison.
   Will:      It increases your willpower.
 C - a ring of protection from cold
 D - the amulet "Zucvev" {Faith rC+ Will+ Stlth+}
   (You found it on level 5 of the Vaults)

   [amulet of faith]

   It allows you to gain divine favour quickly.
   rC:        It protects you from cold.
   Will:      It increases your willpower.
   Stlth:     It makes you more stealthy.
 F - a ring of protection from fire
 K - the ring of Bonikeek {rC++ rN+ MP+9 SInv}
   (You bought it in a shop on level 11 of the Dungeon)

   [ring of magical power]

   rC:        It greatly protects you from cold.
   rN:        It protects you from negative energy.
   MP:        It affects your magic capacity (+9).
   SInv:      It lets you see invisible.
 L - a ring of resist corrosion
Scrolls
 i - 19 scrolls of identify
 j - 10 scrolls of teleportation
 B - 3 scrolls of enchant armour
 H - 5 scrolls of brand weapon
 M - a scroll of enchant weapon
Potions
 d - 12 potions of might
 e - 22 potions of curing
 h - 13 potions of lignification
 l - 7 potions of cancellation
 n - 3 potions of resistance
 o - 8 potions of attraction
 q - 9 potions of heal wounds
 r - 3 potions of magic
 s - 18 potions of haste
 z - 12 potions of mutation

Dungeon Overview and Level Annotations

Branches:
Dungeon (15/15)            Temple (1/1) D:5            Lair (5/5) D:9
 Shoals (4/4) Lair:2       Spider (4/4) Lair:2        Slime (0/5) Lair:4
    Orc (2/2) D:12            Elf (0/3) Orc:2        Vaults (5/5) D:14
  Crypt (3/3) Vaults:3       Tomb (3/3) Crypt:3      Depths (4/4) D:15
    Zot (4/5) Depths:4     WizLab (visited)         Desolation (visited)

Altars:
Ashenzari
Cheibriados
Dithmenos
Elyvilon
Fedhas
Gozag
Hepliaklqana
Kikubaaqudgha
Makhleb
Nemelex Xobeh
Okawaru
Qazlal
Ru
Sif Muna
Trog
Uskayaw
Vehumet
Wu Jian
Xom
Yredelemnul
Zin
The Shining One
Jiyva

Shops:
D:7 =   D:9 !   D:11 *   D:12 *   Orc:2 :***   Shoals:3 (   Vaults:1 [
Vaults:2 (   Vaults:4 [   Vaults:5 !   Depths:2 *

Portals:
Hell: Depths:1 Depths:2 Depths:3 Depths:4
Abyss: Depths:1 Depths:3
Pandemonium: Depths:1 Depths:2
Ziggurat: Depths:4

Annotations:
Pan Lom Lobon


Message History

The great icy blast engulfs you!! You partially resist.
You are encased in ice.
70567 ||| INVOKING Summon Divine Warrior.
You are momentarily dazzled by a brilliant light.
You are engulfed in whirling frost.
You slash Lom Lobon!
Lom Lobon convulses!
Lom Lobon is heavily wounded.
You are engulfed in whirling frost.
You block Lom Lobon's attack.
You closely miss Lom Lobon.
Lom Lobon is heavily wounded.
Your daeva completely misses Lom Lobon.
Your daeva hits Lom Lobon with a +2 eudemon blade of holy wrath!
Lom Lobon convulses!!
You barely miss Lom Lobon.
Lom Lobon is heavily wounded.
The ice encasing you melts away. Lom Lobon gestures at you.
Lom Lobon conjures a mighty blast of ice!
The great icy blast engulfs your daeva!!!
Your daeva is flash-frozen.
The great icy blast engulfs you!!! You partially resist.
You are encased in ice.
You slice Lom Lobon like a ripe choko!!!
Lom Lobon convulses!!
Lom Lobon is severely wounded.
You are engulfed in freezing vapours.
You resist.
Your daeva is engulfed in freezing vapours.
Your daeva hits Lom Lobon with a +2 eudemon blade of holy wrath!!
Lom Lobon convulses!!
Your daeva barely misses Lom Lobon.
You open Lom Lobon like a pillowcase!!!
Lom Lobon convulses!
Lom Lobon is almost dead.
You are engulfed in freezing vapours.
You resist. Lom Lobon gestures at you.
Lom Lobon conjures a mighty blast of ice!
The great icy blast engulfs your daeva!!!!
Your daeva is frozen into a solid block of ice!
Your daeva dies!
Your daeva dissolves into sparkling lights!
The great icy blast engulfs you!!! You partially resist.
You die...

....~#.......#######...~~~~#
.....#....####.....#..#~~~~#
....##..###.....0...=.###~~#
...A#..##...............# ~~
......##..0..............#
....#.#.........).........#
....###.....00............#
..... ........&8¤¤¤¤0....#
..... ....0...¤@¤¤¤¤¤....#
....~~ #......0¤0¤¤¤¤0...##
...~~~ ##......¤¤¤¤¤¤¤..
..~~~~~ ###....¤¤¤¤¤¤0##
###..00¤0#### ########


You could see Lom Lobon (gusty).

Vanquished Creatures
  Cerebov (Pan)
  Gloorx Vloq (Pan)
  Tiamat (Zot:3)
  A dread lich (Vaults:5)
  An orb of fire (Zot:4)
  6 pandemonium lords (Pan)
  2 juggernauts (Depths:3)
  24 royal mummies
  Bai Suzhen (Shoals:3)
  2 caustic shrikes
  15 golden dragons
  Jory (Depths:3)
  Nikola (Shoals:1)
  Arachne (Spider:2)
  A Tzitzimitl (Pan)
  6 Brimstone Fiends (Pan)
  3 electric golems (Zot:1)
  15 tentacled monstrosities
  4 Hell Sentinels (Pan)
  Rupert (D:14)
  A moon troll (WizLab)
  8 liches
  Jorgrun (Shoals:1)
  A walking divine tome (Depths:3)
  20 titans
  Asterion (Spider:3)
  An Ice Fiend (Pan)
  A walking earthen tome (Depths:3)
  4 deep elf blademasters
  5 death cobs
  7 deep elf master archers
  5 quicksilver dragons
  2 walking frostbound tomes
  22 Executioners (Pan)
  Polyphemus (Shoals:3)
  3 krakens
  6 tentacled starspawn (WizLab)
  7 ancient champions
  14 sphinxes
  Agnes (Spider:3)
  Donald (Spider:1)
  Kirke (D:15)
  11 shadow dragons
  21 storm dragons
  7 tengu reavers
  A draconian monk (Zot:2)
  9 revenants
  Roxanne (D:14)
  7 demonspawn warmongers (Pan)
  6 draconian knights
  2 iron dragons
  18 frost giants
  14 fire giants
  Aizul (Spider:1)
  An imperial myrmidon (Desolation)
  6 emperor scorpions
  2 deep elf sorcerers (Vaults:5)
  Louise (D:14)
  23 vault wardens
  10 cacodemons
  6 ghost moths
  17 balrugs
  A draconian scorcher (Zot:2)
  An angel (Pan)
  An orc warlord (Vaults:1)
  2 draconian stormcallers (Zot:1)
  9 draconian shifters
  5 spriggan defenders
  3 ghouls (Crypt:1)
  6 curse skulls
  2 broodmothers (Spider:2)
  22 ironbound preservers
  11 reapers
  2 ironbound thunderhulks
  4 demonspawn corrupters (Pan)
  2 juggernaut skeletons
  6 draconian annihilators
  14 very ugly things
  6 vampire knights
  8 war gargoyles
  A quicksilver ooze (shapeshifter) (Vaults:5)
  22 bennus
  31 stone giants
  11 green draconians
  4 demonspawn blood saints (Pan)
  A deep elf demonologist (Vaults:4)
  3 halazid warlocks (Desolation)
  8 dire elephants
  13 lorocyprocas (Pan)
  A deep elf annihilator (Pan)
  5 purple draconians
  10 black draconians
  10 yellow draconians
  5 demonspawn black suns (Pan)
  Nessos (D:15)
  9 red draconians
  5 spark wasps
  15 white draconians
  4 merfolk javelineers (Shoals:4)
  4 eidola
  10 merfolk impalers
  6 deep elf death magi
  9 ettins
  8 green deaths (Pan)
  11 jiangshi
  7 crystal guardians
  15 mummy priests
  13 yaktaur captains
  5 fire dragons
  4 entropy weavers
  17 blizzard demons (Pan)
  3 deep elf high priests (Vaults:5)
  An iron golem (Depths:1)
  15 great orbs of eyes
  8 ragged hierophants (Desolation)
  A spriggan zombie (Depths:2)
  2 spriggan air magi
  An ice dragon (shapeshifter) (Vaults:5)
  35 vault guards
  14 peacekeepers
  9 ice dragons
  A hell beast (Pan)
  5 hydras
  2 juggernaut simulacra (Pan)
  4 rakshasas
  4 servants of whispers (Desolation)
  A quicksilver dragon skeleton (D:15)
  An anaconda (shapeshifter) (Vaults:5)
  6 radroaches
  5 ogre magi
  12 centaur warriors
  10 ironbound frosthearts
  4 jorogumos
  7 merfolk aquamancers
  6 catoblepae
  14 two-headed ogres
  6 satyrs
  2 death knights
  2 alligator snapping turtles
  10 boulder beetles
  A merfolk avatar (Shoals:4)
  An Orb Guardian skeleton (Crypt:2)
  12 deep troll shamans
  4 tengu warriors
  63 death scarabs
  15 death yaks
  2 titan zombies (D:15)
  8 deep troll earth magi
  A dancing weapon (D:15)
  7 spriggan berserkers
  Urug (Lair:5)
  23 soul eaters
  88 sun demons (Pan)
  5 vampire magi
  10 deep elf knights
  A shock serpent (shapeshifter) (Depths:4)
  6 hell knights
  A titan skeleton (Crypt:3)
  9 iron trolls
  21 sixfirhies
  22 skeletal warriors
  3 sun moths
  7 pharaoh ants
  9 shadow wraiths
  2 cherubim (D:15)
  57 deep trolls
  A steelbarb worm (shapeshifter) (Depths:3)
  4 sea snakes
  9 shadow demons (Pan)
  A storm dragon skeleton (Crypt:3)
  15 orb spiders
  8 glowing orange brains
  A quicksilver dragon simulacrum (Vaults:3)
  6 steelbarb worms
  An orange crystal statue (WizLab)
  14 flayed ghosts
  3 starcursed masses (WizLab)
  A spectral wolf spider (Spider:4)
  24 ironbound convokers
  8 lindwurms
  5 deep elf archers (Tomb:1)
  3 bog bodies (Crypt:1)
  6 necromancers
  A sphinx zombie (Crypt:2)
  20 phantasmal warriors
  A spectral jorogumo (Spider:4)
  8 orc knights
  4 wizards
  10 harpies
  An iron giant skeleton (Crypt:3)
  A tengu zombie (Depths:2)
  15 ugly things
  7 deep elf zephyrmancers (Tomb:1)
  A wolf spider zombie (Crypt:1)
  17 wolf spiders
  2 anaconda skeletons
  A mana viper (shapeshifter) (Vaults:1)
  13 deep elf pyromancers
  22 fauns
  A wolf spider (shapeshifter) (Depths:3)
  12 manticores
  A dire elephant zombie (Tomb:3)
  2 orc sorcerers
  6 merfolk sirens
  2 ice statues (Pan)
  5 rust devils
  13 elephants
  A moth of wrath (shapeshifter) (Depths:2)
  28 moths of wrath
  2 stone giant skeletons
  9 fire giant skeletons (Crypt:3)
  5 cyclopes
  4 guardian serpents (Desolation)
  An alligator snapping turtle zombie (Tomb:1)
  A human skeleton (Vaults:3)
  9 water nymphs
  25 smoke demons
  7 black mambas
  31 orange demons
  18 vault sentinels
  A molten gargoyle (Desolation)
  4 torpor snails
  6 eyes of devastation (WizLab)
  7 gargoyles
  8 cane toads
  2 centaur skeletons (Pan)
  2 hellions (Pan)
  2 kobold demonologists
  22 demonic crawlers
  5 unseen horrors
  A redback zombie (Spider:4)
  2 spectral redbacks (Spider:4)
  15 komodo dragons
  A pale draconian skeleton (Crypt:2)
  3 rime drakes
  A golden dragon simulacrum (Depths:2)
  7 tormentors (Pan)
  6 freezing wraiths
  9 efreet
  39 yaktaurs
  8 ice devils
  2 tengu conjurers
  27 merfolk
  7 red devils
  An elf skeleton (Vaults:3)
  33 guardian mummies
  A meliai (shapeshifter) (D:12)
  14 hellwings
  An alligator snapping turtle skeleton (Pan)
  9 trolls
  6 meliai (Spider:4)
  2 polar bears (Lair:5)
  2 spectral culicivoras (Spider:4)
  A harpy skeleton (Pan)
  8 wind drakes
  5 spectral tarantellas (Spider:4)
  2 tarantella zombies (Spider:4)
  Grinder (D:7)
  3 spectral jumping spiders (Spider:4)
  A tarantella (shapeshifter) (Vaults:5)
  6 hornets
  A wind drake (shapeshifter) (Depths:1)
  A raiju (Depths:1)
  18 tarantellas
  13 blink frogs
  30 slime creatures
  A fire giant simulacrum (Vaults:2)
  A slime creature (shapeshifter) (Depths:3)
  65 saltlings (Desolation)
  18 dream sheep
  7 snapping turtles
  A dream sheep (shapeshifter) (Vaults:5)
  18 culicivoras
  8 fire dragon skeletons
  17 flying skulls
  7 spriggan skeletons
  2 vampires
  29 jumping spiders
  4 shadows
  10 wraiths
  5 spriggans
  A yak (shapeshifter) (Vaults:5)
  26 ynoxinuls
  3 black mamba skeletons
  6 air elementals (Shoals:4)
  2 hogs (D:15)
  5 humans (D:15)
  19 large abominations
  33 water elementals
  47 yaks
  11 ushabtiu
  3 wyverns
  9 golden eyes (WizLab)
  2 basilisks (Lair:1)
  A redback (shapeshifter) (Vaults:4)
  A steam dragon (D:7)
  51 redbacks
  15 chaos spawn
  8 vampire mosquitoes
  6 neqoxecs
  4 wargs
  Edmund (D:5)
  Duvessa (D:5)
  3 acid dragons
  19 water moccasins
  24 orc warriors
  A floating eye (Depths:3)
  A glowing shapeshifter skeleton (Depths:2)
  2 sky beasts (D:6)
  2 naga skeletons
  4 black bears
  4 ice beasts
  4 small abominations (Depths:1)
  25 ogres
  16 wolves
  A boggart (Vaults:1)
  5 centaurs
  A phantom (D:3)
  A fire crab zombie (Crypt:1)
  6 kobold brigands
  12 bullfrogs
  5 necrophages
  3 gnoll sergeants
  A draconian skeleton (Crypt:1)
  A scorpion (D:5)
  2 two-headed ogre simulacra (Orc:1)
  A water moccasin zombie (Crypt:1)
  11 wights
  Dowan (D:5)
  A warg skeleton (Crypt:1)
  2 elephant simulacra (Orc:1)
  14 killer bees
  2 electric eels
  2 howler monkeys
  2 gnoll boudas
  A hound (D:7)
  A jelly (D:8)
  9 orc priests
  Jessica (D:2)
  Natasha (twice) (D:2)
  13 iguanas
  21 orc wizards
  3 spriggan simulacra (Orc:1)
  A deep dwarf zombie (Crypt:1)
  45 mummies
  4 adders
  20 gnolls
  A naga simulacrum (Orc:1)
  A white imp (Vaults:2)
  An ufetubus (D:5)
  4 worms
  4 dart slugs
  59 orcs
  6 ball pythons
  An endoplasm (D:1)
  4 giant cockroaches
  10 goblins
  9 hobgoblins
  20 kobolds
  2 quokkas
  10 bats
  16 frilled lizards
  A frilled lizard skeleton (Crypt:2)
  An orc zombie (Crypt:2)
  4 rats
  A rat skeleton (Crypt:2)
  A butterfly (Lair:5)
  12 starspawn tentacles (WizLab)
  4 tentacles
2991 creatures vanquished.

Vanquished Creatures (collateral kills)
  An ancient lich (Crypt:3)
  Mennas (Pan)
  7 royal mummies
  A Tzitzimitl (Pan)
  An Ice Fiend (Pan)
  3 Hell Sentinels (Pan)
  2 deep elf blademasters (Tomb:1)
  2 liches (Crypt:3)
  A titan (Crypt:3)
  A deep elf master archer (Crypt:3)
  3 Executioners (Pan)
  A revenant (Tomb:2)
  2 cacodemons
  A frost giant (Tomb:1)
  A balrug (Pan)
  A draconian annihilator (Pan)
  A reaper (Pan)
  A demonspawn blood saint (Pan)
  A stone giant (Crypt:3)
  4 bennus (Tomb:3)
  2 demonspawn black suns (Pan)
  A green draconian (Tomb:1)
  A black draconian (Crypt:3)
  A deep elf annihilator (Pan)
  A lorocyproca (Pan)
  2 blizzard demons (Pan)
  7 mummy priests
  A rakshasa (Pan)
  A caustic shrike simulacrum (Tomb:3)
  A spriggan skeleton (Pan)
  16 death scarabs
  A deep elf knight (Crypt:3)
  2 soul eaters (Pan)
  6 sun demons (Pan)
  2 sixfirhies (Pan)
  3 skeletal warriors (Tomb:3)
  2 shadow demons (Pan)
  2 large abominations (Pan)
  A wizard (Pan)
  A deep elf archer (Crypt:3)
  2 deep elf zephyrmancers (Crypt:3)
  3 ice statues (Pan)
  6 smoke demons (Pan)
  6 orange demons (Pan)
  An alligator snapping turtle zombie (Tomb:3)
  A demonic crawler (Pan)
  A hellion (Pan)
  9 guardian mummies
  A red devil (Pan)
  5 hellwings (Pan)
  3 ynoxinuls (Pan)
  3 ushabtiu
  2 chaos spawn (Pan)
  4 neqoxecs (Pan)
  13 mummies
150 creatures vanquished.

Vanquished Creatures (others)
  A lich (Depths:2)
  A demonspawn blood saint (Pan)
  A rakshasa (Pan)
  A deep elf knight (Tomb:2)
  A glowing orange brain (Pan)
  A wizard (Vaults:3)
  A molten gargoyle (Desolation)
  A smoke demon (Pan)
  A tormentor (Pan)
  An orc priest (Orc:2)
  5 ball lightnings (Pan)
  A block of ice (Pan)
  3 demonic plants (WizLab)
  45 fungi
  112 plants
  11 starspawn tentacles (WizLab)
  9 tentacles
  4 toadstools (D:1)
  48 withered plants
248 creatures vanquished.

Grand Total: 3389 creatures vanquished

Notes
Turn   | Place    | Note
-------+----------+-------------------------------------------
     0 | D:1      | qw the Gargoyle Fighter began the quest for the Orb.
     0 | D:1      | Reached XP level 1. HP: 14/14 MP: 1/1
     0 | D:1      | 0 ||| qw: Version: 0.2-a-12-gaebbb33
     0 | D:1      | 0 ||| qw: Game counter: 1132
     0 | D:1      | 0 ||| qw: Always use a shield: true
     0 | D:1      | 0 ||| qw: God list: Okawaru
     0 | D:1      | 0 ||| qw: Allow faded altars: false
     0 | D:1      | 0 ||| qw: Do Orc after D:15 true
     0 | D:1      | 0 ||| qw: Do second Lair branch before Depths: true
     0 | D:1      | 0 ||| qw: Lair rune preference: random
     0 | D:1      | 0 ||| qw: Plans: Normal, Zot:1-4, God:TSO, Crypt, Tomb,
                  | Pan, Slime:5, Hells, Abyss, Orb
     0 | D:1      | 0 ||| PLANNING D:1-11
    23 | D:1      | 23 ||| Stepping randomly (stuck).
    24 | D:1      | 24 ||| Stepping randomly (stuck).
    25 | D:1      | 25 ||| Stepping randomly (stuck).
    26 | D:1      | 26 ||| Stepping randomly (stuck).
    27 | D:1      | 27 ||| Stepping randomly (stuck).
    28 | D:1      | 28 ||| Stepping randomly (stuck).
    29 | D:1      | 29 ||| Stepping randomly (stuck).
    30 | D:1      | 30 ||| Stepping randomly (stuck).
    31 | D:1      | 31 ||| Stepping randomly (stuck).
    32 | D:1      | 32 ||| Stepping randomly (stuck).
    33 | D:1      | 33 ||| Stepping randomly (stuck).
    34 | D:1      | 34 ||| Stepping randomly (stuck).
    35 | D:1      | 35 ||| Stepping randomly (stuck).
    36 | D:1      | 36 ||| Stepping randomly (stuck).
    37 | D:1      | 37 ||| Stepping randomly (stuck).
    38 | D:1      | 38 ||| Stepping randomly (stuck).
    39 | D:1      | 39 ||| Stepping randomly (stuck).
    40 | D:1      | 40 ||| Stepping randomly (stuck).
    41 | D:1      | 41 ||| Stepping randomly (stuck).
    42 | D:1      | 42 ||| Stepping randomly (stuck).
    43 | D:1      | 43 ||| Stepping randomly (stuck).
    44 | D:1      | 44 ||| Stepping randomly (stuck).
    45 | D:1      | 45 ||| Stepping randomly (stuck).
    46 | D:1      | 46 ||| Stepping randomly (stuck).
    47 | D:1      | 47 ||| Stepping randomly (stuck).
    48 | D:1      | 48 ||| Stepping randomly (stuck).
    49 | D:1      | 49 ||| Stepping randomly (stuck).
    50 | D:1      | 50 ||| Stepping randomly (stuck).
    51 | D:1      | 51 ||| Stepping randomly (stuck).
    52 | D:1      | 52 ||| Stepping randomly (stuck).
    53 | D:1      | 53 ||| Stepping randomly (stuck).
    54 | D:1      | 54 ||| Stepping randomly (stuck).
    55 | D:1      | 55 ||| Stepping randomly (stuck).
    56 | D:1      | 56 ||| Stepping randomly (stuck).
    57 | D:1      | 57 ||| Stepping randomly (stuck).
    58 | D:1      | 58 ||| Stepping randomly (stuck).
    59 | D:1      | 59 ||| Stepping randomly (stuck).
    60 | D:1      | 60 ||| Stepping randomly (stuck).
    61 | D:1      | 61 ||| Stepping randomly (stuck).
    62 | D:1      | 62 ||| Stepping randomly (stuck).
    63 | D:1      | 63 ||| Stepping randomly (stuck).
    64 | D:1      | 64 ||| Stepping randomly (stuck).
    65 | D:1      | 65 ||| Stepping randomly (stuck).
    66 | D:1      | 66 ||| Stepping randomly (stuck).
    67 | D:1      | 67 ||| Stepping randomly (stuck).
    68 | D:1      | 68 ||| Stepping randomly (stuck).
    69 | D:1      | 69 ||| Stepping randomly (stuck).
    70 | D:1      | 70 ||| Stepping randomly (stuck).
    71 | D:1      | 71 ||| Stepping randomly (stuck).
    72 | D:1      | 72 ||| Stepping randomly (stuck).
    73 | D:1      | 73 ||| Stepping randomly (stuck).
    74 | D:1      | 74 ||| Stepping randomly (stuck).
    75 | D:1      | 75 ||| Stepping randomly (stuck).
    76 | D:1      | 76 ||| Stepping randomly (stuck).
    77 | D:1      | 77 ||| Stepping randomly (stuck).
    78 | D:1      | 78 ||| Stepping randomly (stuck).
    79 | D:1      | 79 ||| Stepping randomly (stuck).
    80 | D:1      | 80 ||| Stepping randomly (stuck).
    81 | D:1      | 81 ||| Stepping randomly (stuck).
    82 | D:1      | 82 ||| Stepping randomly (stuck).
    83 | D:1      | 83 ||| Stepping randomly (stuck).
    84 | D:1      | 84 ||| Stepping randomly (stuck).
    85 | D:1      | 85 ||| Stepping randomly (stuck).
    86 | D:1      | 86 ||| Stepping randomly (stuck).
    87 | D:1      | 87 ||| Stepping randomly (stuck).
    88 | D:1      | 88 ||| Stepping randomly (stuck).
    89 | D:1      | 89 ||| Stepping randomly (stuck).
    90 | D:1      | 90 ||| Stepping randomly (stuck).
    91 | D:1      | 91 ||| Stepping randomly (stuck).
    92 | D:1      | 92 ||| Stepping randomly (stuck).
    93 | D:1      | 93 ||| Stepping randomly (stuck).
    94 | D:1      | 94 ||| Stepping randomly (stuck).
    95 | D:1      | 95 ||| Stepping randomly (stuck).
    96 | D:1      | 96 ||| Stepping randomly (stuck).
    97 | D:1      | 97 ||| Stepping randomly (stuck).
    98 | D:1      | 98 ||| Stepping randomly (stuck).
    99 | D:1      | 99 ||| Stepping randomly (stuck).
   100 | D:1      | 100 ||| Stepping randomly (stuck).
   101 | D:1      | 101 ||| Stepping randomly (stuck).
   102 | D:1      | 102 ||| Stepping randomly (stuck).
   103 | D:1      | 103 ||| Stepping randomly (stuck).
   104 | D:1      | 104 ||| Stepping randomly (stuck).
   105 | D:1      | 105 ||| Stepping randomly (stuck).
   106 | D:1      | 106 ||| Stepping randomly (stuck).
   107 | D:1      | 107 ||| Stepping randomly (stuck).
   108 | D:1      | 108 ||| Stepping randomly (stuck).
   109 | D:1      | 109 ||| Stepping randomly (stuck).
   110 | D:1      | 110 ||| Stepping randomly (stuck).
   111 | D:1      | 111 ||| Stepping randomly (stuck).
   112 | D:1      | 112 ||| Stepping randomly (stuck).
   113 | D:1      | 113 ||| Stepping randomly (stuck).
   114 | D:1      | 114 ||| Stepping randomly (stuck).
   115 | D:1      | 115 ||| Stepping randomly (stuck).
   116 | D:1      | 116 ||| Stepping randomly (stuck).
   117 | D:1      | 117 ||| Stepping randomly (stuck).
   118 | D:1      | 118 ||| Stepping randomly (stuck).
   119 | D:1      | 119 ||| Stepping randomly (stuck).
   120 | D:1      | 120 ||| Stepping randomly (stuck).
   121 | D:1      | 121 ||| Stepping randomly (stuck).
   122 | D:1      | 122 ||| Stepping randomly (stuck).
   123 | D:1      | 123 ||| Stepping randomly (stuck).
   124 | D:1      | 124 ||| Stepping randomly (stuck).
   125 | D:1      | 125 ||| Stepping randomly (stuck).
   126 | D:1      | 126 ||| Stepping randomly (stuck).
   127 | D:1      | 127 ||| Stepping randomly (stuck).
   128 | D:1      | 128 ||| Stepping randomly (stuck).
   129 | D:1      | 129 ||| Stepping randomly (stuck).
   130 | D:1      | 130 ||| Stepping randomly (stuck).
   131 | D:1      | 131 ||| Stepping randomly (stuck).
   132 | D:1      | 132 ||| Stepping randomly (stuck).
   133 | D:1      | 133 ||| Stepping randomly (stuck).
   134 | D:1      | 134 ||| Stepping randomly (stuck).
   135 | D:1      | 135 ||| Stepping randomly (stuck).
   136 | D:1      | 136 ||| Stepping randomly (stuck).
   137 | D:1      | 137 ||| Stepping randomly (stuck).
   138 | D:1      | 138 ||| Stepping randomly (stuck).
   139 | D:1      | 139 ||| Stepping randomly (stuck).
   140 | D:1      | 140 ||| Stepping randomly (stuck).
   141 | D:1      | 141 ||| Stepping randomly (stuck).
   142 | D:1      | 142 ||| Stepping randomly (stuck).
   143 | D:1      | 143 ||| Stepping randomly (stuck).
   144 | D:1      | 144 ||| Stepping randomly (stuck).
   145 | D:1      | 145 ||| Stepping randomly (stuck).
   146 | D:1      | 146 ||| Stepping randomly (stuck).
   147 | D:1      | 147 ||| Stepping randomly (stuck).
   148 | D:1      | 148 ||| Stepping randomly (stuck).
   149 | D:1      | 149 ||| Stepping randomly (stuck).
   150 | D:1      | 150 ||| Stepping randomly (stuck).
   151 | D:1      | 151 ||| Stepping randomly (stuck).
   152 | D:1      | 152 ||| Stepping randomly (stuck).
   153 | D:1      | 153 ||| Stepping randomly (stuck).
   154 | D:1      | 154 ||| Stepping randomly (stuck).
   155 | D:1      | 155 ||| Stepping randomly (stuck).
   156 | D:1      | 156 ||| Stepping randomly (stuck).
   157 | D:1      | 157 ||| Stepping randomly (stuck).
   158 | D:1      | 158 ||| Stepping randomly (stuck).
   159 | D:1      | 159 ||| Stepping randomly (stuck).
   160 | D:1      | 160 ||| Stepping randomly (stuck).
   161 | D:1      | 161 ||| Stepping randomly (stuck).
   162 | D:1      | 162 ||| Stepping randomly (stuck).
   163 | D:1      | 163 ||| Stepping randomly (stuck).
   164 | D:1      | 164 ||| Stepping randomly (stuck).
   165 | D:1      | 165 ||| Stepping randomly (stuck).
   166 | D:1      | 166 ||| Stepping randomly (stuck).
   167 | D:1      | 167 ||| Stepping randomly (stuck).
   168 | D:1      | 168 ||| Stepping randomly (stuck).
   169 | D:1      | 169 ||| Stepping randomly (stuck).
   170 | D:1      | 170 ||| Stepping randomly (stuck).
   171 | D:1      | 171 ||| Stepping randomly (stuck).
   172 | D:1      | 172 ||| Stepping randomly (stuck).
   173 | D:1      | 173 ||| Stepping randomly (stuck).
   174 | D:1      | 174 ||| Stepping randomly (stuck).
   175 | D:1      | 175 ||| Stepping randomly (stuck).
   176 | D:1      | 176 ||| Stepping randomly (stuck).
   177 | D:1      | 177 ||| Stepping randomly (stuck).
   178 | D:1      | 178 ||| Stepping randomly (stuck).
   179 | D:1      | 179 ||| Stepping randomly (stuck).
   180 | D:1      | 180 ||| Stepping randomly (stuck).
   181 | D:1      | 181 ||| Stepping randomly (stuck).
   182 | D:1      | 182 ||| Stepping randomly (stuck).
   183 | D:1      | 183 ||| Stepping randomly (stuck).
   184 | D:1      | 184 ||| Stepping randomly (stuck).
   185 | D:1      | 185 ||| Stepping randomly (stuck).
   186 | D:1      | 186 ||| Stepping randomly (stuck).
   187 | D:1      | 187 ||| Stepping randomly (stuck).
   188 | D:1      | 188 ||| Stepping randomly (stuck).
   189 | D:1      | 189 ||| Stepping randomly (stuck).
   190 | D:1      | 190 ||| Stepping randomly (stuck).
   191 | D:1      | 191 ||| Stepping randomly (stuck).
   192 | D:1      | 192 ||| Stepping randomly (stuck).
   193 | D:1      | 193 ||| Stepping randomly (stuck).
   194 | D:1      | 194 ||| Stepping randomly (stuck).
   195 | D:1      | 195 ||| Stepping randomly (stuck).
   196 | D:1      | 196 ||| Stepping randomly (stuck).
   197 | D:1      | 197 ||| Stepping randomly (stuck).
   198 | D:1      | 198 ||| Stepping randomly (stuck).
   199 | D:1      | 199 ||| Stepping randomly (stuck).
   200 | D:1      | 200 ||| Stepping randomly (stuck).
   201 | D:1      | 201 ||| Stepping randomly (stuck).
   202 | D:1      | 202 ||| Stepping randomly (stuck).
   203 | D:1      | 203 ||| Stepping randomly (stuck).
   204 | D:1      | 204 ||| Stepping randomly (stuck).
   205 | D:1      | 205 ||| Stepping randomly (stuck).
   206 | D:1      | 206 ||| Stepping randomly (stuck).
   207 | D:1      | 207 ||| Stepping randomly (stuck).
   208 | D:1      | 208 ||| Stepping randomly (stuck).
   209 | D:1      | 209 ||| Stepping randomly (stuck).
   210 | D:1      | 210 ||| Stepping randomly (stuck).
   211 | D:1      | 211 ||| Stepping randomly (stuck).
   212 | D:1      | 212 ||| Stepping randomly (stuck).
   213 | D:1      | 213 ||| Stepping randomly (stuck).
   214 | D:1      | 214 ||| Stepping randomly (stuck).
   215 | D:1      | 215 ||| Stepping randomly (stuck).
   216 | D:1      | 216 ||| Stepping randomly (stuck).
   217 | D:1      | 217 ||| Stepping randomly (stuck).
   218 | D:1      | 218 ||| Stepping randomly (stuck).
   219 | D:1      | 219 ||| Stepping randomly (stuck).
   220 | D:1      | 220 ||| Stepping randomly (stuck).
   379 | D:2      | Reached XP level 2. HP: 19/19 MP: 2/2
   391 | D:2      | Noticed Jessica
   404 | D:2      | Killed Jessica
   405 | D:2      | Reached skill level 3 in Axes
   405 | D:2      | Reached XP level 3. HP: 7/23 MP: 3/3
   723 | D:2      | Found an opulent altar of Gozag.
   726 | D:2      | Noticed Natasha
   727 | D:2      | 727 ||| Stepping ~*~*~tactically~*~*~ (hiding).
   735 | D:2      | Killed Natasha
   736 | D:2      | Reached XP level 4. HP: 23/28 MP: 4/4
   812 | D:2      | 812 ||| Stepping ~*~*~tactically~*~*~ (stealth).
   813 | D:2      | 813 ||| Stepping ~*~*~tactically~*~*~ (stealth).
   846 | D:2      | 846 ||| FLEEEEING.
   865 | D:2      | 865 ||| Stepping ~*~*~tactically~*~*~ (hiding).
  1194 | D:2      | 1194 ||| Stepping ~*~*~tactically~*~*~ (stealth).
  1610 | D:2      | 1610 ||| DROPPING +0 club.
  1662 | D:2      | Noticed Natasha
  1668 | D:2      | Killed Natasha
  1795 | D:2      | 1795 ||| DROPPING scarf of shadows.
  1796 | D:2      | 1796 ||| UPGRADING to +0 chain mail.
  1806 | D:2      | 1806 ||| DROPPING +0 scale mail.
  1807 | D:2      | 1807 ||| DROPPING ring of wizardry.
  1808 | D:2      | 1808 ||| READING scroll labelled QOPASI HONEKH.
  1809 | D:2      | 1809 ||| READING 2 scrolls labelled KALA RIR DEI.
  1814 | D:2      | 1814 ||| READING scroll labelled BOUPNI GAFYITS.
  1815 | D:2      | 1815 ||| DRINKING 3 glowing coppery potions.
  1816 | D:2      | 1816 ||| DRINKING 2 murky grey potions.
  1817 | D:2      | 1817 ||| DRINKING 2 white potions.
  1818 | D:2      | 1818 ||| DROPPING potion of flight.
  1840 | D:2      | 1840 ||| STAIRDANCE
  1862 | D:2      | 1862 ||| STAIRDANCE
  1866 | D:2      | 1866 ||| STAIRDANCE
  1870 | D:2      | 1870 ||| STAIRDANCE
  1874 | D:2      | 1874 ||| STAIRDANCE
  1878 | D:2      | 1878 ||| STAIRDANCE
  1882 | D:2      | 1882 ||| STAIRDANCE
  1886 | D:2      | 1886 ||| STAIRDANCE
  1890 | D:2      | 1890 ||| STAIRDANCE
  1894 | D:2      | 1894 ||| STAIRDANCE
  1898 | D:2      | 1898 ||| STAIRDANCE
  1902 | D:2      | 1902 ||| STAIRDANCE
  1906 | D:2      | 1906 ||| STAIRDANCE
  1910 | D:2      | 1910 ||| STAIRDANCE
  1914 | D:2      | 1914 ||| STAIRDANCE
  1918 | D:2      | 1918 ||| STAIRDANCE
  1922 | D:2      | 1922 ||| STAIRDANCE
  1926 | D:2      | 1926 ||| STAIRDANCE
  1930 | D:2      | 1930 ||| STAIRDANCE
  1934 | D:2      | 1934 ||| STAIRDANCE
  1957 | D:1      | Reached XP level 5. HP: 32/32 MP: 5/5
  2214 | D:1      | 2214 ||| Stepping ~*~*~tactically~*~*~ (stealth).
  2375 | D:1      | 2375 ||| Stepping ~*~*~tactically~*~*~ (stealth).
  2667 | D:1      | 2667 ||| READING scroll labelled UGU GYOTZAFEMOONI.
  2668 | D:1      | 2668 ||| READING scroll labelled IPNUIV YRCHU.
  2669 | D:1      | 2669 ||| READING scroll labelled NORUAJ DEHIL.
  2670 | D:1      | 2670 ||| READING scroll labelled QIKIAC INTUMMO.
  2671 | D:1      | 2671 ||| DRINKING 2 blue potions.
  2672 | D:1      | 2672 ||| DROPPING potion of brilliance.
  2859 | D:3      | Noticed a phantom
  2879 | D:3      | Killed a phantom
  2976 | D:3      | 2976 ||| Stepping ~*~*~tactically~*~*~ (stealth).
  2977 | D:3      | 2977 ||| Stepping ~*~*~tactically~*~*~ (stealth).
  2978 | D:3      | 2978 ||| Stepping ~*~*~tactically~*~*~ (stealth).
  3039 | D:3      | 3039 ||| DROPPING +0 mace.
  3045 | D:3      | Reached XP level 6. HP: 37/37 MP: 6/6
  3051 | D:3      | Noticed an ice beast
  3068 | D:3      | Killed an ice beast
  3280 | D:3      | 3280 ||| UPGRADING to +1 cloak.
  3285 | D:3      | 3285 ||| UPGRADING to ring of protection from fire.
  3286 | D:3      | 3286 ||| READING 2 scrolls labelled FEZORYSESA.
  3287 | D:3      | 3287 ||| READING scroll of enchant armour.
  3287 | D:3      | 3287 ||| ENCHANTING +1 cloak.
  3288 | D:3      | 3288 ||| READING scroll labelled UDAMEQ WELAKA.
  3289 | D:3      | 3289 ||| READING scroll labelled ESCHAI KUDIAG.
  3358 | D:4      | Found a shimmering altar of Xom.
  3497 | D:4      | Noticed a black bear
  3508 | D:4      | Killed a black bear
  3509 | D:4      | Reached skill level 6 in Axes
  3673 | D:4      | Found a snail-covered altar of Cheibriados.
  3682 | D:4      | 3682 ||| Stepping ~*~*~tactically~*~*~ (stealth).
  3683 | D:4      | 3683 ||| Stepping ~*~*~tactically~*~*~ (stealth).
  3757 | D:4      | Reached skill level 1 in Dodging
  3757 | D:4      | Reached XP level 7. HP: 34/44 MP: 7/7
  3941 | D:4      | 3941 ||| READING scroll labelled WIPLAE WUJACAXT.
  3942 | D:4      | 3942 ||| READING scroll labelled DEPRUL ZUDGHUTAS.
  3943 | D:4      | 3943 ||| DRINKING 2 yellow potions.
  3962 | D:5      | Entered Level 5 of the Dungeon
  3976 | D:5      | 3976 ||| STAIRDANCE
  4036 | D:5      | Noticed Edmund
  4053 | D:5      | Killed Edmund
  4217 | D:5      | 4217 ||| DROPPING +3 whip.
  4230 | D:5      | Found a stormy altar of Qazlal.
  4274 | D:5      | Noticed Grinder
  4275 | D:5      | 4275 ||| Stepping ~*~*~tactically~*~*~ (hiding).
  4287 | D:5      | 4287 ||| FLEEEEING.
  4288 | D:5      | 4288 ||| FLEEEEING.
  4289 | D:5      | 4289 ||| FLEEEEING.
  4290 | D:5      | 4290 ||| FLEEEEING.
  4302 | D:5      | 4302 ||| FLEEEEING.
  4303 | D:5      | 4303 ||| FLEEEEING.
  4307 | D:5      | 4307 ||| STAIRDANCE
  4345 | D:4      | 4345 ||| UPGRADING to +4 ring of protection.
  4415 | D:5      | 4415 ||| Stepping ~*~*~tactically~*~*~ (hiding).
  4417 | D:5      | 4417 ||| Stepping ~*~*~tactically~*~*~ (hiding).
  4418 | D:5      | 4418 ||| Stepping ~*~*~tactically~*~*~ (hiding).
  4429 | D:5      | 4429 ||| Stepping ~*~*~tactically~*~*~ (hiding).
  4463 | D:5      | 4463 ||| Stepping ~*~*~tactically~*~*~ (stealth).
  4464 | D:5      | 4464 ||| Stepping ~*~*~tactically~*~*~ (stealth).
  4465 | D:5      | 4465 ||| Stepping ~*~*~tactically~*~*~ (stealth).
  4466 | D:5      | 4466 ||| Stepping ~*~*~tactically~*~*~ (stealth).
  4467 | D:5      | 4467 ||| Stepping ~*~*~tactically~*~*~ (stealth).
  4468 | D:5      | 4468 ||| Stepping ~*~*~tactically~*~*~ (stealth).
  4474 | D:5      | 4474 ||| Stepping ~*~*~tactically~*~*~ (stealth).
  4525 | D:5      | 4525 ||| Stepping ~*~*~tactically~*~*~ (stealth).
  4534 | D:5      | Found a faded altar of an unknown god.
  4539 | D:5      | Found a staircase to the Ecumenical Temple.
  4540 | D:5      | 4540 ||| PLANNING TEMPLE
  4540 | D:5      | 4540 ||| UPGRADING to +0 plate armour.
  4543 | D:5      | 4543 ||| FLEEEEING.
  4544 | D:5      | 4544 ||| FLEEEEING.
  4545 | D:5      | 4545 ||| FLEEEEING.
  4546 | D:5      | 4546 ||| FLEEEEING.
  4547 | D:5      | 4547 ||| FLEEEEING.
  4548 | D:5      | 4548 ||| FLEEEEING.
  4549 | D:5      | 4549 ||| FLEEEEING.
  4559 | D:5      | 4559 ||| UPGRADING to +0 plate armour.
  4569 | D:5      | 4569 ||| FLEEEEING.
  4570 | D:5      | 4570 ||| FLEEEEING.
  4571 | D:5      | 4571 ||| FLEEEEING.
  4572 | D:5      | 4572 ||| FLEEEEING.
  4573 | D:5      | 4573 ||| FLEEEEING.
  4578 | D:5      | 4578 ||| FLEEEEING.
  4579 | D:5      | 4579 ||| FLEEEEING.
  4580 | D:5      | 4580 ||| FLEEEEING.
  4581 | D:5      | 4581 ||| FLEEEEING.
  4582 | D:5      | 4582 ||| FLEEEEING.
  4583 | D:5      | 4583 ||| FLEEEEING.
  4584 | D:5      | 4584 ||| FLEEEEING.
  4585 | D:5      | 4585 ||| FLEEEEING.
  4588 | D:5      | 4588 ||| FLEEEEING.
  4589 | D:5      | 4589 ||| FLEEEEING.
  4590 | D:5      | 4590 ||| FLEEEEING.
  4591 | D:5      | 4591 ||| FLEEEEING.
  4592 | D:5      | 4592 ||| FLEEEEING.
  4593 | D:5      | 4593 ||| FLEEEEING.
  4594 | D:5      | 4594 ||| FLEEEEING.
  4595 | D:5      | 4595 ||| FLEEEEING.
  4596 | D:5      | 4596 ||| FLEEEEING.
  4597 | D:5      | 4597 ||| FLEEEEING.
  4598 | D:5      | 4598 ||| FLEEEEING.
  4599 | D:5      | 4599 ||| FLEEEEING.
  4600 | D:5      | 4600 ||| FLEEEEING.
  4601 | D:5      | 4601 ||| FLEEEEING.
  4602 | D:5      | 4602 ||| FLEEEEING.
  4604 | D:5      | 4604 ||| FLEEEEING.
  4605 | D:5      | 4605 ||| FLEEEEING.
  4606 | D:5      | 4606 ||| FLEEEEING.
  4607 | D:5      | 4607 ||| FLEEEEING.
  4608 | D:5      | 4608 ||| FLEEEEING.
  4609 | D:5      | 4609 ||| FLEEEEING.
  4610 | D:5      | 4610 ||| FLEEEEING.
  4611 | D:5      | 4611 ||| FLEEEEING.
  4612 | D:5      | 4612 ||| FLEEEEING.
  4613 | D:5      | 4613 ||| STAIRDANCE
  4615 | D:4      | 4615 ||| DROPPING +0 chain mail.
  4621 | D:5      | Reached XP level 8. HP: 49/49 MP: 8/8
  4621 | D:5      | 4621 ||| STAIRDANCE
  4690 | Temple   | Entered the Ecumenical Temple
  4691 | Temple   | 4691 ||| PLANNING OKAWARU WORSHIP
  4817 | Temple   | Became a worshipper of Warmaster Okawaru
  4818 | Temple   | 4818 ||| PLANNING D:1-11
  4850 | D:5      | Found a radiant altar of Vehumet.
  4851 | D:5      | Noticed Dowan
  4870 | D:5      | Killed Dowan
  5424 | D:5      | Noticed Duvessa
  5439 | D:5      | Killed Duvessa
  5720 | D:5      | 5720 ||| DRINKING 2 fizzy blue potions.
  5913 | D:6      | 5913 ||| Stepping ~*~*~tactically~*~*~ (stealth).
  5934 | D:6      | Reached * piety under Okawaru
  5935 | D:6      | Reached skill level 6 in Fighting
  6119 | D:6      | Found a glowing silver altar of Zin.
  6145 | D:6      | Reached skill level 1 in Invocations
  6174 | D:6      | 6174 ||| INVOKING Heroism.
  6189 | D:6      | 6189 ||| INVOKING Heroism.
  6358 | D:6      | 6358 ||| Stepping ~*~*~tactically~*~*~ (stealth).
  6394 | D:6      | Reached skill level 3 in Invocations
  6394 | D:6      | Reached XP level 9. HP: 47/55 MP: 9/11
  6650 | D:6      | 6650 ||| UPGRADING to +0 pair of boots.
  6655 | D:6      | 6655 ||| DRINKING 2 fuming puce potions.
  6685 | D:6      | 6685 ||| DRINKING 2 amethyst potions.
  6686 | D:6      | 6686 ||| READING 4 scrolls of identify.
  6686 | D:6      | 6686 ||| IDENTIFYING coppery potion
  6687 | D:6      | 6687 ||| READING 3 scrolls of identify.
  6687 | D:6      | 6687 ||| IDENTIFYING fizzy amethyst potion
  6688 | D:6      | 6688 ||| READING 2 scrolls of identify.
  6688 | D:6      | 6688 ||| IDENTIFYING puce potion
  6689 | D:6      | 6689 ||| DROPPING potion of degeneration.
  6690 | D:6      | 6690 ||| DROPPING potion of ambrosia.
  6709 | D:7      | 6709 ||| INVOKING Heroism.
  6710 | D:7      | 6710 ||| STAIRDANCE
  6769 | D:7      | Found Siutek's Jewellery Boutique.
  6782 | D:7      | 6782 ||| Stepping ~*~*~tactically~*~*~ (stealth).
  6785 | D:7      | 6785 ||| Stepping ~*~*~tactically~*~*~ (stealth).
  6792 | D:7      | 6792 ||| Stepping ~*~*~tactically~*~*~ (stealth).
  6797 | D:7      | Reached skill level 1 in Throwing
  6800 | D:7      | 6800 ||| DROPPING +1 flail of draining.
  6801 | D:7      | 6801 ||| READING scroll of enchant weapon.
  6801 | D:7      | 6801 ||| ENCHANTING +1 war axe.
  6803 | D:7      | 6803 ||| Stepping ~*~*~tactically~*~*~ (hiding).
  6804 | D:7      | 6804 ||| Stepping ~*~*~tactically~*~*~ (hiding).
  6808 | D:7      | 6808 ||| INVOKING Heroism.
  6818 | D:7      | 6818 ||| Stepping ~*~*~tactically~*~*~ (hiding).
  6888 | D:7      | 6888 ||| SHOPLISTING amulet of the acrobat (420 gold, have
                  | 299).
  6888 | D:7      | 6888 ||| SHOPLISTING ring "Yschi" {Ice Will+ Str+3 Slay-4}
                  | (379 gold, have 299).
  6888 | D:7      | 6888 ||| SHOPLISTING ring of Xatiurch {rN+ Will+ MP+9} (515
                  | gold, have 299).
  6888 | D:7      | 6888 ||| SHOPLISTING ring of ice (350 gold, have 299).
  6888 | D:7      | 6888 ||| SHOPLISTING ring of willpower (350 gold, have
                  | 299).
  6920 | D:7      | 6920 ||| INVOKING Heroism.
  6927 | D:7      | Killed Grinder
  6927 | D:7      | Reached ** piety under Okawaru
  6971 | D:7      | 6971 ||| READING scroll of enchant armour.
  6971 | D:7      | 6971 ||| ENCHANTING +0 pair of boots.
  7144 | D:7      | 7144 ||| INVOKING Heroism.
  7150 | D:7      | Reached skill level 9 in Axes
  7305 | D:7      | 7305 ||| INVOKING Heroism.
  7484 | D:7      | Reached skill level 6 in Armour
  7733 | D:7      | 7733 ||| UPGRADING to +0 pair of gloves.
  7738 | D:7      | 7738 ||| DROPPING amulet of faith.
  7887 | D:8      | 7887 ||| Stepping ~*~*~tactically~*~*~ (stealth).
  7888 | D:8      | 7888 ||| Stepping ~*~*~tactically~*~*~ (stealth).
  7892 | D:8      | 7892 ||| Stepping ~*~*~tactically~*~*~ (stealth).
  7895 | D:8      | 7895 ||| Stepping ~*~*~tactically~*~*~ (stealth).
  7897 | D:8      | 7897 ||| Stepping ~*~*~tactically~*~*~ (stealth).
  7898 | D:8      | 7898 ||| Stepping ~*~*~tactically~*~*~ (stealth).
  7900 | D:8      | 7900 ||| Stepping ~*~*~tactically~*~*~ (stealth).
  7905 | D:8      | 7905 ||| Stepping ~*~*~tactically~*~*~ (stealth).
  7913 | D:8      | 7913 ||| INVOKING Heroism.
  7938 | D:8      | 7938 ||| Stepping ~*~*~tactically~*~*~ (stealth).
  7958 | D:8      | Found an opulent altar of Gozag.
  7999 | D:8      | 7999 ||| INVOKING Heroism.
  8006 | D:8      | Reached XP level 10. HP: 44/63 MP: 10/13
  8234 | D:8      | Found a bloodstained altar of Trog.
  8234 | D:8      | Found a broken altar of Ashenzari.
  8258 | D:8      | 8258 ||| INVOKING Heroism.
  8289 | D:8      | 8289 ||| DROPPING +1 flail of protection.
  8334 | D:8      | 8334 ||| INVOKING Heroism.
  8445 | D:8      | 8445 ||| Stepping ~*~*~tactically~*~*~ (hiding).
  8451 | D:8      | Reached *** piety under Okawaru
  8522 | D:8      | 8522 ||| INVOKING Heroism.
  8552 | D:8      | 8552 ||| INVOKING Heroism.
  8740 | D:8      | 8740 ||| UPGRADING to +0 helmet.
  8745 | D:8      | 8745 ||| READING scroll labelled ISUMIESTUNYCS.
  8753 | D:9      | Noticed a kobold demonologist
  8754 | D:9      | 8754 ||| INVOKING Heroism.
  8755 | D:9      | 8755 ||| STAIRDANCE
  8873 | D:9      | 8873 ||| STAIRDANCE
  8876 | D:8      | Noticed a soul eater
  8880 | D:8      | Killed a kobold demonologist
  8920 | D:9      | 8920 ||| INVOKING Heroism.
  8922 | D:9      | 8922 ||| Stepping ~*~*~tactically~*~*~ (stealth).
  8923 | D:9      | 8923 ||| Stepping ~*~*~tactically~*~*~ (stealth).
  8943 | D:9      | 8943 ||| INVOKING Heroism.
  8953 | D:9      | Reached **** piety under Okawaru
  8974 | D:9      | 8974 ||| Stepping ~*~*~tactically~*~*~ (stealth).
  8974 | D:9      | Found a staircase to the Lair.
  8975 | D:9      | 8975 ||| Stepping ~*~*~tactically~*~*~ (stealth).
  8976 | D:9      | 8976 ||| INVOKING Heroism.
  8987 | D:9      | 8987 ||| Stepping ~*~*~tactically~*~*~ (stealth).
  8988 | D:9      | 8988 ||| Stepping ~*~*~tactically~*~*~ (stealth).
  8995 | D:9      | 8995 ||| FLEEEEING.
  8996 | D:9      | 8996 ||| FLEEEEING.
  8997 | D:9      | 8997 ||| FLEEEEING.
  8998 | D:9      | 8998 ||| FLEEEEING.
  8999 | D:9      | 8999 ||| FLEEEEING.
  9000 | D:9      | 9000 ||| FLEEEEING.
  9001 | D:9      | 9001 ||| FLEEEEING.
  9002 | D:9      | 9002 ||| FLEEEEING.
  9003 | D:9      | 9003 ||| FLEEEEING.
  9004 | D:9      | 9004 ||| FLEEEEING.
  9005 | D:9      | 9005 ||| FLEEEEING.
  9006 | D:9      | 9006 ||| FLEEEEING.
  9007 | D:9      | 9007 ||| FLEEEEING.
  9008 | D:9      | 9008 ||| FLEEEEING.
  9009 | D:9      | 9009 ||| FLEEEEING.
  9010 | D:9      | 9010 ||| FLEEEEING.
  9011 | D:9      | 9011 ||| FLEEEEING.
  9012 | D:9      | 9012 ||| FLEEEEING.
  9013 | D:9      | 9013 ||| STAIRDANCE
  9241 | D:9      | 9241 ||| Stepping ~*~*~tactically~*~*~ (stealth).
  9242 | D:9      | 9242 ||| Stepping ~*~*~tactically~*~*~ (stealth).
  9246 | D:9      | 9246 ||| Stepping ~*~*~tactically~*~*~ (stealth).
  9248 | D:9      | Reached XP level 11. HP: 56/68 MP: 14/14
  9253 | D:9      | 9253 ||| Stepping ~*~*~tactically~*~*~ (stealth).
  9257 | D:9      | 9257 ||| Stepping ~*~*~tactically~*~*~ (stealth).
  9260 | D:9      | 9260 ||| Stepping ~*~*~tactically~*~*~ (stealth).
  9408 | D:9      | 9408 ||| DRINKING 5 potions of curing.
  9408 | D:9      | 9408 ||| (to cure confusion)
  9412 | D:9      | 9412 ||| DRINKING 4 potions of curing.
  9412 | D:9      | 9412 ||| (to cure confusion)
  9414 | D:9      | Reached ***** piety under Okawaru
  9415 | D:9      | Reached skill level 6 in Invocations
  9562 | D:9      | Found Vemyhierya's Distillery.
  9565 | D:9      | 9565 ||| BUYING potion of attraction (33 gold).
  9565 | D:9      | Bought a potion of attraction for 33 gold pieces
  9565 | D:9      | 9565 ||| BUYING potion of attraction (33 gold).
  9565 | D:9      | Bought a potion of attraction for 33 gold pieces
  9565 | D:9      | 9565 ||| BUYING potion of curing (33 gold).
  9565 | D:9      | Bought a potion of curing for 33 gold pieces
  9565 | D:9      | 9565 ||| BUYING potion of curing (33 gold).
  9565 | D:9      | Bought a potion of curing for 33 gold pieces
  9565 | D:9      | 9565 ||| BUYING potion of heal wounds (55 gold).
  9565 | D:9      | Bought a potion of heal wounds for 55 gold pieces
  9565 | D:9      | 9565 ||| BUYING potion of mutation (88 gold).
  9565 | D:9      | Bought a potion of mutation for 88 gold pieces
  9598 | D:9      | 9598 ||| DROPPING +0 flail of protection.
  9729 | D:9      | 9729 ||| READING scroll labelled QUAWNONISEL.
  9730 | D:9      | 9730 ||| READING 2 scrolls of teleportation.
  9746 | D:9      | 9746 ||| INVOKING Heroism.
  9785 | D:9      | 9785 ||| PLANNING LAIR
  9793 | Lair:1   | Entered Level 1 of the Lair of Beasts
  9822 | Lair:1   | 9822 ||| INVOKING Heroism.
  9889 | Lair:1   | Found a dark tunnel.
  9908 | Lair:1   | Noticed a catoblepas
  9909 | Lair:1   | 9909 ||| INVOKING Heroism.
  9911 | Lair:1   | 9911 ||| INVOKING Finesse.
  9913 | Lair:1   | 9913 ||| INVOKING Finesse.
  9929 | Lair:1   | Killed a catoblepas
  9933 | Lair:1   | Reached skill level 9 in Fighting
  9991 | Lair:1   | 9991 ||| INVOKING Heroism.
 10052 | Lair:1   | 10052 ||| INVOKING Heroism.
 10108 | Lair:1   | 10108 ||| Stepping ~*~*~tactically~*~*~ (stealth).
 10113 | Lair:1   | 10113 ||| INVOKING Heroism.
 10137 | Lair:1   | Reached skill level 9 in Armour
 10313 | Lair:1   | 10313 ||| INVOKING Heroism.
 10636 | Lair:1   | 10636 ||| READING scroll labelled DUIROWAMIS.
 10636 | Lair:1   | Identified a scroll of acquirement
 10636 | Lair:1   | 10636 ||| ACQUIRING +7 plate armour "Ojenlo" {Fly rC+ Will+
                  | Regen+}
 10636 | Lair:1   | Acquired the +7 plate armour "Ojenlo" {Fly rC+ Will+
                  | Regen+}
 10638 | Lair:1   | 10638 ||| DROPPING +2 scale mail of cold resistance.
 10639 | Lair:1   | 10639 ||| UPGRADING to +7 plate armour "Ojenlo" {Fly rC+
                  | Will+ Regen+}.
 10649 | Lair:1   | 10649 ||| DROPPING +0 plate armour.
 10673 | Lair:2   | 10673 ||| Stepping ~*~*~tactically~*~*~ (stealth).
 10674 | Lair:2   | 10674 ||| Stepping ~*~*~tactically~*~*~ (stealth).
 10677 | Lair:2   | 10677 ||| INVOKING Heroism.
 10717 | Lair:2   | Found a hole to the Spider Nest.
 10718 | Lair:2   | 10718 ||| INVOKING Heroism.
 10737 | Lair:2   | HP: 14/71 [culicivora (13)]
 10738 | Lair:2   | 10738 ||| READING scroll of teleportation.
 10739 | Lair:2   | 10739 ||| DRINKING 2 potions of heal wounds.
 10744 | Lair:2   | 10744 ||| INVOKING Heroism.
 10879 | Lair:2   | 10879 ||| INVOKING Heroism.
 10932 | Lair:2   | 10932 ||| Stepping ~*~*~tactically~*~*~ (stealth).
 10965 | Lair:2   | Identified the +6 hand axe "Tyfaabro" {freeze, Int+2 SInv}
                  | (Okawaru gifted it to you on level 2 of the Lair of Beasts)
 10965 | Lair:2   | Received a gift from Okawaru
 10966 | Lair:2   | Reached skill level 9 in Invocations
 10991 | Lair:2   | 10991 ||| INVOKING Heroism.
 11074 | Lair:2   | Found a staircase to the Shoals.
 11081 | Lair:2   | Reached XP level 12. HP: 76/76 MP: 18/18
 11154 | Lair:2   | 11154 ||| INVOKING Heroism.
 11367 | Lair:2   | 11367 ||| INVOKING Heroism.
 11547 | Lair:2   | Reached skill level 12 in Axes
 11683 | Lair:2   | 11683 ||| READING 11 scrolls of identify.
 11683 | Lair:2   | 11683 ||| IDENTIFYING glowing purple potion
 11684 | Lair:2   | 11684 ||| DROPPING potion of berserk rage.
 11744 | Lair:3   | Noticed a catoblepas
 11745 | Lair:3   | 11745 ||| INVOKING Heroism.
 11746 | Lair:3   | 11746 ||| INVOKING Finesse.
 11763 | Lair:3   | Killed a catoblepas
 11819 | Lair:3   | Noticed a death yak
 11819 | Lair:3   | Noticed a death yak
 11819 | Lair:3   | Noticed a death yak
 11819 | Lair:3   | Noticed a death yak
 11819 | Lair:3   | Noticed a death yak
 11820 | Lair:3   | 11820 ||| Stepping ~*~*~tactically~*~*~ (stealth).
 11821 | Lair:3   | 11821 ||| INVOKING Heroism.
 11822 | Lair:3   | 11822 ||| Stepping ~*~*~tactically~*~*~ (stealth).
 11823 | Lair:3   | 11823 ||| Stepping ~*~*~tactically~*~*~ (stealth).
 11824 | Lair:3   | 11824 ||| INVOKING Finesse.
 11827 | Lair:3   | Noticed a death yak
 11831 | Lair:3   | Killed a death yak
 11842 | Lair:3   | Killed a death yak
 11843 | Lair:3   | Reached skill level 6 in Shields
 11845 | Lair:3   | Killed a death yak
 11845 | Lair:3   | Received a gift from Okawaru
 11857 | Lair:3   | Killed a death yak
 11861 | Lair:3   | Killed a death yak
 11861 | Lair:3   | Received a gift from Okawaru
 11867 | Lair:3   | 11867 ||| INVOKING Finesse.
 11873 | Lair:3   | Killed a death yak
 11928 | Lair:3   | 11928 ||| SWAPPING to +0 broad axe of freezing.
 11929 | Lair:3   | 11929 ||| DROPPING +2 war axe.
 12108 | Lair:3   | 12108 ||| Stepping ~*~*~tactically~*~*~ (stealth).
 12110 | Lair:3   | 12110 ||| Stepping ~*~*~tactically~*~*~ (stealth).
 12111 | Lair:3   | 12111 ||| INVOKING Heroism.
 12305 | Lair:3   | Identified the +1 glaive "Cakathrea" {vorpal, Int+3 Dex+2
                  | SInv}
 12584 | Lair:3   | 12584 ||| UPGRADING to amulet of the acrobat.
 12596 | Lair:4   | 12596 ||| Stepping ~*~*~tactically~*~*~ (stealth).
 12598 | Lair:4   | 12598 ||| INVOKING Heroism.
 12651 | Lair:4   | 12651 ||| INVOKING Heroism.
 12683 | Lair:4   | Reached XP level 13. HP: 82/82 MP: 20/20
 12689 | Lair:4   | 12689 ||| READING scroll of enchant weapon.
 12689 | Lair:4   | 12689 ||| ENCHANTING +0 broad axe of freezing.
 12698 | Lair:4   | 12698 ||| INVOKING Heroism.
 12779 | Lair:4   | 12779 ||| READING scroll of enchant weapon.
 12779 | Lair:4   | 12779 ||| ENCHANTING +1 broad axe of freezing.
 12853 | Lair:4   | 12853 ||| INVOKING Heroism.
 12858 | Lair:4   | Identified the +0 pair of gloves "Zown" {*Slow Regen+
                  | rCorr} (Okawaru gifted it to you on level 4 of the Lair of
                  | Beasts)
 12858 | Lair:4   | Received a gift from Okawaru
 12882 | Lair:4   | 12882 ||| Stepping ~*~*~tactically~*~*~ (stealth).
 12883 | Lair:4   | 12883 ||| Stepping ~*~*~tactically~*~*~ (stealth).
 12884 | Lair:4   | 12884 ||| Stepping ~*~*~tactically~*~*~ (stealth).
 12885 | Lair:4   | 12885 ||| INVOKING Finesse.
 12957 | Lair:4   | Found a viscous altar of Jiyva.
 12958 | Lair:4   | Found a staircase to the Slime Pits.
 13113 | Lair:4   | 13113 ||| Stepping ~*~*~tactically~*~*~ (stealth).
 13119 | Lair:4   | 13119 ||| INVOKING Heroism.
 13137 | Lair:4   | 13137 ||| Stepping ~*~*~tactically~*~*~ (stealth).
 13173 | Lair:4   | 13173 ||| Stepping ~*~*~tactically~*~*~ (stealth).
 13178 | Lair:4   | 13178 ||| Stepping ~*~*~tactically~*~*~ (stealth).
 13199 | Lair:4   | 13199 ||| INVOKING Heroism.
 13215 | Lair:4   | 13215 ||| DROPPING +2 flail of protection.
 13457 | Lair:4   | 13457 ||| INVOKING Heroism.
 13563 | Lair:4   | 13563 ||| INVOKING Heroism.
 13596 | Lair:4   | 13596 ||| INVOKING Heroism.
 13701 | Lair:4   | 13701 ||| UPGRADING to +0 pair of gloves "Zown" {*Slow
                  | Regen+ rCorr}.
 13711 | Lair:4   | 13711 ||| DROPPING +0 pair of gloves.
 13712 | Lair:4   | 13712 ||| READING 13 scrolls of identify.
 13712 | Lair:4   | 13712 ||| IDENTIFYING viscous yellow potion
 13713 | Lair:4   | 13713 ||| DROPPING potion of invisibility.
 13722 | Lair:5   | Entered Level 5 of the Lair of Beasts
 13723 | Lair:5   | 13723 ||| INVOKING Heroism.
 13725 | Lair:5   | 13725 ||| STAIRDANCE
 13737 | Lair:5   | 13737 ||| STAIRDANCE
 13747 | Lair:5   | 13747 ||| STAIRDANCE
 13749 | Lair:4   | 13749 ||| INVOKING Heroism.
 13764 | Lair:5   | 13764 ||| STAIRDANCE
 13778 | Lair:5   | 13778 ||| STAIRDANCE
 13788 | Lair:5   | 13788 ||| STAIRDANCE
 13828 | Lair:5   | 13828 ||| INVOKING Heroism.
 13881 | Lair:5   | 13881 ||| FLEEEEING.
 13882 | Lair:5   | 13882 ||| INVOKING Heroism.
 13884 | Lair:5   | 13884 ||| Stepping ~*~*~tactically~*~*~ (stealth).
 13951 | Lair:5   | 13951 ||| INVOKING Heroism.
 13952 | Lair:5   | 13952 ||| INVOKING Finesse.
 13955 | Lair:5   | 13955 ||| SWAPPING to +0 morningstar.
 13958 | Lair:5   | 13958 ||| Stepping ~*~*~tactically~*~*~ (outnumbered).
 13965 | Lair:5   | 13965 ||| SWAPPING to +2 broad axe of freezing.
 14069 | Lair:5   | Noticed Urug
 14070 | Lair:5   | 14070 ||| INVOKING Heroism.
 14072 | Lair:5   | 14072 ||| Stepping ~*~*~tactically~*~*~ (stealth).
 14086 | Lair:5   | Killed Urug
 14113 | Lair:5   | Reached skill level 3 in Throwing
 14202 | Lair:5   | 14202 ||| INVOKING Heroism.
 14205 | Lair:5   | 14205 ||| Stepping ~*~*~tactically~*~*~ (stealth).
 14206 | Lair:5   | 14206 ||| Stepping ~*~*~tactically~*~*~ (stealth).
 14233 | Lair:5   | Gained mutation: Your large and strong wings let you fly.
                  | [Gargoyle growth]
 14233 | Lair:5   | Reached XP level 14. HP: 90/90 MP: 21/21
 14348 | Lair:5   | 14348 ||| Stepping ~*~*~tactically~*~*~ (stealth).
 14349 | Lair:5   | 14349 ||| Stepping ~*~*~tactically~*~*~ (stealth).
 14351 | Lair:5   | 14351 ||| Stepping ~*~*~tactically~*~*~ (stealth).
 14370 | Lair:5   | Received a gift from Okawaru
 14401 | Lair:5   | 14401 ||| INVOKING Heroism.
 14402 | Lair:5   | 14402 ||| Stepping ~*~*~tactically~*~*~ (stealth).
 14403 | Lair:5   | 14403 ||| INVOKING Finesse.
 14420 | Lair:5   | Reached skill level 15 in Axes
 14468 | Lair:5   | 14468 ||| INVOKING Heroism.
 14473 | Lair:5   | 14473 ||| SWAPPING to +0 morningstar.
 14484 | Lair:5   | 14484 ||| INVOKING Finesse.
 14490 | Lair:5   | 14490 ||| SWAPPING to +2 broad axe of freezing.
 14496 | Lair:5   | 14496 ||| INVOKING Heroism.
 14587 | Lair:5   | 14587 ||| Stepping ~*~*~tactically~*~*~ (stealth).
 14671 | Lair:5   | 14671 ||| INVOKING Heroism.
 14672 | Lair:5   | 14672 ||| SWAPPING to +0 morningstar.
 14673 | Lair:5   | 14673 ||| INVOKING Finesse.
 14682 | Lair:5   | 14682 ||| SWAPPING to +2 broad axe of freezing.
 14723 | Lair:5   | 14723 ||| Stepping ~*~*~tactically~*~*~ (stealth).
 14931 | Lair:5   | 14931 ||| PLANNING D:1-11
 15063 | D:10     | Entered Level 10 of the Dungeon
 15081 | D:10     | Reached skill level 12 in Fighting
 15086 | D:10     | 15086 ||| Stepping ~*~*~tactically~*~*~ (stealth).
 15087 | D:10     | 15087 ||| Stepping ~*~*~tactically~*~*~ (stealth).
 15088 | D:10     | 15088 ||| Stepping ~*~*~tactically~*~*~ (stealth).
 15092 | D:10     | 15092 ||| Stepping ~*~*~tactically~*~*~ (hiding).
 15093 | D:10     | 15093 ||| Stepping ~*~*~tactically~*~*~ (hiding).
 15399 | D:10     | 15399 ||| Stepping ~*~*~tactically~*~*~ (hiding).
 15487 | D:10     | 15487 ||| Stepping ~*~*~tactically~*~*~ (stealth).
 15489 | D:10     | 15489 ||| Stepping ~*~*~tactically~*~*~ (hiding).
 15496 | D:10     | 15496 ||| Stepping ~*~*~tactically~*~*~ (hiding).
 15628 | D:10     | 15628 ||| Stepping ~*~*~tactically~*~*~ (stealth).
 15631 | D:10     | 15631 ||| INVOKING Heroism.
 15894 | D:10     | 15894 ||| Stepping ~*~*~tactically~*~*~ (stealth).
 15895 | D:10     | 15895 ||| Stepping ~*~*~tactically~*~*~ (stealth).
 16057 | D:10     | 16057 ||| UPGRADING to +0 kite shield.
 16067 | D:10     | 16067 ||| DROPPING +0 buckler.
 16068 | D:10     | 16068 ||| READING 2 scrolls labelled LAUL HIXKUSIAB.
 16069 | D:10     | 16069 ||| READING scroll of brand weapon.
 16069 | D:10     | 16069 ||| BRANDING +2 vorpal broad axe.
 16160 | D:11     | 16160 ||| INVOKING Heroism.
 16214 | D:11     | 16214 ||| Stepping ~*~*~tactically~*~*~ (stealth).
 16433 | D:11     | Found Gozag's Platinum Reserve.
 16433 | D:11     | Found an opulent altar of Gozag.
 16448 | D:11     | 16448 ||| SHOPLISTING ring of Bonikeek {rC++ rN+ MP+9 SInv}
                  | (5290 gold, have 987).
 16513 | D:11     | 16513 ||| INVOKING Heroism.
 16514 | D:11     | 16514 ||| INVOKING Finesse.
 16614 | D:11     | 16614 ||| INVOKING Heroism.
 16675 | D:11     | 16675 ||| READING scroll of acquirement.
 16675 | D:11     | 16675 ||| ACQUIRING +0 kite shield of protection
 16675 | D:11     | Acquired a +0 kite shield of protection
 16677 | D:11     | 16677 ||| UPGRADING to +0 kite shield of protection.
 16687 | D:11     | 16687 ||| DROPPING +0 kite shield.
 16746 | D:11     | Identified the +4 mace of Green Offence {vorpal, rF+ rCorr}
 17187 | D:11     | 17187 ||| PLANNING D
 17212 | D:12     | Found Aggy's General Store.
 17269 | D:12     | Received a gift from Okawaru
 17301 | D:12     | 17301 ||| Stepping ~*~*~tactically~*~*~ (hiding).
 17307 | D:12     | 17307 ||| INVOKING Heroism.
 17334 | D:12     | 17334 ||| INVOKING Finesse.
 17352 | D:12     | Reached skill level 9 in Shields
 17520 | D:12     | 17520 ||| INVOKING Heroism.
 17566 | D:12     | Identified the +8 war axe "Zosta" {vorpal, *Corrode Int+2
                  | Dex+4}
 17568 | D:12     | 17568 ||| DROPPING +8 war axe "Zosta" {vorpal, *Corrode
                  | Int+2 Dex+4}.
 17688 | D:12     | Found a staircase to the Orcish Mines.
 17799 | D:12     | 17799 ||| Stepping ~*~*~tactically~*~*~ (hiding).
 18041 | D:13     | 18041 ||| INVOKING Heroism.
 18068 | D:13     | 18068 ||| Stepping ~*~*~tactically~*~*~ (hiding).
 18071 | D:13     | 18071 ||| INVOKING Finesse.
 18229 | D:13     | 18229 ||| INVOKING Heroism.
 18272 | D:13     | 18272 ||| Stepping ~*~*~tactically~*~*~ (hiding).
 18273 | D:13     | 18273 ||| Stepping ~*~*~tactically~*~*~ (hiding).
 18311 | D:13     | 18311 ||| DROPPING +2 war axe of venom.
 18328 | D:13     | 18328 ||| INVOKING Heroism.
 18416 | D:13     | 18416 ||| Stepping ~*~*~tactically~*~*~ (hiding).
 18527 | D:13     | 18527 ||| DROPPING +0 morningstar.
 18558 | D:13     | 18558 ||| INVOKING Heroism.
 18559 | D:13     | 18559 ||| INVOKING Finesse.
 18561 | D:13     | 18561 ||| SWAPPING to +0 morningstar of protection.
 18564 | D:13     | Received a gift from Okawaru
 18565 | D:13     | 18565 ||| SWAPPING to +2 broad axe of freezing.
 18651 | D:13     | 18651 ||| INVOKING Heroism.
 18664 | D:13     | Reached XP level 15. HP: 79/96 MP: 20/22
 18829 | D:14     | 18829 ||| INVOKING Heroism.
 18842 | D:14     | Received a gift from Okawaru
 18871 | D:14     | 18871 ||| INVOKING Heroism.
 18915 | D:14     | Reached skill level 12 in Shields
 18930 | D:14     | 18930 ||| Stepping ~*~*~tactically~*~*~ (stealth).
 18932 | D:14     | 18932 ||| Stepping ~*~*~tactically~*~*~ (hiding).
 18937 | D:14     | 18937 ||| INVOKING Heroism.
 18985 | D:14     | Found a gate to the Vaults.
 19040 | D:14     | Identified Roxanne's Secrets of the Rocks
 19040 | D:14     | Noticed Roxanne
 19040 | D:14     | Noticed Rupert
 19041 | D:14     | 19041 ||| INVOKING Heroism.
 19042 | D:14     | 19042 ||| INVOKING Finesse.
 19044 | D:14     | Paralysed by Rupert for 5 turns
 19060 | D:14     | Killed Rupert
 19060 | D:14     | Received a gift from Okawaru
 19079 | D:14     | Killed Roxanne
 19114 | D:14     | 19114 ||| READING scroll of brand weapon.
 19114 | D:14     | 19114 ||| BRANDING +2 broad axe of freezing.
 19319 | D:14     | 19319 ||| INVOKING Heroism.
 19320 | D:14     | 19320 ||| INVOKING Finesse.
 19321 | D:14     | 19321 ||| SWAPPING to +0 morningstar of protection.
 19327 | D:14     | Noticed a tengu reaver
 19327 | D:14     | Noticed Louise
 19330 | D:14     | 19330 ||| SWAPPING to +2 vampiric broad axe.
 19349 | D:14     | Killed a tengu reaver
 19354 | D:14     | Noticed a fire giant
 19361 | D:14     | Noticed a frost giant
 19370 | D:14     | Killed Louise
 19374 | D:14     | Noticed a frost giant
 19377 | D:14     | Killed a fire giant
 19377 | D:14     | Received a gift from Okawaru
 19381 | D:14     | Killed a frost giant
 19390 | D:14     | Killed a frost giant
 19390 | D:14     | Received a gift from Okawaru
 19391 | D:14     | Reached skill level 12 in Armour
 19418 | D:14     | Identified the +6 long sword of Pain and Death {vorpal, rC+
                  | rCorr Str-4}
 19622 | D:14     | Reached ****** piety under Okawaru
 19669 | D:14     | 19669 ||| INVOKING Heroism.
 19705 | D:14     | 19705 ||| Stepping ~*~*~tactically~*~*~ (hiding).
 19707 | D:14     | 19707 ||| Stepping ~*~*~tactically~*~*~ (hiding).
 19736 | D:14     | 19736 ||| Stepping ~*~*~tactically~*~*~ (hiding).
 19737 | D:14     | 19737 ||| Stepping ~*~*~tactically~*~*~ (hiding).
 19738 | D:14     | 19738 ||| Stepping ~*~*~tactically~*~*~ (hiding).
 19752 | D:14     | Reached skill level 3 in Dodging
 19907 | D:14     | 19907 ||| UPGRADING to +0 tower shield.
 19917 | D:14     | 19917 ||| DROPPING +0 kite shield of protection.
 19918 | D:14     | 19918 ||| DROPPING +6 ring of dexterity.
 19919 | D:14     | 19919 ||| UPGRADING to +6 ring of strength.
 19947 | D:15     | Entered Level 15 of the Dungeon
 19998 | D:15     | 19998 ||| INVOKING Heroism.
 20004 | D:15     | 20004 ||| Stepping ~*~*~tactically~*~*~ (stealth).
 20098 | D:15     | Noticed Kirke
 20099 | D:15     | 20099 ||| INVOKING Heroism.
 20100 | D:15     | 20100 ||| INVOKING Finesse.
 20101 | D:15     | 20101 ||| Stepping ~*~*~tactically~*~*~ (stealth).
 20102 | D:15     | 20102 ||| Stepping ~*~*~tactically~*~*~ (stealth).
 20123 | D:15     | Killed Kirke
 20136 | D:15     | Noticed Nessos
 20141 | D:15     | 20141 ||| INVOKING Finesse.
 20160 | D:15     | 20160 ||| Stepping ~*~*~tactically~*~*~ (hiding).
 20164 | D:15     | 20164 ||| INVOKING Heroism.
 20176 | D:15     | Killed Nessos
 20249 | D:15     | 20249 ||| Stepping ~*~*~tactically~*~*~ (hiding).
 20278 | D:15     | 20278 ||| INVOKING Heroism.
 20479 | D:15     | 20479 ||| Stepping ~*~*~tactically~*~*~ (stealth).
 20493 | D:15     | 20493 ||| Stepping ~*~*~tactically~*~*~ (stealth).
 20496 | D:15     | 20496 ||| INVOKING Heroism.
 20497 | D:15     | 20497 ||| Stepping ~*~*~tactically~*~*~ (stealth).
 20498 | D:15     | 20498 ||| Stepping ~*~*~tactically~*~*~ (stealth).
 20516 | D:15     | Found a staircase to the Depths.
 20545 | D:15     | 20545 ||| INVOKING Heroism.
 20560 | D:15     | Received a gift from Okawaru
 20601 | D:15     | 20601 ||| Stepping ~*~*~tactically~*~*~ (hiding).
 20858 | D:15     | 20858 ||| PLANNING ORC
 20858 | D:15     | 20858 ||| UPGRADING to amulet of reflection.
 20868 | D:15     | 20868 ||| DROPPING amulet of the acrobat.
 20977 | Orc:1    | Entered Level 1 of the Orcish Mines
 20991 | Orc:1    | 20991 ||| Stepping ~*~*~tactically~*~*~ (hiding).
 20993 | Orc:1    | 20993 ||| Stepping ~*~*~tactically~*~*~ (stealth).
 20994 | Orc:1    | 20994 ||| Stepping ~*~*~tactically~*~*~ (stealth).
 21000 | Orc:1    | 21000 ||| Stepping ~*~*~tactically~*~*~ (stealth).
 21004 | Orc:1    | 21004 ||| Stepping ~*~*~tactically~*~*~ (stealth).
 21005 | Orc:1    | 21005 ||| Stepping ~*~*~tactically~*~*~ (stealth).
 21006 | Orc:1    | 21006 ||| Stepping ~*~*~tactically~*~*~ (stealth).
 21007 | Orc:1    | 21007 ||| Stepping ~*~*~tactically~*~*~ (stealth).
 21064 | Orc:1    | 21064 ||| Stepping ~*~*~tactically~*~*~ (stealth).
 21065 | Orc:1    | Found a frozen archway.
 21066 | Orc:1    | 21066 ||| Stepping ~*~*~tactically~*~*~ (stealth).
 21070 | Orc:1    | Reached XP level 16. HP: 101/101 MP: 23/23
 21079 | Orc:1    | 21079 ||| Stepping ~*~*~tactically~*~*~ (stealth).
 21198 | Orc:2    | Entered Level 2 of the Orcish Mines
 21198 | Orc:2    | Found a staircase to the Elven Halls.
 21199 | Orc:2    | 21199 ||| INVOKING Heroism.
 21241 | Orc:2    | Reached skill level 15 in Shields
 21251 | Orc:2    | Received a gift from Okawaru
 21265 | Orc:2    | 21265 ||| INVOKING Heroism.
 21282 | Orc:2    | 21282 ||| Stepping ~*~*~tactically~*~*~ (stealth).
 21286 | Orc:2    | 21286 ||| Stepping ~*~*~tactically~*~*~ (stealth).
 21290 | Orc:2    | Received a gift from Okawaru
 21499 | Orc:2    | Found Fylod's Assorted Antiques.
 21499 | Orc:2    | Found Muqerch's Assorted Antiques.
 21500 | Orc:2    | Found Awni's Book Shop.
 21500 | Orc:2    | Found Raroyg's Assorted Antiques.
 21507 | Orc:2    | 21507 ||| BUYING knobbly garnet ring (170 gold).
 21507 | Orc:2    | Bought a knobbly garnet ring for 170 gold pieces
 21507 | Orc:2    | 21507 ||| BUYING scroll labelled MURRON WEMP (34 gold).
 21507 | Orc:2    | Bought a scroll labelled MURRON WEMP for 34 gold pieces
 21507 | Orc:2    | 21507 ||| BUYING small brass ring (170 gold).
 21507 | Orc:2    | Bought a small brass ring for 170 gold pieces
 21508 | Orc:2    | 21508 ||| BUYING scroll of enchant armour (255 gold).
 21508 | Orc:2    | Bought a scroll of enchant armour for 255 gold pieces
 21508 | Orc:2    | 21508 ||| READING scroll of enchant armour.
 21508 | Orc:2    | 21508 ||| ENCHANTING +0 helmet.
 21510 | Orc:2    | 21510 ||| BUYING potion of curing (78 gold).
 21510 | Orc:2    | Bought a potion of curing for 78 gold pieces
 21510 | Orc:2    | 21510 ||| BUYING scroll of teleportation (78 gold).
 21510 | Orc:2    | Bought a scroll of teleportation for 78 gold pieces
 21663 | Orc:2    | 21663 ||| UPGRADING to ring of see invisible.
 21665 | Orc:2    | 21665 ||| DROPPING ring of poison resistance.
 21666 | Orc:2    | 21666 ||| READING scroll labelled MURRON WEMP.
 21846 | Orc:1    | 21846 ||| INVOKING Heroism.
 21906 | Orc:1    | 21906 ||| INVOKING Heroism.
 22053 | Orc:1    | 22053 ||| Stepping ~*~*~tactically~*~*~ (hiding).
 22056 | Orc:1    | 22056 ||| INVOKING Heroism.
 22161 | Orc:1    | 22161 ||| Stepping ~*~*~tactically~*~*~ (stealth).
 22166 | Orc:1    | 22166 ||| INVOKING Heroism.
 22229 | Orc:1    | 22229 ||| PLANNING SPIDER:1-3
 22435 | Spider:1 | Entered Level 1 of the Spider Nest
 22435 | Spider:1 | You are sucked into a shaft and drop 1 floor!
 22446 | Spider:1 | 22446 ||| INVOKING Heroism.
 22453 | Spider:1 | 22453 ||| INVOKING Finesse.
 22525 | Spider:1 | 22525 ||| INVOKING Heroism.
 22526 | Spider:1 | 22526 ||| INVOKING Finesse.
 22562 | Spider:1 | Noticed Donald
 22563 | Spider:1 | 22563 ||| INVOKING Heroism.
 22592 | Spider:1 | Killed Donald
 22606 | Spider:1 | 22606 ||| INVOKING Finesse.
 22638 | Spider:1 | 22638 ||| Stepping ~*~*~tactically~*~*~ (stealth).
 22639 | Spider:1 | 22639 ||| Stepping ~*~*~tactically~*~*~ (stealth).
 22661 | Spider:1 | 22661 ||| INVOKING Heroism.
 22673 | Spider:1 | Noticed Aizul
 22674 | Spider:1 | 22674 ||| INVOKING Finesse.
 22712 | Spider:1 | 22712 ||| INVOKING Heroism.
 22718 | Spider:1 | Killed Aizul
 22762 | Spider:1 | 22762 ||| READING scroll of enchant weapon.
 22762 | Spider:1 | 22762 ||| ENCHANTING +2 vampiric broad axe.
 22787 | Spider:1 | 22787 ||| Stepping ~*~*~tactically~*~*~ (stealth).
 22819 | Spider:1 | 22819 ||| Stepping ~*~*~tactically~*~*~ (stealth).
 22849 | Spider:1 | 22849 ||| INVOKING Finesse.
 22852 | Spider:1 | Received a gift from Okawaru
 22853 | Spider:1 | 22853 ||| Stepping ~*~*~tactically~*~*~ (hiding).
 22886 | Spider:1 | 22886 ||| INVOKING Finesse.
 22890 | Spider:1 | 22890 ||| INVOKING Heroism.
 23044 | Spider:2 | 23044 ||| STAIRDANCE
 23046 | Spider:1 | 23046 ||| INVOKING Heroism.
 23082 | Spider:2 | 23082 ||| Stepping ~*~*~tactically~*~*~ (stealth).
 23084 | Spider:2 | 23084 ||| Stepping ~*~*~tactically~*~*~ (stealth).
 23123 | Spider:2 | 23123 ||| INVOKING Finesse.
 23124 | Spider:2 | 23124 ||| INVOKING Heroism.
 23181 | Spider:2 | 23181 ||| Stepping ~*~*~tactically~*~*~ (stealth).
 23183 | Spider:2 | 23183 ||| INVOKING Heroism.
 23211 | Spider:2 | Reached XP level 17. HP: 82/106 MP: 24/24
 23272 | Spider:2 | Noticed Arachne
 23273 | Spider:2 | 23273 ||| Stepping ~*~*~tactically~*~*~ (hiding).
 23274 | Spider:2 | 23274 ||| INVOKING Finesse.
 23288 | Spider:2 | Killed Arachne
 23370 | Spider:2 | 23370 ||| INVOKING Finesse.
 23406 | Spider:2 | Received a gift from Okawaru
 23452 | Spider:2 | 23452 ||| Stepping ~*~*~tactically~*~*~ (hiding).
 23456 | Spider:2 | 23456 ||| INVOKING Heroism.
 23542 | Spider:2 | 23542 ||| INVOKING Heroism.
 23547 | Spider:2 | 23547 ||| INVOKING Finesse.
 23823 | Spider:3 | Noticed Agnes
 23824 | Spider:3 | 23824 ||| INVOKING Heroism.
 23825 | Spider:3 | 23825 ||| INVOKING Finesse.
 23826 | Spider:3 | 23826 ||| INVOKING Finesse.
 23832 | Spider:3 | Killed Agnes
 23852 | Spider:3 | 23852 ||| INVOKING Finesse.
 23870 | Spider:3 | Received a gift from Okawaru
 23873 | Spider:3 | 23873 ||| INVOKING Heroism.
 23885 | Spider:3 | 23885 ||| INVOKING Finesse.
 23923 | Spider:3 | Received a gift from Okawaru
 23928 | Spider:3 | 23928 ||| Stepping ~*~*~tactically~*~*~ (stealth).
 23931 | Spider:3 | 23931 ||| FLEEEEING.
 23932 | Spider:3 | 23932 ||| STAIRDANCE
 23989 | Spider:3 | 23989 ||| DROPPING +0 morningstar of protection.
 24053 | Spider:3 | Noticed Asterion
 24054 | Spider:3 | 24054 ||| Stepping ~*~*~tactically~*~*~ (hiding).
 24058 | Spider:3 | 24058 ||| INVOKING Finesse.
 24062 | Spider:3 | 24062 ||| INVOKING Heroism.
 24081 | Spider:3 | Killed Asterion
 24092 | Spider:3 | 24092 ||| INVOKING Finesse.
 24100 | Spider:3 | 24100 ||| INVOKING Heroism.
 24549 | Spider:3 | 24549 ||| PLANNING SHOALS:1-3
 24549 | Spider:3 | 24549 ||| DROPPING scarf of invisibility.
 24610 | Shoals:1 | Entered Level 1 of the Shoals
 24621 | Shoals:1 | Reached skill level 6 in Throwing
 24622 | Shoals:1 | Noticed Jorgrun
 24645 | Shoals:1 | Killed Jorgrun
 24730 | Shoals:1 | 24730 ||| INVOKING Heroism.
 24827 | Shoals:1 | 24827 ||| INVOKING Heroism.
 24830 | Shoals:1 | Identified the +0 hat of Fashionability {rElec rC- Int+4}
                  | (Okawaru gifted it to you on level 1 of the Shoals)
 24830 | Shoals:1 | Received a gift from Okawaru
 24880 | Shoals:1 | 24880 ||| Stepping ~*~*~tactically~*~*~ (hiding).
 24885 | Shoals:1 | 24885 ||| INVOKING Heroism.
 24967 | Shoals:1 | 24967 ||| Stepping ~*~*~tactically~*~*~ (stealth).
 24970 | Shoals:1 | Noticed Nikola
 24971 | Shoals:1 | 24971 ||| Stepping ~*~*~tactically~*~*~ (hiding).
 24976 | Shoals:1 | 24976 ||| Stepping ~*~*~tactically~*~*~ (hiding).
 24980 | Shoals:1 | 24980 ||| INVOKING Heroism.
 24981 | Shoals:1 | 24981 ||| INVOKING Finesse.
 25018 | Shoals:1 | 25018 ||| INVOKING Finesse.
 25019 | Shoals:1 | Killed Nikola
 25100 | Shoals:1 | Identified the +5 great mace "Foal" {drain, *Rage rF+ rN+}
 25102 | Shoals:1 | 25102 ||| Stepping ~*~*~tactically~*~*~ (hiding).
 25119 | Shoals:1 | Reached skill level 18 in Axes
 25121 | Shoals:1 | 25121 ||| Stepping ~*~*~tactically~*~*~ (hiding).
 25126 | Shoals:1 | 25126 ||| INVOKING Heroism.
 25172 | Shoals:1 | Noticed a kraken
 25175 | Shoals:1 | 25175 ||| INVOKING Heroism.
 25182 | Shoals:1 | Killed a kraken
 25599 | Shoals:1 | 25599 ||| DROPPING +0 hat of Fashionability {rElec rC-
                  | Int+4}.
 25626 | Shoals:2 | 25626 ||| Stepping ~*~*~tactically~*~*~ (hiding).
 25627 | Shoals:2 | 25627 ||| Stepping ~*~*~tactically~*~*~ (hiding).
 25630 | Shoals:2 | 25630 ||| INVOKING Heroism.
 25710 | Shoals:2 | 25710 ||| INVOKING Heroism.
 25891 | Shoals:2 | Noticed a kraken
 25894 | Shoals:2 | 25894 ||| INVOKING Heroism.
 25898 | Shoals:2 | Killed a kraken
 25899 | Shoals:2 | Reached XP level 18. HP: 111/115 MP: 22/25
 25901 | Shoals:2 | 25901 ||| DROPPING +4 mace of Green Offence {vorpal, rF+
                  | rCorr}.
 25902 | Shoals:2 | 25902 ||| DROPPING +0 demon whip of draining.
 26386 | Shoals:3 | 26386 ||| INVOKING Heroism.
 26424 | Shoals:3 | 26424 ||| INVOKING Heroism.
 26556 | Shoals:3 | 26556 ||| Stepping ~*~*~tactically~*~*~ (hiding).
 26586 | Shoals:3 | 26586 ||| Stepping ~*~*~tactically~*~*~ (stealth).
 26587 | Shoals:3 | 26587 ||| Stepping ~*~*~tactically~*~*~ (stealth).
 26587 | Shoals:3 | Noticed Polyphemus
 26588 | Shoals:3 | 26588 ||| INVOKING Heroism.
 26591 | Shoals:3 | 26591 ||| Stepping ~*~*~tactically~*~*~ (stealth).
 26593 | Shoals:3 | 26593 ||| INVOKING Finesse.
 26603 | Shoals:3 | Reached skill level 18 in Shields
 26628 | Shoals:3 | Killed Polyphemus
 26658 | Shoals:3 | 26658 ||| Stepping ~*~*~tactically~*~*~ (hiding).
 26660 | Shoals:3 | 26660 ||| INVOKING Heroism.
 26751 | Shoals:3 | Noticed Bai Suzhen
 26756 | Shoals:3 | 26756 ||| INVOKING Heroism.
 26757 | Shoals:3 | 26757 ||| INVOKING Finesse.
 26778 | Shoals:3 | Killed Bai Suzhen
 26779 | Shoals:3 | 26779 ||| Stepping ~*~*~tactically~*~*~ (cloud).
 26903 | Shoals:3 | 26903 ||| INVOKING Heroism.
 26963 | Shoals:3 | 26963 ||| INVOKING Heroism.
 26975 | Shoals:3 | Identified the +4 hand axe of Neddery {flame, Fly} (Okawaru
                  | gifted it to you on level 3 of the Shoals)
 26975 | Shoals:3 | Received a gift from Okawaru
 27108 | Shoals:3 | Found Bobiagug's Antique Weapon Shoppe.
 27323 | Shoals:3 | 27323 ||| PLANNING SPIDER:4
 27323 | Shoals:3 | 27323 ||| DROPPING scarf of harm.
 27488 | Spider:4 | Entered Level 4 of the Spider Nest
 27492 | Spider:4 | 27492 ||| INVOKING Heroism.
 27503 | Spider:4 | 27503 ||| INVOKING Finesse.
 27512 | Spider:4 | Reached skill level 15 in Fighting
 27552 | Spider:4 | 27552 ||| INVOKING Heroism.
 27593 | Spider:4 | 27593 ||| INVOKING Finesse.
 27700 | Spider:4 | 27700 ||| INVOKING Heroism.
 27701 | Spider:4 | 27701 ||| INVOKING Finesse.
 27750 | Spider:4 | 27750 ||| Stepping ~*~*~tactically~*~*~ (hiding).
 27777 | Spider:4 | 27777 ||| Stepping ~*~*~tactically~*~*~ (hiding).
 27778 | Spider:4 | 27778 ||| Stepping ~*~*~tactically~*~*~ (hiding).
 27779 | Spider:4 | 27779 ||| INVOKING Finesse.
 27835 | Spider:4 | 27835 ||| INVOKING Heroism.
 27860 | Spider:4 | 27860 ||| Stepping ~*~*~tactically~*~*~ (stealth).
 27866 | Spider:4 | Received a gift from Okawaru
 27878 | Spider:4 | 27878 ||| INVOKING Heroism.
 27903 | Spider:4 | Reached skill level 15 in Armour
 28060 | Spider:4 | 28060 ||| Stepping ~*~*~tactically~*~*~ (stealth).
 28064 | Spider:4 | 28064 ||| INVOKING Heroism.
 28270 | Spider:4 | 28270 ||| INVOKING Heroism.
 28439 | Spider:4 | 28439 ||| INVOKING Heroism.
 28567 | Spider:4 | 28567 ||| Stepping ~*~*~tactically~*~*~ (stealth).
 28591 | Spider:4 | 28591 ||| INVOKING Heroism.
 28613 | Spider:4 | 28613 ||| DRINKING 12 potions of curing.
 28613 | Spider:4 | 28613 ||| (to cure confusion)
 28615 | Spider:4 | 28615 ||| DRINKING 11 potions of curing.
 28615 | Spider:4 | 28615 ||| (to cure confusion)
 28633 | Spider:4 | 28633 ||| INVOKING Heroism.
 28647 | Spider:4 | Reached XP level 19. HP: 124/124 MP: 26/26
 28688 | Spider:4 | 28688 ||| DRINKING potion of experience.
 28688 | Spider:4 | Reached XP level 20. HP: 132/132 MP: 27/27
 28698 | Spider:4 | Got a gossamer rune of Zot
 28703 | Spider:4 | Identified the +0 hat "Ajoh" {+Inv Str+2}
 28719 | Spider:4 | 28719 ||| PLANNING VAULTS:1-4
 28719 | Spider:4 | 28719 ||| DROPPING +2 cloak.
 28720 | Spider:4 | 28720 ||| DROPPING +1 pair of boots of flying.
 28721 | Spider:4 | 28721 ||| DROPPING +0 hat "Ajoh" {+Inv Str+2}.
 28722 | Spider:4 | 28722 ||| DROPPING +6 ring of strength.
 29029 | Vaults:1 | Entered Level 1 of the Vaults
 29106 | Vaults:1 | 29106 ||| INVOKING Heroism.
 29121 | Vaults:1 | 29121 ||| Stepping ~*~*~tactically~*~*~ (hiding).
 29143 | Vaults:1 | 29143 ||| INVOKING Heroism.
 29143 | Vaults:1 | HP: 32/132 [frost giant/bolt of cold (18)]
 29144 | Vaults:1 | 29144 ||| READING 11 scrolls of teleportation.
 29315 | Vaults:1 | 29315 ||| INVOKING Heroism.
 29335 | Vaults:1 | 29335 ||| INVOKING Finesse.
 29404 | Vaults:1 | 29404 ||| Stepping ~*~*~tactically~*~*~ (hiding).
 29405 | Vaults:1 | 29405 ||| Stepping ~*~*~tactically~*~*~ (hiding).
 29429 | Vaults:1 | 29429 ||| Stepping ~*~*~tactically~*~*~ (stealth).
 29433 | Vaults:1 | 29433 ||| Stepping ~*~*~tactically~*~*~ (stealth).
 29437 | Vaults:1 | 29437 ||| Stepping ~*~*~tactically~*~*~ (hiding).
 29518 | Vaults:1 | Received a gift from Okawaru
 29538 | Vaults:1 | 29538 ||| INVOKING Heroism.
 29609 | Vaults:1 | 29609 ||| INVOKING Heroism.
 29634 | Vaults:1 | 29634 ||| Stepping ~*~*~tactically~*~*~ (hiding).
 29635 | Vaults:1 | 29635 ||| Stepping ~*~*~tactically~*~*~ (hiding).
 29636 | Vaults:1 | 29636 ||| Stepping ~*~*~tactically~*~*~ (hiding).
 29640 | Vaults:1 | 29640 ||| Stepping ~*~*~tactically~*~*~ (hiding).
 29771 | Vaults:1 | 29771 ||| Stepping ~*~*~tactically~*~*~ (stealth).
 29772 | Vaults:1 | 29772 ||| Stepping ~*~*~tactically~*~*~ (stealth).
 29776 | Vaults:1 | Received a gift from Okawaru
 29778 | Vaults:1 | 29778 ||| INVOKING Heroism.
 29810 | Vaults:1 | 29810 ||| INVOKING Heroism.
 29886 | Vaults:1 | 29886 ||| Stepping ~*~*~tactically~*~*~ (stealth).
 29889 | Vaults:1 | 29889 ||| Stepping ~*~*~tactically~*~*~ (stealth).
 29932 | Vaults:1 | 29932 ||| INVOKING Heroism.
 29934 | Vaults:1 | 29934 ||| INVOKING Finesse.
 30106 | Vaults:1 | 30106 ||| INVOKING Heroism.
 30141 | Vaults:1 | 30141 ||| Stepping ~*~*~tactically~*~*~ (hiding).
 30300 | Vaults:1 | 30300 ||| INVOKING Heroism.
 30396 | Vaults:1 | You are sucked into a shaft and drop 1 floor!
 30400 | Vaults:2 | 30400 ||| INVOKING Heroism.
 30458 | Vaults:2 | 30458 ||| INVOKING Heroism.
 30509 | Vaults:2 | Found Zuinune's Weapon Shoppe.
 30616 | Vaults:2 | 30616 ||| Stepping ~*~*~tactically~*~*~ (hiding).
 30618 | Vaults:2 | 30618 ||| Stepping ~*~*~tactically~*~*~ (hiding).
 30621 | Vaults:2 | 30621 ||| INVOKING Heroism.
 30869 | Vaults:2 | 30869 ||| Stepping ~*~*~tactically~*~*~ (stealth).
 30870 | Vaults:2 | 30870 ||| Stepping ~*~*~tactically~*~*~ (stealth).
 30871 | Vaults:2 | 30871 ||| Stepping ~*~*~tactically~*~*~ (stealth).
 30945 | Vaults:1 | Found Nuemp's Armour Shop.
 30946 | Vaults:1 | 30946 ||| INVOKING Heroism.
 31076 | Vaults:1 | 31076 ||| READING scroll of enchant weapon.
 31076 | Vaults:1 | 31076 ||| ENCHANTING +3 vampiric broad axe.
 31149 | Vaults:1 | 31149 ||| Stepping ~*~*~tactically~*~*~ (hiding).
 31584 | Vaults:2 | Received a gift from Okawaru
 31859 | Vaults:2 | 31859 ||| FLEEEEING.
 31863 | Vaults:2 | 31863 ||| FLEEEEING.
 31868 | Vaults:2 | 31868 ||| FLEEEEING.
 31869 | Vaults:2 | 31869 ||| FLEEEEING.
 31871 | Vaults:2 | 31871 ||| FLEEEEING.
 31872 | Vaults:2 | 31872 ||| FLEEEEING.
 31873 | Vaults:2 | 31873 ||| FLEEEEING.
 31874 | Vaults:2 | 31874 ||| FLEEEEING.
 31877 | Vaults:2 | 31877 ||| FLEEEEING.
 31878 | Vaults:2 | 31878 ||| FLEEEEING.
 31880 | Vaults:2 | 31880 ||| FLEEEEING.
 31881 | Vaults:2 | 31881 ||| FLEEEEING.
 31882 | Vaults:2 | 31882 ||| STAIRDANCE
 31986 | Vaults:2 | 31986 ||| STAIRDANCE
 31998 | Vaults:2 | 31998 ||| INVOKING Heroism.
 32093 | Vaults:2 | 32093 ||| INVOKING Heroism.
 32096 | Vaults:2 | Received a gift from Okawaru
 32474 | Vaults:3 | 32474 ||| INVOKING Heroism.
 32523 | Vaults:3 | 32523 ||| INVOKING Heroism.
 32525 | Vaults:3 | Reached XP level 21. HP: 136/139 MP: 25/28
 32530 | Vaults:3 | Received a gift from Okawaru
 32574 | Vaults:3 | 32574 ||| INVOKING Heroism.
 32664 | Vaults:3 | 32664 ||| Stepping ~*~*~tactically~*~*~ (stealth).
 32675 | Vaults:3 | 32675 ||| Stepping ~*~*~tactically~*~*~ (stealth).
 32682 | Vaults:3 | 32682 ||| Stepping ~*~*~tactically~*~*~ (stealth).
 32736 | Vaults:3 | 32736 ||| Stepping ~*~*~tactically~*~*~ (hiding).
 32739 | Vaults:3 | 32739 ||| INVOKING Heroism.
 32740 | Vaults:3 | 32740 ||| Stepping ~*~*~tactically~*~*~ (hiding).
 32741 | Vaults:3 | 32741 ||| Stepping ~*~*~tactically~*~*~ (hiding).
 32753 | Vaults:3 | Identified the +5 short sword "Wokh" {vorpal, Str+2 Int-3
                  | SInv} (Okawaru gifted it to you on level 3 of the Vaults)
 32753 | Vaults:3 | Received a gift from Okawaru
 32758 | Vaults:3 | Reached skill level 18 in Fighting
 32789 | Vaults:3 | 32789 ||| Stepping ~*~*~tactically~*~*~ (stealth).
 32791 | Vaults:3 | 32791 ||| Stepping ~*~*~tactically~*~*~ (stealth).
 32824 | Vaults:3 | 32824 ||| READING scroll of enchant weapon.
 32824 | Vaults:3 | 32824 ||| ENCHANTING +4 vampiric broad axe.
 32854 | Vaults:3 | 32854 ||| INVOKING Heroism.
 32938 | Vaults:3 | Found a staircase to the Crypt.
 33009 | Vaults:3 | 33009 ||| Stepping ~*~*~tactically~*~*~ (stealth).
 33098 | Vaults:3 | 33098 ||| Stepping ~*~*~tactically~*~*~ (hiding).
 33100 | Vaults:3 | 33100 ||| Stepping ~*~*~tactically~*~*~ (hiding).
 33114 | Vaults:3 | Identified the +1 ring mail of the Valley of Death {Str+6}
                  | (Okawaru gifted it to you on level 3 of the Vaults)
 33114 | Vaults:3 | Received a gift from Okawaru
 33278 | Vaults:3 | 33278 ||| INVOKING Heroism.
 33311 | Vaults:3 | 33311 ||| INVOKING Heroism.
 33441 | Vaults:3 | 33441 ||| INVOKING Heroism.
 33463 | Vaults:3 | Reached skill level 18 in Armour
 33512 | Vaults:3 | 33512 ||| Stepping ~*~*~tactically~*~*~ (hiding).
 33787 | Vaults:3 | 33787 ||| INVOKING Heroism.
 33952 | Vaults:4 | 33952 ||| PLANNING DESOLATION
 33952 | Vaults:4 | 33952 ||| INVOKING Heroism.
 34043 | Vaults:4 | 34043 ||| Stepping ~*~*~tactically~*~*~ (stealth).
 34049 | Vaults:4 | 34049 ||| INVOKING Heroism.
 34160 | Vaults:4 | 34160 ||| Stepping ~*~*~tactically~*~*~ (hiding).
 34162 | Vaults:4 | 34162 ||| Stepping ~*~*~tactically~*~*~ (hiding).
 34354 | Vaults:4 | 34354 ||| INVOKING Heroism.
 34355 | Vaults:4 | 34355 ||| INVOKING Finesse.
 34497 | Vaults:4 | 34497 ||| Stepping ~*~*~tactically~*~*~ (stealth).
 34498 | Vaults:4 | 34498 ||| Stepping ~*~*~tactically~*~*~ (stealth).
 34506 | Vaults:4 | 34506 ||| INVOKING Heroism.
 34576 | Vaults:4 | Found a crumbling gateway.
 34593 | Desolati | Entered the Desolation of Salt
 34620 | Desolati | 34620 ||| INVOKING Heroism.
 34640 | Desolati | 34640 ||| Stepping ~*~*~tactically~*~*~ (stealth).
 34641 | Desolati | 34641 ||| Stepping ~*~*~tactically~*~*~ (stealth).
 34662 | Desolati | 34662 ||| Stepping ~*~*~tactically~*~*~ (stealth).
 34665 | Desolati | 34665 ||| Stepping ~*~*~tactically~*~*~ (stealth).
 34723 | Desolati | Identified the +3 scale mail "Mugeaff" {Harm rElec}
 34777 | Desolati | Identified the ring of Quphas {rF+ AC+4}
 34781 | Desolati | Identified the +0 ring mail of the Pleiades {rElec Will+}
 34782 | Desolati | Identified the +8 rapier "Bumot" {pain, *Slow +Blink rCorr
                  | Int+6}
 34841 | Desolati | 34841 ||| INVOKING Heroism.
 34856 | Desolati | Identified the +1 pair of gloves of Unambiguity {Int+3}
                  | (Okawaru gifted it to you in the Desolation of Salt)
 34856 | Desolati | Received a gift from Okawaru
 34857 | Desolati | Reached XP level 22. HP: 140/145 MP: 29/29
 34861 | Desolati | 34861 ||| INVOKING Heroism.
 34922 | Desolati | 34922 ||| Stepping ~*~*~tactically~*~*~ (stealth).
 34925 | Desolati | 34925 ||| INVOKING Heroism.
 34968 | Desolati | 34968 ||| INVOKING Heroism.
 34996 | Desolati | 34996 ||| Stepping ~*~*~tactically~*~*~ (hiding).
 34997 | Desolati | 34997 ||| Stepping ~*~*~tactically~*~*~ (hiding).
 35014 | Desolati | 35014 ||| Stepping ~*~*~tactically~*~*~ (stealth).
 35017 | Desolati | 35017 ||| Stepping ~*~*~tactically~*~*~ (stealth).
 35055 | Desolati | 35055 ||| INVOKING Heroism.
 35135 | Desolati | 35135 ||| Stepping ~*~*~tactically~*~*~ (hiding).
 35172 | Desolati | Identified the +0 ring mail of the Learner {rF+ Str-3
                  | Stlth+}
 35178 | Desolati | 35178 ||| Stepping ~*~*~tactically~*~*~ (hiding).
 35290 | Desolati | 35290 ||| Stepping ~*~*~tactically~*~*~ (stealth).
 35293 | Desolati | 35293 ||| Stepping ~*~*~tactically~*~*~ (stealth).
 35302 | Desolati | 35302 ||| INVOKING Heroism.
 35308 | Desolati | 35308 ||| Stepping ~*~*~tactically~*~*~ (stealth).
 35328 | Desolati | Identified the amulet "Tecasm" {RegenMP Rampage Int+4}
 35398 | Desolati | Identified the +8 halberd "Vieviof" {vorpal, rF++ rCorr}
 35649 | Desolati | 35649 ||| DROPPING +1 pair of gloves of Unambiguity
                  | {Int+3}.
 35650 | Desolati | 35650 ||| DROPPING +0 pair of gloves of hurling.
 35651 | Desolati | 35651 ||| DROPPING amulet "Tecasm" {RegenMP Rampage Int+4}.
 35652 | Desolati | 35652 ||| UPGRADING to ring of Quphas {rF+ AC+4}.
 35654 | Desolati | 35654 ||| DROPPING +4 ring of slaying {mikee}.
 35655 | Desolati | 35655 ||| DROPPING ring of see invisible.
 35691 | Vaults:4 | 35691 ||| PLANNING VAULTS:1-4
 35719 | Vaults:4 | 35719 ||| Stepping ~*~*~tactically~*~*~ (hiding).
 35813 | Vaults:4 | 35813 ||| INVOKING Heroism.
 35869 | Vaults:4 | 35869 ||| INVOKING Heroism.
 35896 | Vaults:4 | 35896 ||| DRINKING 10 potions of curing.
 35896 | Vaults:4 | 35896 ||| (to cure confusion)
 35897 | Vaults:4 | 35897 ||| DRINKING 9 potions of curing.
 35897 | Vaults:4 | 35897 ||| (to cure confusion)
 35944 | Vaults:4 | Found Fammeun's Antique Armour Shop.
 35952 | Vaults:4 | 35952 ||| BUYING embroidered cloak (180 gold).
 35952 | Vaults:4 | Bought an embroidered cloak for 180 gold pieces
 35952 | Vaults:4 | 35952 ||| BUYING pair of runed boots (180 gold).
 35952 | Vaults:4 | Bought a pair of runed boots for 180 gold pieces
 35974 | Vaults:4 | 35974 ||| Stepping ~*~*~tactically~*~*~ (stealth).
 35975 | Vaults:4 | 35975 ||| Stepping ~*~*~tactically~*~*~ (stealth).
 35977 | Vaults:4 | 35977 ||| INVOKING Heroism.
 36174 | Vaults:4 | 36174 ||| PLANNING SHOALS:4
 36174 | Vaults:4 | 36174 ||| DROPPING +1 cloak.
 36175 | Vaults:4 | 36175 ||| DROPPING +1 pair of boots of stealth.
 36540 | Shoals:4 | Entered Level 4 of the Shoals
 36577 | Shoals:4 | 36577 ||| INVOKING Heroism.
 36586 | Shoals:4 | Paralysed by an air elemental for 1 turns
 36600 | Shoals:4 | Identified the +4 broad axe "Keshamugh" {speed, rC++ rN+++
                  | Str+2} (Okawaru gifted it to you on level 4 of the Shoals)
 36600 | Shoals:4 | Received a gift from Okawaru
 36608 | Shoals:4 | 36608 ||| SWAPPING to +4 broad axe "Keshamugh" {speed, rC++
                  | rN+++ Str+2}.
 36609 | Shoals:4 | 36609 ||| DROPPING +4 broad axe of electrocution.
 36623 | Shoals:4 | 36623 ||| INVOKING Finesse.
 36644 | Shoals:4 | 36644 ||| Stepping ~*~*~tactically~*~*~ (hiding).
 36670 | Shoals:4 | Reached skill level 6 in Dodging
 36694 | Shoals:4 | 36694 ||| Stepping ~*~*~tactically~*~*~ (hiding).
 36712 | Shoals:4 | Got a barnacled rune of Zot
 36716 | Shoals:4 | 36716 ||| Stepping ~*~*~tactically~*~*~ (hiding).
 36730 | Shoals:4 | 36730 ||| Stepping ~*~*~tactically~*~*~ (stealth).
 36732 | Shoals:4 | 36732 ||| INVOKING Heroism.
 36733 | Shoals:4 | 36733 ||| INVOKING Finesse.
 36735 | Shoals:4 | 36735 ||| Stepping ~*~*~tactically~*~*~ (hiding).
 36757 | Shoals:4 | 36757 ||| Stepping ~*~*~tactically~*~*~ (hiding).
 36759 | Shoals:4 | Identified the +10 long sword of Departure {holy, rF+ rCorr
                  | Int+4}
 36824 | Shoals:4 | 36824 ||| INVOKING Heroism.
 36865 | Shoals:4 | 36865 ||| Stepping ~*~*~tactically~*~*~ (stealth).
 36867 | Shoals:4 | Paralysed by an air elemental for 1 turns
 36882 | Shoals:4 | 36882 ||| Stepping ~*~*~tactically~*~*~ (stealth).
 36905 | Shoals:4 | 36905 ||| Stepping ~*~*~tactically~*~*~ (hiding).
 36907 | Shoals:4 | 36907 ||| Stepping ~*~*~tactically~*~*~ (hiding).
 36915 | Shoals:4 | 36915 ||| INVOKING Heroism.
 36930 | Shoals:4 | 36930 ||| Stepping ~*~*~tactically~*~*~ (hiding).
 36940 | Shoals:4 | 36940 ||| INVOKING Finesse.
 36975 | Shoals:4 | 36975 ||| Stepping ~*~*~tactically~*~*~ (stealth).
 36996 | Shoals:4 | 36996 ||| Stepping ~*~*~tactically~*~*~ (stealth).
 36998 | Shoals:4 | 36998 ||| Stepping ~*~*~tactically~*~*~ (hiding).
 37013 | Shoals:4 | 37013 ||| Stepping ~*~*~tactically~*~*~ (hiding).
 37023 | Shoals:4 | Identified the +0 broad axe of the Fifty Hosts {venom,
                  | *Noise Dex+3 Stlth+} (Okawaru gifted it to you on level 4
                  | of the Shoals)
 37023 | Shoals:4 | Received a gift from Okawaru
 37024 | Shoals:4 | Reached skill level 9 in Throwing
 37030 | Shoals:4 | 37030 ||| DROPPING +0 broad axe of the Fifty Hosts {venom,
                  | *Noise Dex+3 Stlth+}.
 37077 | Shoals:4 | 37077 ||| Stepping ~*~*~tactically~*~*~ (hiding).
 37079 | Shoals:4 | 37079 ||| Stepping ~*~*~tactically~*~*~ (hiding).
 37080 | Shoals:4 | 37080 ||| Stepping ~*~*~tactically~*~*~ (hiding).
 37107 | Shoals:4 | Paralysed by an air elemental for 1 turns
 37110 | Shoals:4 | Paralysed by an air elemental for 1 turns
 37134 | Shoals:4 | 37134 ||| Stepping ~*~*~tactically~*~*~ (stealth).
 37136 | Shoals:4 | 37136 ||| Stepping ~*~*~tactically~*~*~ (hiding).
 37137 | Shoals:4 | 37137 ||| Stepping ~*~*~tactically~*~*~ (hiding).
 37139 | Shoals:4 | 37139 ||| INVOKING Heroism.
 37140 | Shoals:4 | 37140 ||| INVOKING Finesse.
 37192 | Shoals:4 | Paralysed by an air elemental for 1 turns
 37199 | Shoals:4 | Paralysed by an air elemental for 1 turns
 37262 | Shoals:4 | 37262 ||| Stepping ~*~*~tactically~*~*~ (stealth).
 37264 | Shoals:4 | 37264 ||| Stepping ~*~*~tactically~*~*~ (stealth).
 37287 | Shoals:4 | 37287 ||| Stepping ~*~*~tactically~*~*~ (hiding).
 37442 | Shoals:4 | 37442 ||| INVOKING Heroism.
 37541 | Shoals:4 | 37541 ||| PLANNING DEPTHS
 37541 | Shoals:4 | 37541 ||| DROPPING ring of positive energy.
 37783 | Depths:1 | Entered Level 1 of the Depths
 37783 | Depths:1 | Found a magical portal.
 37784 | Depths:1 | 37784 ||| PLANNING WIZLAB
 37784 | Depths:1 | 37784 ||| INVOKING Heroism.
 37785 | Depths:1 | 37785 ||| INVOKING Finesse.
 37821 | WizLab   | Entered Lehudib's Moon Base
 37890 | WizLab   | 37890 ||| DRINKING 8 potions of curing.
 37890 | WizLab   | 37890 ||| (to cure confusion)
 37923 | WizLab   | 37923 ||| INVOKING Heroism.
 37958 | WizLab   | 37958 ||| Stepping ~*~*~tactically~*~*~ (hiding).
 37988 | WizLab   | 37988 ||| Stepping ~*~*~tactically~*~*~ (hiding).
 38004 | WizLab   | Reached XP level 23. HP: 150/156 MP: 30/30
 38056 | WizLab   | 38056 ||| Stepping ~*~*~tactically~*~*~ (stealth).
 38057 | WizLab   | 38057 ||| Stepping ~*~*~tactically~*~*~ (stealth).
 38058 | WizLab   | 38058 ||| Stepping ~*~*~tactically~*~*~ (stealth).
 38059 | WizLab   | 38059 ||| INVOKING Heroism.
 38060 | WizLab   | 38060 ||| Stepping ~*~*~tactically~*~*~ (stealth).
 38062 | WizLab   | 38062 ||| Stepping ~*~*~tactically~*~*~ (stealth).
 38067 | WizLab   | 38067 ||| DRINKING 7 potions of curing.
 38067 | WizLab   | 38067 ||| (to cure confusion)
 38073 | WizLab   | 38073 ||| Stepping ~*~*~tactically~*~*~ (stealth).
 38162 | WizLab   | 38162 ||| INVOKING Heroism.
 38165 | WizLab   | 38165 ||| Stepping ~*~*~tactically~*~*~ (stealth).
 38166 | WizLab   | 38166 ||| Stepping ~*~*~tactically~*~*~ (stealth).
 38167 | WizLab   | 38167 ||| Stepping ~*~*~tactically~*~*~ (stealth).
 38168 | WizLab   | 38168 ||| Stepping ~*~*~tactically~*~*~ (hiding).
 38240 | WizLab   | 38240 ||| Stepping ~*~*~tactically~*~*~ (stealth).
 38242 | WizLab   | 38242 ||| INVOKING Heroism.
 38243 | WizLab   | 38243 ||| INVOKING Finesse.
 38465 | WizLab   | 38465 ||| READING 11 scrolls of teleportation.
 38593 | WizLab   | 38593 ||| Stepping ~*~*~tactically~*~*~ (hiding).
 38593 | WizLab   | Found a transporter.
 38607 | WizLab   | 38607 ||| Stepping ~*~*~tactically~*~*~ (stealth).
 38642 | WizLab   | 38642 ||| Stepping ~*~*~tactically~*~*~ (hiding).
 38644 | WizLab   | 38644 ||| Stepping ~*~*~tactically~*~*~ (hiding).
 38646 | WizLab   | 38646 ||| Stepping ~*~*~tactically~*~*~ (hiding).
 38647 | WizLab   | 38647 ||| Stepping ~*~*~tactically~*~*~ (hiding).
 38656 | WizLab   | 38656 ||| Stepping ~*~*~tactically~*~*~ (hiding).
 38666 | WizLab   | 38666 ||| INVOKING Heroism.
 38673 | WizLab   | Received a gift from Okawaru
 38673 | WizLab   | Found the +15 Maxwell's patent armour {-Cast -Tele rElec
                  | Will+ rCorr}
 38730 | WizLab   | 38730 ||| Stepping ~*~*~tactically~*~*~ (hiding).
 38732 | WizLab   | 38732 ||| Stepping ~*~*~tactically~*~*~ (hiding).
 38734 | WizLab   | 38734 ||| INVOKING Heroism.
 38741 | WizLab   | Reached skill level 21 in Shields
 38749 | WizLab   | 38749 ||| Stepping ~*~*~tactically~*~*~ (hiding).
 38749 | WizLab   | Found a transporter.
 38920 | WizLab   | 38920 ||| INVOKING Heroism.
 38927 | WizLab   | 38927 ||| Stepping ~*~*~tactically~*~*~ (hiding).
 39106 | WizLab   | 39106 ||| DROPPING +1 cloak of poison resistance.
 39126 | WizLab   | 39126 ||| Stepping ~*~*~tactically~*~*~ (hiding).
 39128 | WizLab   | 39128 ||| Stepping ~*~*~tactically~*~*~ (hiding).
 39129 | WizLab   | 39129 ||| Stepping ~*~*~tactically~*~*~ (hiding).
 39130 | WizLab   | 39130 ||| Stepping ~*~*~tactically~*~*~ (hiding).
 39153 | WizLab   | Gained mutation: You are agile. (Dex +4, Str/Int -1) [a
                  | cacodemon]
 39164 | WizLab   | Paralysed by a great orb of eyes for 5 turns
 39194 | WizLab   | Identified the +6 hand axe "Quom" {vorpal, *Corrode Will+++
                  | Dex+9}
 39222 | WizLab   | 39222 ||| DROPPING +1 hat of willpower.
 39248 | Depths:1 | 39248 ||| PLANNING DEPTHS
 39290 | Depths:1 | 39290 ||| INVOKING Heroism.
 39293 | Depths:1 | 39293 ||| INVOKING Finesse.
 39391 | Depths:1 | 39391 ||| INVOKING Heroism.
 39457 | Depths:1 | Found a one-way gate to the infinite horrors of the Abyss.
 39458 | Depths:1 | 39458 ||| INVOKING Heroism.
 39533 | Depths:1 | 39533 ||| Stepping ~*~*~tactically~*~*~ (hiding).
 39544 | Depths:1 | Found a snail-covered altar of Cheibriados.
 39546 | Depths:1 | 39546 ||| INVOKING Heroism.
 39563 | Depths:1 | 39563 ||| INVOKING Finesse.
 39651 | Depths:1 | 39651 ||| INVOKING Finesse.
 39652 | Depths:1 | 39652 ||| INVOKING Heroism.
 39752 | Depths:1 | Found a gateway to Hell.
 39782 | Depths:1 | 39782 ||| INVOKING Heroism.
 39852 | Depths:1 | 39852 ||| Stepping ~*~*~tactically~*~*~ (hiding).
 39863 | Depths:1 | 39863 ||| Stepping ~*~*~tactically~*~*~ (stealth).
 39866 | Depths:1 | 39866 ||| Stepping ~*~*~tactically~*~*~ (hiding).
 39874 | Depths:1 | 39874 ||| Stepping ~*~*~tactically~*~*~ (hiding).
 39896 | Depths:1 | Found a one-way gate leading to the halls of Pandemonium.
 39897 | Depths:1 | 39897 ||| INVOKING Heroism.
 40394 | Depths:2 | 40394 ||| INVOKING Heroism.
 40395 | Depths:2 | 40395 ||| Stepping ~*~*~tactically~*~*~ (stealth).
 40433 | Depths:2 | 40433 ||| Stepping ~*~*~tactically~*~*~ (hiding).
 40453 | Depths:2 | Reached skill level 21 in Fighting
 40533 | Depths:2 | Gained mutation: You occasionally shout uncontrollably at
                  | your foes. [mutagenic glow]
 40535 | Depths:2 | 40535 ||| Stepping ~*~*~tactically~*~*~ (stealth).
 40537 | Depths:2 | 40537 ||| Stepping ~*~*~tactically~*~*~ (stealth).
 40556 | Depths:2 | 40556 ||| Stepping ~*~*~tactically~*~*~ (stealth).
 40572 | Depths:2 | 40572 ||| INVOKING Heroism.
 40587 | Depths:2 | Gained mutation: You are frail. (-10% HP) [mutagenic glow]
 40609 | Depths:2 | Received a gift from Okawaru
 40610 | Depths:2 | 40610 ||| DRINKING 9 potions of mutation.
 40610 | Depths:2 | Lost mutation: You are frail. (-10% HP) [potion of
                  | mutation]
 40610 | Depths:2 | Lost mutation: You occasionally shout uncontrollably at
                  | your foes. [potion of mutation]
 40610 | Depths:2 | Lost mutation: You are agile. (Dex +4, Str/Int -1) [potion
                  | of mutation]
 40610 | Depths:2 | Gained mutation: You are weak. (Str -2) [potion of
                  | mutation]
 40610 | Depths:2 | Gained mutation: Your magical capacity is low. (-10% MP)
                  | [potion of mutation]
 40640 | Depths:2 | 40640 ||| INVOKING Heroism.
 40642 | Depths:2 | 40642 ||| INVOKING Finesse.
 40740 | Depths:2 | 40740 ||| Stepping ~*~*~tactically~*~*~ (stealth).
 40745 | Depths:2 | 40745 ||| Stepping ~*~*~tactically~*~*~ (stealth).
 40746 | Depths:2 | 40746 ||| Stepping ~*~*~tactically~*~*~ (hiding).
 40747 | Depths:2 | 40747 ||| INVOKING Heroism.
 40756 | Depths:2 | 40756 ||| Stepping ~*~*~tactically~*~*~ (hiding).
 40805 | Depths:2 | 40805 ||| INVOKING Heroism.
 40862 | Depths:2 | 40862 ||| Stepping ~*~*~tactically~*~*~ (stealth).
 40864 | Depths:2 | 40864 ||| INVOKING Heroism.
 40870 | Depths:2 | 40870 ||| Stepping ~*~*~tactically~*~*~ (hiding).
 40896 | Depths:2 | 40896 ||| INVOKING Heroism.
 40918 | Depths:2 | Reached skill level 21 in Armour
 40991 | Depths:2 | 40991 ||| Stepping ~*~*~tactically~*~*~ (stealth).
 40993 | Depths:2 | 40993 ||| Stepping ~*~*~tactically~*~*~ (hiding).
 41005 | Depths:2 | 41005 ||| INVOKING Heroism.
 41023 | Depths:2 | 41023 ||| INVOKING Finesse.
 41060 | Depths:2 | 41060 ||| Stepping ~*~*~tactically~*~*~ (stealth).
 41077 | Depths:2 | Reached XP level 24. HP: 166/166 MP: 27/27
 41077 | Depths:2 | 41077 ||| Stepping ~*~*~tactically~*~*~ (hiding).
 41083 | Depths:2 | 41083 ||| Stepping ~*~*~tactically~*~*~ (hiding).
 41146 | Depths:2 | 41146 ||| Stepping ~*~*~tactically~*~*~ (hiding).
 41150 | Depths:2 | 41150 ||| INVOKING Heroism.
 41211 | Depths:2 | Noticed a caustic shrike
 41212 | Depths:2 | 41212 ||| INVOKING Heroism.
 41232 | Depths:2 | Killed a caustic shrike
 41242 | Depths:2 | 41242 ||| Stepping ~*~*~tactically~*~*~ (stealth).
 41261 | Depths:2 | 41261 ||| Stepping ~*~*~tactically~*~*~ (hiding).
 41277 | Depths:2 | 41277 ||| Stepping ~*~*~tactically~*~*~ (hiding).
 41285 | Depths:2 | 41285 ||| Stepping ~*~*~tactically~*~*~ (stealth).
 41286 | Depths:2 | 41286 ||| INVOKING Heroism.
 41512 | Depths:2 | Found Haikhut's General Store.
 41526 | Depths:2 | 41526 ||| BUYING 3 potions of haste (330 gold).
 41526 | Depths:2 | Bought 3 potions of haste for 330 gold pieces
 41526 | Depths:2 | 41526 ||| BUYING potion of mutation (88 gold).
 41526 | Depths:2 | Bought a potion of mutation for 88 gold pieces
 41575 | Depths:2 | 41575 ||| INVOKING Heroism.
 41686 | Depths:2 | 41686 ||| Stepping ~*~*~tactically~*~*~ (stealth).
 41706 | Depths:2 | 41706 ||| Stepping ~*~*~tactically~*~*~ (hiding).
 41858 | Depths:2 | 41858 ||| DROPPING scarf of shadows.
 41891 | Depths:3 | 41891 ||| Stepping ~*~*~tactically~*~*~ (hiding).
 42057 | Depths:3 | 42057 ||| Stepping ~*~*~tactically~*~*~ (hiding).
 42098 | Depths:3 | 42098 ||| READING 13 scrolls of teleportation.
 42283 | Depths:3 | 42283 ||| Stepping ~*~*~tactically~*~*~ (stealth).
 42337 | Depths:3 | 42337 ||| INVOKING Heroism.
 42338 | Depths:3 | 42338 ||| INVOKING Finesse.
 42431 | Depths:3 | Noticed Jory
 42474 | Depths:3 | Killed Jory
 42494 | Depths:3 | Noticed a caustic shrike
 42495 | Depths:3 | 42495 ||| INVOKING Heroism.
 42496 | Depths:3 | 42496 ||| INVOKING Finesse.
 42511 | Depths:3 | Killed a caustic shrike
 42540 | Depths:3 | Noticed a juggernaut
 42563 | Depths:3 | Killed a juggernaut
 42583 | Depths:3 | 42583 ||| Stepping ~*~*~tactically~*~*~ (stealth).
 42591 | Depths:3 | 42591 ||| Stepping ~*~*~tactically~*~*~ (hiding).
 42597 | Depths:3 | Noticed a juggernaut
 42598 | Depths:3 | 42598 ||| INVOKING Heroism.
 42599 | Depths:3 | 42599 ||| INVOKING Finesse.
 42620 | Depths:3 | Killed a juggernaut
 42620 | Depths:3 | Received a gift from Okawaru
 42657 | Depths:3 | 42657 ||| READING 12 scrolls of teleportation.
 42731 | Depths:3 | 42731 ||| INVOKING Heroism.
 42780 | Depths:3 | 42780 ||| INVOKING Heroism.
 42782 | Depths:3 | 42782 ||| INVOKING Finesse.
 42835 | Depths:3 | Identified the ring of Balance {rPois Will+ AC+4}
 43023 | Depths:3 | 43023 ||| READING scroll of enchant armour.
 43023 | Depths:3 | 43023 ||| ENCHANTING +1 helmet.
 43046 | Depths:3 | 43046 ||| UPGRADING to ring of Balance {rPois Will+ AC+4}.
 43048 | Depths:3 | 43048 ||| DROPPING +4 ring of protection.
 43121 | Depths:4 | Entered Level 4 of the Depths
 43121 | Depths:4 | Found a one-way gateway to a ziggurat.
 43133 | Depths:4 | Received a gift from Okawaru
 43175 | Depths:4 | 43175 ||| INVOKING Heroism.
 43256 | Depths:4 | 43256 ||| Stepping ~*~*~tactically~*~*~ (stealth).
 43257 | Depths:4 | 43257 ||| Stepping ~*~*~tactically~*~*~ (stealth).
 43258 | Depths:4 | 43258 ||| Stepping ~*~*~tactically~*~*~ (stealth).
 43275 | Depths:4 | 43275 ||| INVOKING Heroism.
 43297 | Depths:4 | 43297 ||| Stepping ~*~*~tactically~*~*~ (hiding).
 43352 | Depths:4 | 43352 ||| INVOKING Heroism.
 43468 | Depths:4 | 43468 ||| READING scroll of acquirement.
 43468 | Depths:4 | 43468 ||| ACQUIRING 867 gold pieces
 43468 | Depths:4 | Acquired 867 gold pieces
 43538 | Depths:4 | 43538 ||| INVOKING Heroism.
 43562 | Depths:4 | 43562 ||| Stepping ~*~*~tactically~*~*~ (hiding).
 43591 | Depths:4 | 43591 ||| Stepping ~*~*~tactically~*~*~ (stealth).
 43624 | Depths:4 | Found a gate to the Realm of Zot.
 43645 | Depths:4 | 43645 ||| Stepping ~*~*~tactically~*~*~ (hiding).
 43749 | Depths:4 | 43749 ||| INVOKING Heroism.
 43897 | Depths:4 | 43897 ||| Stepping ~*~*~tactically~*~*~ (hiding).
 43903 | Depths:4 | 43903 ||| INVOKING Heroism.
 44166 | Depths:4 | 44166 ||| PLANNING VAULTS:5
 44166 | Depths:4 | 44166 ||| DROPPING ring of magical power.
 44454 | Vaults:5 | Entered Level 5 of the Vaults
 44455 | Vaults:5 | 44455 ||| INVOKING Heroism.
 44456 | Vaults:5 | 44456 ||| STAIRDANCE
 44473 | Vaults:5 | 44473 ||| STAIRDANCE
 44487 | Vaults:4 | Received a gift from Okawaru
 44500 | Vaults:5 | 44500 ||| STAIRDANCE
 44502 | Vaults:4 | 44502 ||| INVOKING Heroism.
 44636 | Vaults:5 | 44636 ||| STAIRDANCE
 44655 | Vaults:5 | 44655 ||| STAIRDANCE
 44657 | Vaults:4 | 44657 ||| INVOKING Heroism.
 44687 | Vaults:5 | Reached XP level 25. HP: 161/176 MP: 27/27
 44692 | Vaults:5 | Noticed a dread lich
 44693 | Vaults:5 | 44693 ||| INVOKING Finesse.
 44700 | Vaults:5 | Received a gift from Okawaru
 44703 | Vaults:5 | 44703 ||| STAIRDANCE
 44741 | Vaults:5 | 44741 ||| INVOKING Heroism.
 44767 | Vaults:5 | Killed a dread lich
 44767 | Vaults:5 | Received a gift from Okawaru
 44781 | Vaults:5 | 44781 ||| STAIRDANCE
 44787 | Vaults:4 | Reached skill level 24 in Fighting
 44821 | Vaults:5 | 44821 ||| INVOKING Heroism.
 44838 | Vaults:5 | 44838 ||| STAIRDANCE
 44910 | Vaults:5 | 44910 ||| INVOKING Heroism.
 44921 | Vaults:5 | Reached skill level 12 in Throwing
 44921 | Vaults:5 | 44921 ||| STAIRDANCE
 44944 | Vaults:5 | 44944 ||| STAIRDANCE
 44962 | Vaults:5 | 44962 ||| STAIRDANCE
 44969 | Vaults:5 | 44969 ||| STAIRDANCE
 44971 | Vaults:4 | 44971 ||| INVOKING Heroism.
 45094 | Vaults:5 | 45094 ||| Stepping ~*~*~tactically~*~*~ (hiding).
 45096 | Vaults:5 | 45096 ||| Stepping ~*~*~tactically~*~*~ (hiding).
 45108 | Vaults:5 | 45108 ||| Stepping ~*~*~tactically~*~*~ (hiding).
 45230 | Vaults:5 | Identified the amulet "Zucvev" {Faith rC+ Will+ Stlth+}
 45237 | Vaults:5 | Got a silver rune of Zot
 45239 | Vaults:5 | Identified the ring "Gutuplao" {Fly Int+4}
 45279 | Vaults:5 | 45279 ||| Stepping ~*~*~tactically~*~*~ (stealth).
 45280 | Vaults:5 | 45280 ||| Stepping ~*~*~tactically~*~*~ (stealth).
 45282 | Vaults:5 | 45282 ||| Stepping ~*~*~tactically~*~*~ (hiding).
 45285 | Vaults:5 | 45285 ||| INVOKING Heroism.
 45348 | Vaults:5 | 45348 ||| Stepping ~*~*~tactically~*~*~ (stealth).
 45402 | Vaults:5 | Identified the +2 flail "Zainueq" {venom, Dex+7}
 45432 | Vaults:5 | Identified the +1 leather armour of Hofruat {Regen+ Str+2}
 45435 | Vaults:5 | Identified the +1 robe of the Sunfish {+Inv MP+9 Dex-5
                  | SInv}
 45538 | Vaults:5 | Found Kiuveenn's Distillery.
 45565 | Vaults:5 | 45565 ||| BUYING potion of cancellation (128 gold).
 45565 | Vaults:5 | Bought a potion of cancellation for 128 gold pieces
 45565 | Vaults:5 | 45565 ||| BUYING potion of curing (48 gold).
 45565 | Vaults:5 | Bought a potion of curing for 48 gold pieces
 45565 | Vaults:5 | 45565 ||| BUYING potion of curing (48 gold).
 45565 | Vaults:5 | Bought a potion of curing for 48 gold pieces
 45565 | Vaults:5 | 45565 ||| BUYING potion of lignification (48 gold).
 45565 | Vaults:5 | Bought a potion of lignification for 48 gold pieces
 45565 | Vaults:5 | 45565 ||| BUYING potion of lignification (48 gold).
 45565 | Vaults:5 | Bought a potion of lignification for 48 gold pieces
 45731 | Vaults:5 | 45731 ||| INVOKING Heroism.
 45852 | Vaults:5 | 45852 ||| DROPPING +1 pair of gloves of dexterity.
 45853 | Vaults:5 | 45853 ||| DROPPING +2 helmet of intelligence.
 46043 | Vaults:5 | 46043 ||| PLANNING SHOPPING SPREE
 46043 | Vaults:5 | 46043 ||| DROPPING +0 cloak of preservation.
 46044 | Vaults:5 | 46044 ||| DROPPING ring "Gutuplao" {Fly Int+4}.
 46432 | D:11     | 46432 ||| BUYING ring of Bonikeek {rC++ rN+ MP+9 SInv}
                  | (5290 gold).
 46432 | D:11     | Bought the ring of Bonikeek {rC++ rN+ MP+9 SInv} for 5290
                  | gold pieces
 46432 | D:11     | 46432 ||| DROPPING ring of ice.
 46433 | D:11     | 46433 ||| PLANNING ZOT:1-4
 46597 | Zot:1    | Entered Level 1 of the Realm of Zot
 46599 | Zot:1    | 46599 ||| Stepping ~*~*~tactically~*~*~ (hiding).
 46629 | Zot:1    | 46629 ||| INVOKING Heroism.
 46740 | Zot:1    | 46740 ||| INVOKING Heroism.
 46800 | Zot:1    | 46800 ||| INVOKING Heroism.
 47041 | Zot:1    | You are sucked into a shaft and drop 1 floor!
 47042 | Zot:2    | 47042 ||| INVOKING Heroism.
 47055 | Zot:2    | Received a gift from Okawaru
 47100 | Zot:2    | 47100 ||| DROPPING +1 pair of gloves of strength.
 47229 | Zot:1    | Received a gift from Okawaru
 47663 | Zot:1    | 47663 ||| Stepping ~*~*~tactically~*~*~ (hiding).
 47665 | Zot:1    | 47665 ||| INVOKING Heroism.
 47692 | Zot:1    | 47692 ||| Stepping ~*~*~tactically~*~*~ (stealth).
 47716 | Zot:1    | 47716 ||| Stepping ~*~*~tactically~*~*~ (hiding).
 47719 | Zot:1    | 47719 ||| INVOKING Heroism.
 47777 | Zot:1    | 47777 ||| INVOKING Heroism.
 47804 | Zot:1    | 47804 ||| Stepping ~*~*~tactically~*~*~ (hiding).
 47836 | Zot:1    | 47836 ||| INVOKING Heroism.
 47844 | Zot:1    | Reached XP level 26. HP: 188/188 MP: 26/27
 47855 | Zot:1    | 47855 ||| Stepping ~*~*~tactically~*~*~ (hiding).
 47938 | Zot:1    | Identified the +9 battleaxe "Visunk Totua" {pain, rElec rC-
                  | Str+4}
 48005 | Zot:1    | Identified the +6 lajatang of Reteon {spect, rElec Dex+3}
 48328 | Zot:2    | 48328 ||| INVOKING Heroism.
 48346 | Zot:2    | 48346 ||| INVOKING Heroism.
 48359 | Zot:2    | Identified the +4 plate armour of Nomuh {rElec Str+4
                  | Stlth-} (Okawaru gifted it to you on level 2 of the Realm
                  | of Zot)
 48359 | Zot:2    | Received a gift from Okawaru
 48505 | Zot:2    | 48505 ||| INVOKING Heroism.
 48518 | Zot:2    | Reached skill level 15 in Throwing
 48539 | Zot:2    | Identified the +11 morningstar "Unnok" {speed, Will+ Dex-5
                  | Stlth+}
 48621 | Zot:2    | 48621 ||| INVOKING Heroism.
 48657 | Zot:2    | 48657 ||| Stepping ~*~*~tactically~*~*~ (hiding).
 48660 | Zot:2    | 48660 ||| Stepping ~*~*~tactically~*~*~ (hiding).
 48699 | Zot:2    | 48699 ||| FLEEEEING.
 48700 | Zot:2    | 48700 ||| FLEEEEING.
 48704 | Zot:2    | 48704 ||| FLEEEEING.
 48705 | Zot:2    | 48705 ||| FLEEEEING.
 48706 | Zot:2    | 48706 ||| Stepping ~*~*~tactically~*~*~ (hiding).
 48712 | Zot:2    | 48712 ||| INVOKING Heroism.
 48862 | Zot:2    | 48862 ||| INVOKING Heroism.
 49060 | Zot:2    | 49060 ||| Stepping ~*~*~tactically~*~*~ (stealth).
 49068 | Zot:2    | 49068 ||| Stepping ~*~*~tactically~*~*~ (hiding).
 49069 | Zot:2    | 49069 ||| Stepping ~*~*~tactically~*~*~ (hiding).
 49126 | Zot:2    | 49126 ||| DROPPING +2 hat.
 49161 | Zot:3    | 49161 ||| INVOKING Heroism.
 49317 | Zot:3    | 49317 ||| Stepping ~*~*~tactically~*~*~ (stealth).
 49489 | Zot:3    | 49489 ||| INVOKING Heroism.
 49660 | Zot:3    | 49660 ||| INVOKING Heroism.
 49719 | Zot:3    | 49719 ||| INVOKING Heroism.
 49789 | Zot:3    | Found the +4 dragonskin cloak
 49789 | Zot:3    | Noticed Tiamat
 49790 | Zot:3    | 49790 ||| INVOKING Heroism.
 49791 | Zot:3    | 49791 ||| INVOKING Finesse.
 49838 | Zot:3    | Killed Tiamat
 49841 | Zot:3    | Reached skill level 9 in Dodging
 50066 | Zot:3    | 50066 ||| UPGRADING to +4 dragonskin cloak.
 50076 | Zot:3    | 50076 ||| DROPPING +2 cloak.
 50105 | Zot:4    | 50105 ||| INVOKING Heroism.
 50123 | Zot:4    | Received a gift from Okawaru
 50246 | Zot:4    | Noticed an orb of fire
 50247 | Zot:4    | 50247 ||| DRINKING 6 potions of resistance.
 50248 | Zot:4    | 50248 ||| INVOKING Heroism.
 50249 | Zot:4    | 50249 ||| INVOKING Finesse.
 50277 | Zot:4    | Killed an orb of fire
 50422 | Zot:4    | 50422 ||| Stepping ~*~*~tactically~*~*~ (hiding).
 50427 | Zot:4    | 50427 ||| INVOKING Heroism.
 50453 | Zot:4    | 50453 ||| Stepping ~*~*~tactically~*~*~ (hiding).
 50493 | Zot:4    | 50493 ||| Stepping ~*~*~tactically~*~*~ (hiding).
 50499 | Zot:4    | 50499 ||| INVOKING Heroism.
 50766 | Zot:4    | 50766 ||| Stepping ~*~*~tactically~*~*~ (hiding).
 50784 | Zot:4    | 50784 ||| Stepping ~*~*~tactically~*~*~ (hiding).
 50785 | Zot:4    | 50785 ||| Stepping ~*~*~tactically~*~*~ (hiding).
 50791 | Zot:4    | 50791 ||| INVOKING Heroism.
 50821 | Zot:4    | 50821 ||| Stepping ~*~*~tactically~*~*~ (hiding).
 50822 | Zot:4    | 50822 ||| Stepping ~*~*~tactically~*~*~ (hiding).
 51055 | Zot:4    | 51055 ||| PLANNING THE SHINING ONE WORSHIP
 51451 | Temple   | Fell from the grace of Okawaru
 51451 | Temple   | Became a worshipper of the Shining One
 51452 | Temple   | 51452 ||| PLANNING CRYPT
 51763 | Crypt:1  | Entered Level 1 of the Crypt
 51790 | Crypt:1  | 51790 ||| Stepping ~*~*~tactically~*~*~ (hiding).
 51802 | Crypt:1  | Reached * piety under the Shining One
 51865 | Crypt:1  | Reached XP level 27. HP: 196/197 MP: 28/28
 51882 | Crypt:1  | Reached skill level 12 in Invocations
 51882 | Crypt:1  | 51882 ||| Stepping randomly (cloudy).
 51883 | Crypt:1  | 51883 ||| Stepping ~*~*~tactically~*~*~ (cloud).
 51895 | Crypt:1  | 51895 ||| Stepping ~*~*~tactically~*~*~ (stealth).
 51896 | Crypt:1  | 51896 ||| Stepping ~*~*~tactically~*~*~ (stealth).
 51897 | Crypt:1  | 51897 ||| Stepping ~*~*~tactically~*~*~ (stealth).
 51947 | Crypt:1  | Reached ** piety under the Shining One
 51948 | Crypt:1  | 51948 ||| Stepping ~*~*~tactically~*~*~ (stealth).
 51950 | Crypt:1  | 51950 ||| Stepping ~*~*~tactically~*~*~ (stealth).
 52040 | Crypt:1  | 52040 ||| Stepping ~*~*~tactically~*~*~ (hiding).
 52107 | Crypt:1  | You are sucked into a shaft and drop 1 floor!
 52143 | Crypt:2  | Reached *** piety under the Shining One
 52159 | Crypt:1  | 52159 ||| Stepping ~*~*~tactically~*~*~ (stealth).
 52306 | Crypt:1  | 52306 ||| Stepping ~*~*~tactically~*~*~ (hiding).
 52309 | Crypt:1  | 52309 ||| Stepping ~*~*~tactically~*~*~ (hiding).
 52321 | Crypt:1  | 52321 ||| Stepping ~*~*~tactically~*~*~ (hiding).
 52459 | Crypt:1  | Reached **** piety under the Shining One
 52560 | Crypt:1  | 52560 ||| Stepping ~*~*~tactically~*~*~ (stealth).
 53137 | Crypt:2  | Found a glowing golden altar of the Shining One.
 53142 | Crypt:2  | Found a burning altar of Makhleb.
 53168 | Crypt:2  | 53168 ||| Stepping ~*~*~tactically~*~*~ (hiding).
 53196 | Crypt:2  | 53196 ||| Stepping ~*~*~tactically~*~*~ (stealth).
 53197 | Crypt:2  | 53197 ||| Stepping ~*~*~tactically~*~*~ (stealth).
 53266 | Crypt:2  | Reached ***** piety under the Shining One
 53356 | Crypt:2  | 53356 ||| Stepping ~*~*~tactically~*~*~ (hiding).
 53357 | Crypt:2  | 53357 ||| Stepping ~*~*~tactically~*~*~ (hiding).
 53358 | Crypt:2  | 53358 ||| Stepping ~*~*~tactically~*~*~ (hiding).
 53486 | Crypt:2  | 53486 ||| Stepping randomly (cloudy).
 53487 | Crypt:2  | 53487 ||| Stepping randomly (cloudy).
 53615 | Crypt:2  | 53615 ||| INVOKING Cleansing Flame.
 53774 | Crypt:2  | Identified the +0 leather armour of Misanthropy {Contam
                  | +Inv rF+ Regen+}
 53913 | Crypt:3  | Entered Level 3 of the Crypt
 53946 | Crypt:3  | 53946 ||| Stepping ~*~*~tactically~*~*~ (hiding).
 53947 | Crypt:3  | 53947 ||| Stepping ~*~*~tactically~*~*~ (hiding).
 53968 | Crypt:3  | Reached skill level 15 in Invocations
 53979 | Crypt:3  | 53979 ||| READING scroll of enchant armour.
 53979 | Crypt:3  | 53979 ||| ENCHANTING +1 pair of boots.
 54047 | Crypt:3  | Reached ****** piety under the Shining One
 54055 | Crypt:3  | 54055 ||| INVOKING Brand Weapon With Holy Wrath.
 54055 | Crypt:3  | Identified a +7 broad axe of holy wrath (a +5 vampiric
                  | broad axe blessed by the Shining One)
 54055 | Crypt:3  | Received a gift from the Shining One
 54173 | Crypt:3  | 54173 ||| Stepping ~*~*~tactically~*~*~ (stealth).
 54174 | Crypt:3  | 54174 ||| Stepping ~*~*~tactically~*~*~ (stealth).
 54250 | Crypt:3  | 54250 ||| READING 13 scrolls of teleportation.
 54402 | Crypt:3  | Found the +8 Wrath of Trog {antimagic, *Rage Rampage}
 54544 | Crypt:3  | 54544 ||| READING 12 scrolls of teleportation.
 54701 | Crypt:3  | 54701 ||| Stepping ~*~*~tactically~*~*~ (stealth).
 54708 | Crypt:3  | 54708 ||| Stepping ~*~*~tactically~*~*~ (hiding).
 54908 | Crypt:3  | 54908 ||| Stepping ~*~*~tactically~*~*~ (stealth).
 54909 | Crypt:3  | 54909 ||| Stepping ~*~*~tactically~*~*~ (stealth).
 54946 | Crypt:3  | 54946 ||| READING 11 scrolls of teleportation.
 55213 | Crypt:3  | Identified the +10 whip of Nuukij {vorpal, Int+3 Stlth+}
 55340 | Crypt:3  | 55340 ||| Stepping ~*~*~tactically~*~*~ (stealth).
 55383 | Crypt:3  | Found a staircase to the Tomb.
 55384 | Crypt:3  | 55384 ||| Stepping ~*~*~tactically~*~*~ (hiding).
 55385 | Crypt:3  | 55385 ||| Stepping ~*~*~tactically~*~*~ (hiding).
 55388 | Crypt:3  | 55388 ||| INVOKING Cleansing Flame.
 55389 | Crypt:3  | 55389 ||| INVOKING Summon Divine Warrior.
 55531 | Crypt:3  | Found an ancient bone altar of Kikubaaqudgha.
 55534 | Crypt:3  | 55534 ||| INVOKING Summon Divine Warrior.
 55537 | Crypt:3  | 55537 ||| INVOKING Cleansing Flame.
 55539 | Crypt:3  | 55539 ||| INVOKING Cleansing Flame.
 55540 | Crypt:3  | 55540 ||| INVOKING Cleansing Flame.
 55577 | Crypt:3  | Noticed an ancient lich
 55588 | Crypt:3  | Killed an ancient lich
 55798 | Crypt:3  | 55798 ||| PLANNING TOMB
 55798 | Crypt:3  | 55798 ||| SWAPPING to +7 broad axe of holy wrath.
 55799 | Crypt:3  | 55799 ||| READING 2 scrolls of enchant weapon.
 55799 | Crypt:3  | 55799 ||| ENCHANTING +7 broad axe of holy wrath.
 55800 | Crypt:3  | 55800 ||| READING scroll of enchant weapon.
 55800 | Crypt:3  | 55800 ||| ENCHANTING +8 broad axe of holy wrath.
 55837 | Tomb:1   | Entered Level 1 of the Tomb of the Ancients
 55885 | Tomb:1   | 55885 ||| INVOKING Cleansing Flame.
 55934 | Tomb:1   | 55934 ||| Stepping ~*~*~tactically~*~*~ (stealth).
 55945 | Tomb:1   | 55945 ||| Stepping ~*~*~tactically~*~*~ (hiding).
 55998 | Tomb:1   | 55998 ||| Stepping ~*~*~tactically~*~*~ (stealth).
 56000 | Tomb:1   | 56000 ||| Stepping ~*~*~tactically~*~*~ (stealth).
 56002 | Tomb:1   | 56002 ||| Stepping ~*~*~tactically~*~*~ (stealth).
 56121 | Tomb:1   | Reached skill level 18 in Invocations
 56531 | Tomb:1   | 56531 ||| INVOKING Cleansing Flame.
 56532 | Tomb:1   | 56532 ||| INVOKING Cleansing Flame.
 56545 | Tomb:1   | 56545 ||| INVOKING Cleansing Flame.
 56546 | Tomb:1   | 56546 ||| Stepping randomly (cloudy).
 56549 | Tomb:1   | Noticed a royal mummy
 56550 | Tomb:1   | 56550 ||| INVOKING Summon Divine Warrior.
 56556 | Tomb:1   | Killed a royal mummy
 56780 | Tomb:1   | 56780 ||| DROPPING +0 vorpal broad axe.
 56953 | Tomb:2   | 56953 ||| DRINKING 21 potions of haste.
 56954 | Tomb:2   | 56954 ||| DRINKING 8 potions of attraction.
 56957 | Tomb:2   | Noticed a royal mummy
 56957 | Tomb:2   | Noticed a royal mummy
 56958 | Tomb:2   | 56958 ||| INVOKING Summon Divine Warrior.
 56959 | Tomb:2   | Noticed a royal mummy
 56960 | Tomb:2   | Noticed a royal mummy
 56962 | Tomb:2   | Noticed a royal mummy
 56968 | Tomb:2   | 56968 ||| INVOKING Cleansing Flame.
 56969 | Tomb:2   | 56969 ||| INVOKING Cleansing Flame.
 56970 | Tomb:2   | 56970 ||| INVOKING Cleansing Flame.
 56970 | Tomb:2   | Killed a royal mummy
 56970 | Tomb:2   | Killed a royal mummy
 56970 | Tomb:2   | Killed a royal mummy
 56970 | Tomb:2   | Killed a royal mummy
 56971 | Tomb:2   | Killed a royal mummy
 57059 | Tomb:2   | 57059 ||| INVOKING Cleansing Flame.
 57074 | Tomb:2   | 57074 ||| INVOKING Cleansing Flame.
 57075 | Tomb:2   | 57075 ||| INVOKING Cleansing Flame.
 57083 | Tomb:2   | 57083 ||| INVOKING Cleansing Flame.
 57084 | Tomb:2   | 57084 ||| INVOKING Cleansing Flame.
 57355 | Tomb:2   | 57355 ||| DROPPING scarf of repulsion.
 57397 | Tomb:1   | Noticed a royal mummy
 57398 | Tomb:1   | 57398 ||| INVOKING Summon Divine Warrior.
 57399 | Tomb:1   | Noticed a royal mummy
 57401 | Tomb:1   | 57401 ||| INVOKING Cleansing Flame.
 57401 | Tomb:1   | Noticed a royal mummy
 57403 | Tomb:1   | Killed a royal mummy
 57404 | Tomb:1   | Noticed a royal mummy
 57407 | Tomb:1   | Noticed a royal mummy
 57407 | Tomb:1   | Noticed a royal mummy
 57409 | Tomb:1   | Killed a royal mummy
 57412 | Tomb:1   | Noticed a royal mummy
 57415 | Tomb:1   | 57415 ||| INVOKING Cleansing Flame.
 57415 | Tomb:1   | HP: 49/197 [??? (9)]
 57416 | Tomb:1   | 57416 ||| READING 12 scrolls of teleportation.
 57417 | Tomb:1   | 57417 ||| INVOKING Cleansing Flame.
 57418 | Tomb:1   | 57418 ||| DRINKING 9 potions of heal wounds.
 57598 | Tomb:1   | 57598 ||| INVOKING Summon Divine Warrior.
 57602 | Tomb:1   | Killed a royal mummy
 57603 | Tomb:1   | Reached skill level 21 in Invocations
 57606 | Tomb:1   | Killed a royal mummy
 57607 | Tomb:1   | 57607 ||| INVOKING Cleansing Flame.
 57608 | Tomb:1   | 57608 ||| INVOKING Cleansing Flame.
 57608 | Tomb:1   | Killed a royal mummy
 57614 | Tomb:1   | Noticed a royal mummy
 57620 | Tomb:1   | Noticed a royal mummy
 57621 | Tomb:1   | Killed a royal mummy
 57623 | Tomb:1   | 57623 ||| INVOKING Cleansing Flame.
 57624 | Tomb:1   | 57624 ||| INVOKING Cleansing Flame.
 57625 | Tomb:1   | 57625 ||| INVOKING Cleansing Flame.
 57626 | Tomb:1   | 57626 ||| INVOKING Summon Divine Warrior.
 57629 | Tomb:1   | Killed a royal mummy
 57630 | Tomb:1   | Killed a royal mummy
 57633 | Tomb:1   | Killed a royal mummy
 57744 | Tomb:1   | Noticed a royal mummy
 57748 | Tomb:1   | 57748 ||| INVOKING Cleansing Flame.
 57749 | Tomb:1   | 57749 ||| INVOKING Cleansing Flame.
 57750 | Tomb:1   | 57750 ||| INVOKING Cleansing Flame.
 57751 | Tomb:1   | 57751 ||| INVOKING Cleansing Flame.
 57752 | Tomb:1   | 57752 ||| INVOKING Cleansing Flame.
 57752 | Tomb:1   | Killed a royal mummy
 57760 | Tomb:1   | Noticed a royal mummy
 57763 | Tomb:1   | Noticed a royal mummy
 57765 | Tomb:1   | 57765 ||| INVOKING Cleansing Flame.
 57766 | Tomb:1   | 57766 ||| INVOKING Cleansing Flame.
 57766 | Tomb:1   | Killed a royal mummy
 57768 | Tomb:1   | 57768 ||| INVOKING Cleansing Flame.
 57769 | Tomb:1   | 57769 ||| DRINKING 7 potions of magic.
 57770 | Tomb:1   | 57770 ||| INVOKING Cleansing Flame.
 57771 | Tomb:1   | 57771 ||| INVOKING Cleansing Flame.
 57772 | Tomb:1   | 57772 ||| INVOKING Cleansing Flame.
 57773 | Tomb:1   | 57773 ||| INVOKING Cleansing Flame.
 57773 | Tomb:1   | Killed a royal mummy
 57786 | Tomb:1   | 57786 ||| INVOKING Summon Divine Warrior.
 57946 | Tomb:1   | Noticed a royal mummy
 57947 | Tomb:1   | 57947 ||| INVOKING Summon Divine Warrior.
 57948 | Tomb:1   | Noticed a royal mummy
 57950 | Tomb:1   | 57950 ||| INVOKING Cleansing Flame.
 57956 | Tomb:1   | Killed a royal mummy
 57957 | Tomb:1   | 57957 ||| INVOKING Cleansing Flame.
 57957 | Tomb:1   | Noticed a royal mummy
 57958 | Tomb:1   | 57958 ||| INVOKING Cleansing Flame.
 57959 | Tomb:1   | 57959 ||| INVOKING Cleansing Flame.
 57959 | Tomb:1   | Killed a royal mummy
 57962 | Tomb:1   | 57962 ||| INVOKING Cleansing Flame.
 57963 | Tomb:1   | 57963 ||| INVOKING Cleansing Flame.
 57964 | Tomb:1   | 57964 ||| DRINKING 6 potions of magic.
 57964 | Tomb:1   | Noticed a royal mummy
 57965 | Tomb:1   | 57965 ||| INVOKING Summon Divine Warrior.
 57968 | Tomb:1   | Killed a royal mummy
 57970 | Tomb:1   | 57970 ||| INVOKING Cleansing Flame.
 57973 | Tomb:1   | Killed a royal mummy
 58259 | Tomb:1   | 58259 ||| READING 11 scrolls of teleportation.
 58532 | Tomb:2   | 58532 ||| INVOKING Cleansing Flame.
 58533 | Tomb:2   | 58533 ||| INVOKING Cleansing Flame.
 58566 | Tomb:2   | 58566 ||| INVOKING Cleansing Flame.
 58568 | Tomb:2   | 58568 ||| INVOKING Summon Divine Warrior.
 58569 | Tomb:2   | 58569 ||| INVOKING Cleansing Flame.
 58575 | Tomb:2   | 58575 ||| INVOKING Cleansing Flame.
 58711 | Tomb:3   | Entered Level 3 of the Tomb of the Ancients
 58712 | Tomb:3   | 58712 ||| DRINKING 20 potions of haste.
 58713 | Tomb:3   | 58713 ||| DRINKING 8 potions of attraction.
 58747 | Tomb:3   | Was forgiven by Okawaru
 58751 | Tomb:3   | Noticed a royal mummy
 58752 | Tomb:3   | 58752 ||| INVOKING Summon Divine Warrior.
 58753 | Tomb:3   | 58753 ||| INVOKING Summon Divine Warrior.
 58754 | Tomb:3   | 58754 ||| INVOKING Summon Divine Warrior.
 58755 | Tomb:3   | 58755 ||| INVOKING Summon Divine Warrior.
 58756 | Tomb:3   | Noticed a royal mummy
 58758 | Tomb:3   | 58758 ||| DRINKING 5 potions of magic.
 58759 | Tomb:3   | 58759 ||| INVOKING Summon Divine Warrior.
 58761 | Tomb:3   | 58761 ||| INVOKING Cleansing Flame.
 58762 | Tomb:3   | 58762 ||| INVOKING Cleansing Flame.
 58764 | Tomb:3   | 58764 ||| INVOKING Cleansing Flame.
 58765 | Tomb:3   | 58765 ||| INVOKING Cleansing Flame.
 58766 | Tomb:3   | 58766 ||| INVOKING Cleansing Flame.
 58767 | Tomb:3   | 58767 ||| INVOKING Cleansing Flame.
 58772 | Tomb:3   | HP: 49/197 [??? (9)]
 58773 | Tomb:3   | 58773 ||| READING 10 scrolls of teleportation.
 58774 | Tomb:3   | 58774 ||| DRINKING 8 potions of heal wounds.
 58775 | Tomb:3   | Killed a royal mummy
 58775 | Tomb:3   | Noticed a royal mummy
 58776 | Tomb:3   | 58776 ||| INVOKING Cleansing Flame.
 58780 | Tomb:3   | 58780 ||| DRINKING 4 potions of magic.
 58781 | Tomb:3   | 58781 ||| INVOKING Cleansing Flame.
 58782 | Tomb:3   | 58782 ||| INVOKING Cleansing Flame.
 58787 | Tomb:3   | 58787 ||| INVOKING Cleansing Flame.
 58788 | Tomb:3   | 58788 ||| INVOKING Summon Divine Warrior.
 58790 | Tomb:3   | Killed a royal mummy
 58793 | Tomb:3   | 58793 ||| INVOKING Cleansing Flame.
 58793 | Tomb:3   | Killed a royal mummy
 58802 | Tomb:3   | 58802 ||| INVOKING Cleansing Flame.
 58803 | Tomb:3   | Noticed a royal mummy
 58804 | Tomb:3   | 58804 ||| INVOKING Cleansing Flame.
 58805 | Tomb:3   | Reached skill level 24 in Invocations
 58807 | Tomb:3   | Noticed a royal mummy
 58810 | Tomb:3   | 58810 ||| INVOKING Cleansing Flame.
 58814 | Tomb:3   | Killed a royal mummy
 58817 | Tomb:3   | Killed a royal mummy
 59057 | Tomb:3   | 59057 ||| INVOKING Cleansing Flame.
 59058 | Tomb:3   | 59058 ||| INVOKING Cleansing Flame.
 59142 | Tomb:3   | 59142 ||| INVOKING Cleansing Flame.
 59149 | Tomb:3   | Noticed a royal mummy
 59150 | Tomb:3   | 59150 ||| INVOKING Cleansing Flame.
 59151 | Tomb:3   | Killed a royal mummy
 59157 | Tomb:3   | Noticed a royal mummy
 59159 | Tomb:3   | Noticed a royal mummy
 59164 | Tomb:3   | Killed a royal mummy
 59165 | Tomb:3   | Killed a royal mummy
 59232 | Tomb:3   | 59232 ||| INVOKING Cleansing Flame.
 59269 | Tomb:3   | Got a golden rune of Zot
 59309 | Tomb:3   | Noticed a royal mummy
 59311 | Tomb:3   | 59311 ||| INVOKING Cleansing Flame.
 59312 | Tomb:3   | 59312 ||| INVOKING Cleansing Flame.
 59313 | Tomb:3   | 59313 ||| INVOKING Cleansing Flame.
 59314 | Tomb:3   | 59314 ||| INVOKING Cleansing Flame.
 59314 | Tomb:3   | Killed a royal mummy
 59406 | Tomb:3   | Identified the +1 robe "Wono" {rElec rPois rF+ Dex+2}
 59415 | Tomb:3   | Found the +8 lance "Wyrmbane" {slay drac, rPois rF+ rC+
                  | AC+3}
 59418 | Tomb:3   | Found the +7 lajatang of Order {silver, rMut}
 59470 | Tomb:3   | Identified the amulet "Xov Kire" {Acrobat Str+3}
 59472 | Tomb:3   | Identified the +11 quarterstaff of the Warrior-Mage
                  | {vorpal, rC- Str+2 Dex+3}
 59496 | Tomb:3   | Identified the +4 plate armour "Ozaxtu" {Rampage rPois
                  | Slay+2}
 59501 | Tomb:3   | Identified the +8 scimitar of Shame {freeze, Dex+4}
 59504 | Tomb:3   | 59504 ||| DROPPING +0 antimagic broad axe.
 59542 | Tomb:3   | 59542 ||| PLANNING PAN
 59542 | Tomb:3   | 59542 ||| DROPPING amulet "Xov Kire" {Acrobat Str+3}.
 59543 | Tomb:3   | 59543 ||| DROPPING +6 ring of intelligence.
 60103 | Pan      | Entered the realm of Gloorx Vloq.
 60103 | Pan      | Entered Pandemonium
 60243 | Pan      | 60243 ||| Stepping ~*~*~tactically~*~*~ (stealth).
 60245 | Pan      | 60245 ||| Stepping ~*~*~tactically~*~*~ (stealth).
 60290 | Pan      | 60290 ||| Stepping ~*~*~tactically~*~*~ (stealth).
 60293 | Pan      | 60293 ||| Stepping ~*~*~tactically~*~*~ (stealth).
 60294 | Pan      | 60294 ||| Stepping ~*~*~tactically~*~*~ (stealth).
 60455 | Pan      | 60455 ||| Stepping ~*~*~tactically~*~*~ (stealth).
 60456 | Pan      | 60456 ||| Stepping ~*~*~tactically~*~*~ (stealth).
 60459 | Pan      | 60459 ||| Stepping ~*~*~tactically~*~*~ (stealth).
 60496 | Pan      | 60496 ||| Stepping ~*~*~tactically~*~*~ (stealth).
 60503 | Pan      | 60503 ||| Stepping ~*~*~tactically~*~*~ (stealth).
 60529 | Pan      | 60529 ||| Stepping ~*~*~tactically~*~*~ (stealth).
 60568 | Pan      | 60568 ||| Stepping ~*~*~tactically~*~*~ (stealth).
 60590 | Pan      | 60590 ||| Stepping ~*~*~tactically~*~*~ (stealth).
 60610 | Pan      | Noticed Mennas
 60611 | Pan      | 60611 ||| INVOKING Summon Divine Warrior.
 60630 | Pan      | 60630 ||| INVOKING Summon Divine Warrior.
 60637 | Pan      | Killed Mennas
 61099 | Pan      | Noticed Gloorx Vloq
 61103 | Pan      | 61103 ||| INVOKING Cleansing Flame.
 61116 | Pan      | Killed Gloorx Vloq
 61126 | Pan      | 61126 ||| INVOKING Cleansing Flame.
 61127 | Pan      | 61127 ||| INVOKING Cleansing Flame.
 61128 | Pan      | 61128 ||| INVOKING Cleansing Flame.
 61194 | Pan      | Got a dark rune of Zot
 61473 | Pan      | Gained mutation: You are dopey. (Int -2) [a neqoxec]
 61700 | Pan      | 61700 ||| Stepping ~*~*~tactically~*~*~ (hiding).
 61711 | Pan      | Reached skill level 1 in Short Blades
 61751 | Pan      | 61751 ||| Stepping ~*~*~tactically~*~*~ (stealth).
 61753 | Pan      | 61753 ||| Stepping ~*~*~tactically~*~*~ (stealth).
 61760 | Pan      | 61760 ||| Stepping ~*~*~tactically~*~*~ (stealth).
 61761 | Pan      | 61761 ||| Stepping ~*~*~tactically~*~*~ (stealth).
 61838 | Pan      | 61838 ||| Stepping ~*~*~tactically~*~*~ (stealth).
 61839 | Pan      | 61839 ||| Stepping ~*~*~tactically~*~*~ (stealth).
 61941 | Pan      | 61941 ||| DROPPING +2 pair of gloves.
 61942 | Pan      | 61942 ||| DROPPING ring of willpower.
 61978 | Pan      | Noticed Utreit the pandemonium lord
 61979 | Pan      | 61979 ||| INVOKING Summon Divine Warrior.
 61982 | Pan      | 61982 ||| INVOKING Cleansing Flame.
 61983 | Pan      | 61983 ||| INVOKING Cleansing Flame.
 61990 | Pan      | Killed Utreit the pandemonium lord
 61991 | Pan      | Reached skill level 3 in Short Blades
 62083 | Pan      | 62083 ||| Stepping randomly (cloudy).
 62084 | Pan      | 62084 ||| Stepping randomly (cloudy).
 62085 | Pan      | 62085 ||| Stepping randomly (cloudy).
 62099 | Pan      | Found an exit through the horrors of the Abyss.
 62121 | Pan      | 62121 ||| INVOKING Cleansing Flame.
 62160 | Pan      | 62160 ||| Stepping ~*~*~tactically~*~*~ (hiding).
 62162 | Pan      | 62162 ||| Stepping ~*~*~tactically~*~*~ (hiding).
 62186 | Pan      | 62186 ||| Stepping ~*~*~tactically~*~*~ (hiding).
 62189 | Pan      | 62189 ||| Stepping ~*~*~tactically~*~*~ (hiding).
 62191 | Pan      | 62191 ||| Stepping ~*~*~tactically~*~*~ (hiding).
 62192 | Pan      | 62192 ||| Stepping ~*~*~tactically~*~*~ (hiding).
 62193 | Pan      | 62193 ||| Stepping ~*~*~tactically~*~*~ (hiding).
 62387 | Pan      | 62387 ||| Stepping ~*~*~tactically~*~*~ (stealth).
 62471 | Pan      | 62471 ||| Stepping ~*~*~tactically~*~*~ (hiding).
 62517 | Pan      | 62517 ||| Stepping ~*~*~tactically~*~*~ (stealth).
 62648 | Pan      | 62648 ||| Stepping ~*~*~tactically~*~*~ (stealth).
 62755 | Pan      | 62755 ||| Stepping ~*~*~tactically~*~*~ (stealth).
 62760 | Pan      | 62760 ||| Stepping ~*~*~tactically~*~*~ (stealth).
 62763 | Pan      | 62763 ||| Stepping ~*~*~tactically~*~*~ (stealth).
 62804 | Pan      | Reached skill level 27 in Invocations
 62961 | Pan      | 62961 ||| Stepping ~*~*~tactically~*~*~ (stealth).
 62962 | Pan      | 62962 ||| Stepping ~*~*~tactically~*~*~ (stealth).
 62963 | Pan      | 62963 ||| Stepping ~*~*~tactically~*~*~ (stealth).
 62964 | Pan      | 62964 ||| Stepping ~*~*~tactically~*~*~ (stealth).
 62997 | Pan      | 62997 ||| Stepping ~*~*~tactically~*~*~ (stealth).
 62998 | Pan      | 62998 ||| Stepping ~*~*~tactically~*~*~ (stealth).
 63040 | Pan      | 63040 ||| INVOKING Cleansing Flame.
 63041 | Pan      | 63041 ||| INVOKING Cleansing Flame.
 63054 | Pan      | 63054 ||| INVOKING Summon Divine Warrior.
 63057 | Pan      | 63057 ||| INVOKING Cleansing Flame.
 63058 | Pan      | 63058 ||| INVOKING Cleansing Flame.
 63274 | Pan      | Identified the +6 spear of Animal Spirits {vorpal, Str+3}
 63303 | Pan      | 63303 ||| INVOKING Summon Divine Warrior.
 63306 | Pan      | 63306 ||| INVOKING Cleansing Flame.
 63307 | Pan      | 63307 ||| INVOKING Cleansing Flame.
 63377 | Pan      | 63377 ||| INVOKING Summon Divine Warrior.
 63377 | Pan      | Identified the +6 tower shield "Icucuo" {rPois}
 63447 | Pan      | 63447 ||| INVOKING Cleansing Flame.
 63448 | Pan      | 63448 ||| INVOKING Cleansing Flame.
 63507 | Pan      | 63507 ||| Stepping ~*~*~tactically~*~*~ (stealth).
 63527 | Pan      | 63527 ||| Stepping ~*~*~tactically~*~*~ (stealth).
 63556 | Pan      | 63556 ||| INVOKING Summon Divine Warrior.
 63557 | Pan      | 63557 ||| INVOKING Cleansing Flame.
 63561 | Pan      | Noticed Githranott the pandemonium lord
 63565 | Pan      | 63565 ||| INVOKING Cleansing Flame.
 63566 | Pan      | 63566 ||| INVOKING Cleansing Flame.
 63567 | Pan      | 63567 ||| INVOKING Cleansing Flame.
 63568 | Pan      | 63568 ||| INVOKING Summon Divine Warrior.
 63572 | Pan      | Killed Githranott the pandemonium lord
 63817 | Pan      | 63817 ||| Stepping ~*~*~tactically~*~*~ (hiding).
 63855 | Pan      | Found a runed translucent door.
 63856 | Pan      | 63856 ||| Stepping ~*~*~tactically~*~*~ (stealth).
 63857 | Pan      | 63857 ||| Stepping ~*~*~tactically~*~*~ (stealth).
 63859 | Pan      | 63859 ||| Stepping ~*~*~tactically~*~*~ (stealth).
 63866 | Pan      | 63866 ||| INVOKING Summon Divine Warrior.
 63872 | Pan      | 63872 ||| INVOKING Cleansing Flame.
 63882 | Pan      | Found an exit through the horrors of the Abyss.
 63931 | Pan      | Gained mutation: You sometimes lose your temper in combat.
                  | [a neqoxec]
 63933 | Pan      | 63933 ||| DRINKING 12 potions of mutation.
 63933 | Pan      | Lost mutation: You are weak. (Str -2) [potion of mutation]
 63933 | Pan      | Lost mutation: You sometimes lose your temper in combat.
                  | [potion of mutation]
 63933 | Pan      | Gained mutation: You are partially covered in large bone
                  | plates. (SH +4) [potion of mutation]
 63933 | Pan      | Gained mutation: Armour fits poorly on your strangely
                  | shaped body. [potion of mutation]
 63933 | Pan      | Gained mutation: You expend magic power (3 MP) to
                  | strengthen your wands. [potion of mutation]
 63934 | Pan      | 63934 ||| DRINKING 11 potions of mutation.
 63934 | Pan      | Lost mutation: You expend magic power (3 MP) to strengthen
                  | your wands. [potion of mutation]
 63934 | Pan      | Lost mutation: Armour fits poorly on your strangely shaped
                  | body. [potion of mutation]
 63934 | Pan      | Gained mutation: You occasionally shout uncontrollably at
                  | your foes. [potion of mutation]
 63934 | Pan      | Gained mutation: Your flesh is heat resistant. (rF+)
                  | [potion of mutation]
 63934 | Pan      | Gained mutation: You have large cloven feet. [potion of
                  | mutation]
 63934 | Pan      | Gained mutation: You expend magic power (3 MP) to
                  | strengthen your wands. [potion of mutation]
 64030 | Pan      | Reached skill level 24 in Armour
 64069 | Pan      | Found a runed translucent door.
 64073 | Pan      | Found a runed translucent door.
 64099 | Pan      | Found a runed translucent door.
 64465 | Pan      | 64465 ||| DROPPING +2 hat.
 64469 | Pan      | Noticed Homut the pandemonium lord
 64470 | Pan      | 64470 ||| INVOKING Cleansing Flame.
 64471 | Pan      | 64471 ||| INVOKING Cleansing Flame.
 64472 | Pan      | 64472 ||| INVOKING Cleansing Flame.
 64472 | Pan      | Killed Homut the pandemonium lord
 64530 | Pan      | Identified the +6 scimitar of the Ancients {venom, Dex+2}
 64573 | Pan      | 64573 ||| Stepping ~*~*~tactically~*~*~ (hiding).
 64585 | Pan      | 64585 ||| Stepping ~*~*~tactically~*~*~ (hiding).
 64600 | Pan      | Noticed Gutopor the pandemonium lord
 64601 | Pan      | 64601 ||| INVOKING Summon Divine Warrior.
 64609 | Pan      | Killed Gutopor the pandemonium lord
 64646 | Pan      | Gained mutation: You are weak. (Str -2) [a neqoxec]
 64654 | Pan      | 64654 ||| Stepping randomly (cloudy).
 64655 | Pan      | 64655 ||| Stepping ~*~*~tactically~*~*~ (cloud).
 64889 | Pan      | 64889 ||| INVOKING Cleansing Flame.
 65000 | Pan      | Identified the +0 leather armour "Neic" {rN+ Str+3 Stlth+}
 65305 | Pan      | Found an exit through the horrors of the Abyss.
 65315 | Pan      | 65315 ||| INVOKING Cleansing Flame.
 65396 | Pan      | 65396 ||| Stepping ~*~*~tactically~*~*~ (hiding).
 65397 | Pan      | 65397 ||| Stepping ~*~*~tactically~*~*~ (hiding).
 65479 | Pan      | 65479 ||| Stepping ~*~*~tactically~*~*~ (hiding).
 65490 | Pan      | 65490 ||| Stepping ~*~*~tactically~*~*~ (hiding).
 65494 | Pan      | 65494 ||| INVOKING Cleansing Flame.
 65664 | Pan      | 65664 ||| Stepping ~*~*~tactically~*~*~ (stealth).
 65666 | Pan      | 65666 ||| Stepping ~*~*~tactically~*~*~ (hiding).
 66020 | Pan      | 66020 ||| Stepping ~*~*~tactically~*~*~ (stealth).
 66029 | Pan      | 66029 ||| INVOKING Summon Divine Warrior.
 66040 | Pan      | 66040 ||| INVOKING Summon Divine Warrior.
 66047 | Pan      | Noticed Weenah the pandemonium lord
 66048 | Pan      | 66048 ||| INVOKING Cleansing Flame.
 66053 | Pan      | 66053 ||| INVOKING Summon Divine Warrior.
 66058 | Pan      | 66058 ||| INVOKING Summon Divine Warrior.
 66061 | Pan      | 66061 ||| INVOKING Summon Divine Warrior.
 66077 | Pan      | Killed Weenah the pandemonium lord
 66095 | Pan      | 66095 ||| Stepping randomly (cloudy).
 66101 | Pan      | 66101 ||| Stepping ~*~*~tactically~*~*~ (cloud).
 66124 | Pan      | Got a demonic rune of Zot
 66381 | Pan      | Gained mutation: Your magical capacity is very low. (-20%
                  | MP) [a cacodemon]
 66499 | Pan      | Found an exit through the horrors of the Abyss.
 66570 | Pan      | 66570 ||| UPGRADING to +1 tower shield of protection.
 66571 | Pan      | 66571 ||| UPGRADING to +1 tower shield of protection.
 66578 | Pan      | 66578 ||| DRINKING 6 potions of resistance.
 66579 | Pan      | 66579 ||| INVOKING Summon Divine Warrior.
 66580 | Pan      | 66580 ||| INVOKING Cleansing Flame.
 66584 | Pan      | 66584 ||| UPGRADING to +1 tower shield of protection.
 66587 | Pan      | 66587 ||| UPGRADING to +1 tower shield of protection.
 66595 | Pan      | 66595 ||| UPGRADING to +1 tower shield of protection.
 66600 | Pan      | 66600 ||| DROPPING +0 tower shield.
 66601 | Pan      | 66601 ||| READING 13 scrolls of teleportation.
 66603 | Pan      | Noticed Tegid the pandemonium lord
 66638 | Pan      | 66638 ||| INVOKING Cleansing Flame.
 66694 | Pan      | 66694 ||| INVOKING Cleansing Flame.
 66695 | Pan      | 66695 ||| INVOKING Cleansing Flame.
 66695 | Pan      | Killed Tegid the pandemonium lord
 66744 | Pan      | 66744 ||| READING 12 scrolls of teleportation.
 66773 | Pan      | 66773 ||| READING 11 scrolls of teleportation.
 66796 | Pan      | 66796 ||| DRINKING 5 potions of resistance.
 66809 | Pan      | 66809 ||| INVOKING Cleansing Flame.
 66810 | Pan      | 66810 ||| INVOKING Cleansing Flame.
 66824 | Pan      | 66824 ||| INVOKING Cleansing Flame.
 66825 | Pan      | 66825 ||| INVOKING Cleansing Flame.
 66842 | Pan      | Entered the realm of Cerebov.
 66853 | Pan      | Identified the ring of Foodeb {+Blink rF+}
 66860 | Pan      | 66860 ||| Stepping ~*~*~tactically~*~*~ (hiding).
 66882 | Pan      | Reached skill level 27 in Fighting
 66883 | Pan      | 66883 ||| Stepping ~*~*~tactically~*~*~ (hiding).
 66945 | Pan      | 66945 ||| Stepping ~*~*~tactically~*~*~ (hiding).
 66967 | Pan      | Identified the +3 ring mail of Responsibility {rCorr
                  | Slay+3}
 66993 | Pan      | 66993 ||| Stepping ~*~*~tactically~*~*~ (hiding).
 67023 | Pan      | 67023 ||| Stepping ~*~*~tactically~*~*~ (stealth).
 67024 | Pan      | 67024 ||| Stepping ~*~*~tactically~*~*~ (stealth).
 67026 | Pan      | 67026 ||| Stepping ~*~*~tactically~*~*~ (stealth).
 67028 | Pan      | 67028 ||| Stepping ~*~*~tactically~*~*~ (stealth).
 67037 | Pan      | 67037 ||| Stepping ~*~*~tactically~*~*~ (hiding).
 67063 | Pan      | Identified the +4 flail of Vengeance {pain, *Noise Fly
                  | Dex+4}
 67082 | Pan      | 67082 ||| Stepping ~*~*~tactically~*~*~ (hiding).
 67084 | Pan      | 67084 ||| Stepping ~*~*~tactically~*~*~ (hiding).
 67227 | Pan      | 67227 ||| Stepping ~*~*~tactically~*~*~ (hiding).
 67327 | Pan      | 67327 ||| Stepping ~*~*~tactically~*~*~ (stealth).
 67329 | Pan      | 67329 ||| Stepping ~*~*~tactically~*~*~ (hiding).
 67516 | Pan      | 67516 ||| Stepping ~*~*~tactically~*~*~ (stealth).
 67519 | Pan      | 67519 ||| Stepping ~*~*~tactically~*~*~ (hiding).
 67526 | Pan      | 67526 ||| Stepping ~*~*~tactically~*~*~ (hiding).
 67691 | Pan      | Paralysed by accursed screaming for 1 turns
 67865 | Pan      | 67865 ||| Stepping ~*~*~tactically~*~*~ (stealth).
 67866 | Pan      | 67866 ||| Stepping ~*~*~tactically~*~*~ (stealth).
 67950 | Pan      | 67950 ||| Stepping ~*~*~tactically~*~*~ (stealth).
 67960 | Pan      | 67960 ||| Stepping ~*~*~tactically~*~*~ (hiding).
 67961 | Pan      | 67961 ||| Stepping ~*~*~tactically~*~*~ (hiding).
 68015 | Pan      | 68015 ||| Stepping ~*~*~tactically~*~*~ (stealth).
 68060 | Pan      | Identified the ring "Butitonu" {MP+9 Dex+3}
 68070 | Pan      | Found the +6 sword of Cerebov {flame}
 68070 | Pan      | Noticed Cerebov
 68071 | Pan      | 68071 ||| DRINKING 19 potions of haste.
 68072 | Pan      | 68072 ||| DRINKING 4 potions of resistance.
 68073 | Pan      | 68073 ||| INVOKING Summon Divine Warrior.
 68074 | Pan      | 68074 ||| DRINKING 14 potions of might.
 68076 | Pan      | 68076 ||| INVOKING Cleansing Flame.
 68077 | Pan      | 68077 ||| INVOKING Cleansing Flame.
 68078 | Pan      | 68078 ||| INVOKING Cleansing Flame.
 68100 | Pan      | Killed Cerebov
 68196 | Pan      | Got a fiery rune of Zot
 68225 | Pan      | 68225 ||| Stepping ~*~*~tactically~*~*~ (stealth).
 68233 | Pan      | 68233 ||| Stepping ~*~*~tactically~*~*~ (hiding).
 68235 | Pan      | 68235 ||| Stepping ~*~*~tactically~*~*~ (hiding).
 68269 | Pan      | 68269 ||| Stepping ~*~*~tactically~*~*~ (hiding).
 68280 | Pan      | Reached skill level 6 in Short Blades
 68293 | Pan      | 68293 ||| Stepping ~*~*~tactically~*~*~ (hiding).
 68297 | Pan      | 68297 ||| INVOKING Cleansing Flame.
 68298 | Pan      | 68298 ||| INVOKING Summon Divine Warrior.
 68337 | Pan      | Found an exit through the horrors of the Abyss.
 68802 | Pan      | 68802 ||| Stepping ~*~*~tactically~*~*~ (hiding).
 69014 | Pan      | 69014 ||| INVOKING Summon Divine Warrior.
 69446 | Pan      | 69446 ||| Stepping ~*~*~tactically~*~*~ (stealth).
 69447 | Pan      | 69447 ||| Stepping ~*~*~tactically~*~*~ (stealth).
 69449 | Pan      | 69449 ||| Stepping ~*~*~tactically~*~*~ (hiding).
 69553 | Pan      | 69553 ||| Stepping ~*~*~tactically~*~*~ (stealth).
 69555 | Pan      | 69555 ||| Stepping ~*~*~tactically~*~*~ (hiding).
 69645 | Pan      | 69645 ||| Stepping ~*~*~tactically~*~*~ (stealth).
 69647 | Pan      | 69647 ||| Stepping ~*~*~tactically~*~*~ (hiding).
 69649 | Pan      | 69649 ||| Stepping ~*~*~tactically~*~*~ (hiding).
 69650 | Pan      | 69650 ||| Stepping ~*~*~tactically~*~*~ (hiding).
 69676 | Pan      | 69676 ||| Stepping ~*~*~tactically~*~*~ (stealth).
 69678 | Pan      | 69678 ||| Stepping ~*~*~tactically~*~*~ (hiding).
 69683 | Pan      | 69683 ||| Stepping ~*~*~tactically~*~*~ (stealth).
 69718 | Pan      | 69718 ||| INVOKING Summon Divine Warrior.
 70051 | Pan      | 70051 ||| INVOKING Cleansing Flame.
 70198 | Pan      | 70198 ||| Stepping ~*~*~tactically~*~*~ (stealth).
 70199 | Pan      | 70199 ||| Stepping ~*~*~tactically~*~*~ (stealth).
 70200 | Pan      | 70200 ||| Stepping ~*~*~tactically~*~*~ (stealth).
 70203 | Pan      | 70203 ||| Stepping ~*~*~tactically~*~*~ (hiding).
 70204 | Pan      | 70204 ||| Stepping ~*~*~tactically~*~*~ (hiding).
 70240 | Pan      | 70240 ||| Stepping ~*~*~tactically~*~*~ (hiding).
 70244 | Pan      | 70244 ||| INVOKING Summon Divine Warrior.
 70316 | Pan      | 70316 ||| INVOKING Cleansing Flame.
 70441 | Pan      | Entered the realm of Lom Lobon.
 70467 | Pan      | Reached skill level 27 in Armour
 70467 | Pan      | 70467 ||| Stepping ~*~*~tactically~*~*~ (hiding).
 70470 | Pan      | 70470 ||| INVOKING Cleansing Flame.
 70471 | Pan      | 70471 ||| INVOKING Cleansing Flame.
 70472 | Pan      | 70472 ||| INVOKING Summon Divine Warrior.
 70552 | Pan      | Noticed Lom Lobon
 70553 | Pan      | 70553 ||| DRINKING 19 potions of haste.
 70554 | Pan      | 70554 ||| DRINKING 13 potions of might.
 70556 | Pan      | 70556 ||| DROPPING amulet of guardian spirit.
 70557 | Pan      | 70557 ||| DROPPING ring of Foodeb {+Blink rF+}.
 70558 | Pan      | 70558 ||| DROPPING ring "Butitonu" {MP+9 Dex+3}.
 70559 | Pan      | 70559 ||| Stepping randomly (cloudy).
 70560 | Pan      | 70560 ||| INVOKING Cleansing Flame.
 70561 | Pan      | 70561 ||| INVOKING Cleansing Flame.
 70562 | Pan      | 70562 ||| INVOKING Cleansing Flame.
 70563 | Pan      | 70563 ||| INVOKING Summon Divine Warrior.
 70567 | Pan      | 70567 ||| INVOKING Summon Divine Warrior.
 70572 | Pan      | Killed from afar by Lom Lobon

Levels and vault maps discovered:
D:1:      ldierk_water_garden, layout_loops_ring
D:2:      layout_loops_corners, basic_altar, uniq_jessica, uniq_natasha
D:3:      layout_basic
D:4:      layout_gridville, mainiacjoe_overflow_six_doors_small,
          lemuel_round_altar
D:5:      layout_basic, grunt_qazlal_sundering, vehumet_altar_wand_db,
          nicolae_temple_entry_ecumenical, nrook_mini_vaults, uniq_grinder,
          uniq_edmund, uniq_duvessa
D:6:      layout_cave_pools, mainiacjoe_overflow_small_starburst,
          eino_tiny_chamber
D:7:      layout_gridville, serial_shops, nicolae_stop_n_shop_2
D:8:      layout_loops_ring, gammafunk_temple_overflow_forgotten
D:9:      layout_big_octagon, due_lair_maze_entry_diamond, serial_shops,
          kennysheep_mini_moat
D:10:     layout_loops_ring, grunt_ministairs_3
D:11:     layout_layer_cave, nicolae_gozag_zags_fifth_avenue
D:12:     layout_irregular_city, orc_0_dummy, serial_shops, nicolae_shop_crystal
D:13:     layout_irregular_city
D:14:     cross_vault, layout_basic, grunt_vaults_entry_fortified,
          nicolae_cairo_tiling_large, uniq_louise, uniq_roxanne, uniq_rupert
D:15:     gammafunk_depths_entry_grave, layout_loops_ring, pf_eden, uniq_nessos,
          uniq_kirke
Temple:   eino_narrow_crystal_temple
Lair:1:   layout_cave_shapes, nicolae_volcano_entry_hallway,
          chequers_serial_rivers_large_b, st_stairs_12
Lair:2:   layout_regular_city, minmay_shoals_entry_centaurs,
          nicolae_spider_entry_tight_spaces
Lair:3:   layout_regular_city
Lair:4:   lemuel_reptile_caves, layout_regular_city, dpeg_slime_entry_corner
Lair:5:   grunt_lair_end_beastmaster, layout_concentric_octagons,
          dreamdust_mushroom_princess, serial_bayou_lagoon_b,
          lemuel_fruit_fields, infiniplex_staircase_pool_2, uniq_urug
Shoals:1: layout_shoals, uniq_jorgrun, uniq_nikola
Shoals:2: layout_shoals, nicolae_shoals_isolated_beach
Shoals:3: layout_shoals, serial_shops, shop, ldierk_geyser, uniq_polyphemus,
          uniq_bai_suzhen
Shoals:4: shoals_end_hellmonk_storm_palace [storm_palace_center_ruins,
          storm_palace_corner_reverse_hut, storm_palace_corner_blocked,
          storm_palace_corner_narrow, storm_palace_corner_reverse_hut]
Spider:1: layout_spider_delve, uniq_aizul, uniq_donald
Spider:2: layout_cave_pods, uniq_arachne
Spider:3: layout_spider_delve, uniq_agnes, uniq_asterion
Spider:4: floodkiller_spider_rune_tomb, drop_trap,
          nicolae_spider_some_kinda_spiderbox
Orc:1:    layout_diamond_mine, portal_ice_cave_entry_ice_simulacra
Orc:2:    st_orc_ogre_mass, layout_diamond_mine
Vaults:1: ontoclasm_vaults_idyll, ontoclasm_vaults_chip, v_misc_31,
          vaults_room_grid, nicolae_vaults_network_quincunx
          [nicolae_vaults_network_quincunx_subvault,
          nicolae_vaults_network_quincunx_subvault,
          nicolae_vaults_network_quincunx_subvault,
          nicolae_vaults_network_quincunx_subvault,
          nicolae_vaults_network_quincunx_subvault], hangedman_vaults_pinch,
          nicolae_vaults_yaktaur_gun_rack, vaults_dpeg_diagonal,
          vaults_room_semicircle, dpeg_vaults_monster_box, v_misc_19,
          dpeg_vaults_waves, nicolae_vaults_rhombus_7,
          nicolae_vaults_little_squares_3, layout_vaults_omnibox
Vaults:2: nicolae_vaults_diagonal_hallway_9, v_misc_23, serial_ice_m, v_misc_4,
          grunt_vaults_swirl, nicolae_vaults_little_squares_5, v_misc_3,
          ontoclasm_vaults_decontamination, layout_vaults_chaotic_city,
          serial_shops, nicolae_shop_trees
Vaults:3: v_misc_2, minmay_crypt_entry_simple_sparse,
          nicolae_vaults_little_squares_1, ontoclasm_vaults_chip,
          nicolae_vaults_border_crossing, hangedman_vaults_variations,
          v_pattern_3, nicolae_vaults_little_squares_5, vaults_room_grid,
          ontoclasm_vaults_chip, st_spiral_rooms, layout_vaults_big_cross
Vaults:4: portal_desolation_entry_twin_temple, hangedman_vaults_river_flow,
          v_misc_18, hangedman_vaults_hat, v_misc_19, v_alt_pattern_1,
          vaults_room_boxed, vaults_room_hallway, ontoclasm_vaults_twist,
          nicolae_vaults_little_squares_4, nicolae_vaults_little_squares_6,
          layout_vaults_ring, serial_shops, nicolae_shop_advertising_works
          [nicolae_subvault_shop_adworks]
Vaults:5
Crypt:1:  layout_catacombs, nicolae_crypt_small_crypt, st_stairs_6
Crypt:2:  layout_misc_corridors, serial_sigils_hangedman_gnaw,
          grunt_ministairs_9, st_stairs_12, minmay_misc_feat_ornament,
          nzn_life_drinkers
Crypt:3:  quadcrypt_mu
Tomb:1
Tomb:2
Tomb:3
Depths:1: layout_basic, minmay_room_of_horrors, mu_enter_wizlab_4,
          grunt_pan_entry_in_and_out, hell_entry, glass_columns_a,
          kennysheep_minor_cross, grunt_ministairs_9, slow_altar_1
Depths:2: minmay_three_patterns, layout_basic, grunt_pan_entry_sceptre,
          minivault_14, serial_shops, nicolae_inconvenience_store, hell_entry
Depths:3: minmay_tile_spiral, layout_gridville, serial_bayou_pond_a, hell_entry,
          abyss_entry, infiniplex_staircase_zigzag_4, uniq_jory
Depths:4: evilmike_zot_entry_diamond, layout_gridlike, enter_ziggurat_e,
          pf_coc_iceberg, nicolae_water_bricks
Zot:1:    minmay_elemental_castle, layout_basic
Zot:2:    layout_onion_interference, bh_zot_lava_cross
Zot:3:    layout_cellular_growth, uniq_tiamat
Zot:4:    layout_gridlike
Pan:      gloorx_vloq_st, layout_irregular_city, uniq_mennas_pan, rand_demon_5,
          layout_irregular_city, grunt_pan_spiral, layout_basic,
          evilmike_mini_pan_pillars_b, layout_pan_divisions_a
          [pan_division_quadrant_a3, pan_division_quadrant_a4,
          pan_division_quadrant_a2, pan_division_quadrant_a3,
          pan_division_octagon_empty], pan_blood_fountain, rand_demon_7,
          layout_pan_divisions_a [pan_division_quadrant_a3,
          pan_division_quadrant_a3, pan_division_quadrant_a4,
          pan_division_quadrant_a2, pan_division_octagon_rings],
          pan_blood_fountain, nicolae_pan_door_chamber, layout_basic,
          grunt_pan_frozen_over, layout_gridlike, grunt_pan_sceptre,
          layout_small_grid, nicolae_pan_giant_door, layout_small_grid,
          pan_blood_fountain_small, evilmike_mini_pan_pillars_b,
          layout_gridville, nicolae_pan_gloorx_vloqian_1, nicolae_pan_hourglass,
          layout_pan_divisions_a [pan_division_quadrant_a3,
          pan_division_quadrant_a3, pan_division_quadrant_a3,
          pan_division_quadrant_a2, pan_division_octagon_rings],
          nicolae_pan_cerebovesque_1, cerebov_grunt_fire_and_steel,
          layout_small_grid, evilmike_mini_pan_T, layout_stronghold, lom_lobon,
          layout_long_grid, pan_blood_fountain_small, nicolae_pan_sigil_itan

Skill      XL: |  1  2  3  4  5  6  7  8  9 10 11 12 13 14 15 16 17 18 19 20 21 22 23 24 25 26 27 |
---------------+----------------------------------------------------------------------------------+-----
Axes           | 2 3 4 5 6 7 8 9 10 11 13 14 15 16 17 18 | 18.0
Fighting       | 4 5 6 7 8 9 10 11 12 13 15 16 17 19 20 21 23 25 26 27 | 27.0
Dodging        | 1 2 3 4 5 6 8 9 |  9.0
Armour         | 4 5 6 8 9 11 12 13 15 17 18 19 21 22 27 | 27.0
Invocations    | 3 4 5 9 10 11 27 | 27.0
Throwing       | 1 2 4 5 6 8 10 11 14 15 16 | 16.3
Shields        | 4 5 6 7 11 14 17 18 19 20 21 22 23 | 23.1
Short Blades   | 7 |  7.6

Action                   |  1- 3 |  4- 6 |  7- 9 | 10-12 | 13-15 | 16-18 | 19-21 | 22-24 | 25-27 || total
-------------------------+-------+-------+-------+-------+-------+-------+-------+-------+-------++-------
Melee: War axe           |    27 |   219 |   340 |   513 |       |       |       |       |       ||  1099
       Broad axe         |       |       |       |    74 |  1070 |  1451 |  1161 |  2373 |  3652 ||  9781
       Morningstar       |       |       |       |       |    37 |       |       |       |       ||    37
Throw: Boomerang         |       |       |    26 |    93 |   115 |   173 |    71 |    53 |    43 ||   574
       Javelin           |       |       |       |     4 |    85 |     2 |    28 |    67 |   357 ||   543
Invok: Heroism           |       |       |     9 |    27 |    41 |    47 |    31 |    55 |    30 ||   240
       Finesse           |       |       |       |     4 |    13 |    23 |     3 |    15 |     3 ||    61
       Cleansing Flame   |       |       |       |       |       |       |       |       |   118 ||   118
       Summon Divine War |       |       |       |       |       |       |       |       |    41 ||    41
       Brand Weapon With |       |       |       |       |       |       |       |       |     1 ||     1
  Use: Scroll            |       |    11 |     7 |     6 |     7 |     3 |     3 |     5 |    12 ||    54
       Potion            |       |     4 |     4 |     3 |       |     2 |     1 |     5 |    20 ||    39
 Stab: Petrified         |       |       |       |     2 |       |     1 |       |       |       ||     3
       Petrifying        |       |       |       |       |       |     3 |       |       |       ||     3
       Held in net/web   |       |       |       |       |       |     1 |       |       |       ||     1
Armor: Scale mail        |    12 |    21 |       |       |       |       |       |       |       ||    33
       Chain mail        |       |    90 |    37 |       |       |       |       |       |       ||   127
       Plate armour      |       |       |   258 |   373 |   607 |   644 |   425 |   707 |  1897 ||  4911
       Skin              |       |       |       |     6 |       |       |       |       |       ||     6
Dodge: Dodged            |     7 |    81 |   106 |   150 |   306 |   297 |   194 |   313 |   734 ||  2188
Block: Buckler           |     4 |    32 |    76 |   129 |    96 |       |       |       |       ||   337
       Kite shield       |       |       |       |       |   222 |       |       |       |       ||   222
       Tower shield      |       |       |       |       |   170 |  1593 |  1143 |  1670 |  3470 ||  8046
       Reflection        |       |       |       |       |     4 |    73 |    70 |    44 |    98 ||   289

Table legend:
 A = Non-vault XP
 B = Vault XP
 C = Vault XP percentage of total XP
 D = Non-vault monster count
 E = Vault monster count
 F = Vault count percentage of total count
                 A         B        C        D         E       F
            +---------+---------+-------+---------+---------+-------
      Total |  995143 |  979834 |  49.6 |    1823 |    1200 |  39.7
            +---------+---------+-------+---------+---------+-------
        D:1 |      38 |       0 |   0.0 |      23 |       0 |   0.0
        D:2 |      86 |      72 |  45.6 |      21 |       2 |   8.7
        D:3 |     263 |       0 |   0.0 |      14 |       0 |   0.0
        D:4 |     251 |       0 |   0.0 |       7 |       0 |   0.0
        D:5 |     437 |     393 |  47.3 |      13 |       4 |  23.5
        D:6 |     876 |       0 |   0.0 |      21 |       0 |   0.0
        D:7 |    1449 |     277 |  16.0 |      23 |       1 |   4.2
        D:8 |    2251 |       0 |   0.0 |      37 |       0 |   0.0
        D:9 |    3034 |    1413 |  31.8 |      21 |       9 |  30.0
       D:10 |    2206 |     193 |   8.0 |      15 |       4 |  21.1
       D:11 |    4368 |       0 |   0.0 |      17 |       0 |   0.0
       D:12 |    5524 |       0 |   0.0 |      16 |       0 |   0.0
       D:13 |    8307 |       0 |   0.0 |      26 |       0 |   0.0
       D:14 |    9807 |   16774 |  63.1 |      23 |      19 |  45.2
       D:15 |    3566 |   10459 |  74.6 |       9 |      15 |  62.5
     Lair:1 |    4334 |     264 |   5.7 |      17 |       1 |   5.6
     Lair:2 |    3365 |    1787 |  34.7 |      16 |       9 |  36.0
     Lair:3 |    8939 |       0 |   0.0 |      21 |       0 |   0.0
     Lair:4 |   10926 |    2467 |  18.4 |      37 |      30 |  44.8
     Lair:5 |   12950 |   11455 |  46.9 |      40 |      23 |  36.5
   Shoals:1 |   18518 |    3953 |  17.6 |      36 |       2 |   5.3
   Shoals:2 |    6770 |    1390 |  17.0 |      12 |       3 |  20.0
   Shoals:3 |   21033 |    7593 |  26.5 |      39 |       6 |  13.3
   Shoals:4 |   16044 |   24891 |  60.8 |      41 |      49 |  54.4
   Spider:1 |   21134 |    2635 |  11.1 |      61 |       2 |   3.2
   Spider:2 |   17448 |    2164 |  11.0 |      38 |       1 |   2.6
   Spider:3 |   17013 |    3137 |  15.6 |      29 |       2 |   6.5
   Spider:4 |   15402 |   33285 |  68.4 |      38 |      65 |  63.1
      Orc:1 |    6308 |     386 |   5.8 |      54 |       8 |  12.9
      Orc:2 |    2785 |   13452 |  82.8 |      40 |      30 |  42.9
   Vaults:1 |   17545 |   31405 |  64.2 |      36 |      39 |  52.0
   Vaults:2 |   21926 |   12031 |  35.4 |      33 |      18 |  35.3
   Vaults:3 |   28877 |   33930 |  54.0 |      44 |      43 |  49.4
   Vaults:4 |   34694 |   58685 |  62.8 |      43 |      65 |  60.2
   Vaults:5 |    8447 |   55631 |  86.8 |      12 |      50 |  80.6
    Crypt:1 |   34909 |     194 |   0.6 |      52 |       1 |   1.9
    Crypt:2 |   24081 |    4185 |  14.8 |      32 |       4 |  11.1
    Crypt:3 |       0 |   49352 | 100.0 |       0 |      81 | 100.0
     Tomb:1 |   15867 |   98444 |  86.1 |      30 |      62 |  67.4
     Tomb:2 |    4028 |   63118 |  94.0 |      13 |      84 |  86.6
     Tomb:3 |   20441 |   62178 |  75.3 |      46 |      59 |  56.2
   Depths:1 |   32665 |   10844 |  24.9 |      40 |      29 |  42.0
   Depths:2 |   48875 |   25375 |  34.2 |      61 |      25 |  29.1
   Depths:3 |    3784 |   46088 |  92.4 |       4 |      27 |  87.1
   Depths:4 |   26570 |   11767 |  30.7 |      31 |      10 |  24.4
      Zot:1 |   34942 |   26599 |  43.2 |      32 |      17 |  34.7
      Zot:2 |   50297 |       0 |   0.0 |      45 |       0 |   0.0
      Zot:3 |   28576 |   17896 |  38.5 |      24 |      14 |  36.8
      Zot:4 |   42739 |       0 |   0.0 |      28 |       0 |   0.0
        Pan |  289220 |  144460 |  33.3 |     409 |     133 |  24.5
     WizLab |    1228 |   43437 |  97.3 |       3 |      53 |  94.6
 Desolation |       0 |   45775 | 100.0 |       0 |     101 | 100.0
            +---------+---------+-------+---------+---------+-------
